Workbook
Name ad: '[1]Model Settings'!$C$4
Name AdditionalPolicyCost_Domestic: '[2]Policy billing'!$D$4
Name Area: #REF!
Name AutoGen_Capacity1: [2]Autogeneration!$C$12
Name AutoGen_Capacity2: [2]Autogeneration!$D$12
Name AutoGen_Capacity3: [2]Autogeneration!$E$12
Name AutoGen_Capacity4: [2]Autogeneration!$F$12
Name AutoGen_LoadFactor1: [3]Autogeneration!$C$8
Name AutoGen_LoadFactor2: [3]Autogeneration!$D$8
Name AutoGen_LoadFactor3: [4]Autogeneration!$E$8
Name AutoGen_LoadFactor4: [2]Autogeneration!$F$8
Name AvSiteCapacity: '[5]IRR Calc'!$F$19
Name B_Regs: '[6]Source Numbers for Master Lists'!$J$13:$J$17
Name C_T: '[6]Source Numbers for Master Lists'!$J$42:$J$43
Name CapPay1_AnnualMaxCapacity: '[2]Capacity Payment 1'!$C$11
Name CapPay1_ChargeBack: '[2]Capacity Payment 1'!$C$9
Name CapPay1_HurdleRateAdjustment: '[2]Capacity Payment 1'!$D$17
Name CapPay1_Index: '[2]Capacity Payment 1'!$C$17
Name CapPay1_Payment_Matrix: '[2]Capacity Payment 1'!$G$6
Name CapPay1_Switch_String: '[2]Capacity Payment 1'!$B$4
Name CapPay1_Tech: '[2]Capacity Payment 1'!$B$17
Name CarbonEmissions: #REF!
Name CarbonPrice_ChargeBack: #REF!
Name CBA_end: '[7]CBA control'!$C$19
Name CBA_start: '[7]CBA control'!$C$18
Name ccl: '[6]Source Numbers for Master Lists'!$J$21:$J$22
Name CfD1_AnnualMaxCapacity: '[2]CfD 1'!$C$15
Name CfD1_ChargeBack: '[2]CfD 1'!$C$13
Name CfD1_HurdleRateAdjustment: '[2]CfD 1'!$D$23
Name CfD1_Index: '[2]CfD 1'!$C$23
Name CfD1_Payment_Matrix: '[2]CfD 1'!$G$6
Name CfD1_PaymentType_String: '[2]CfD 1'!$C$9
Name CfD1_Switch_String: '[2]CfD 1'!$B$4
Name CfD1_Tech: '[2]CfD 1'!$B$23
Name CfD1_UpsideOption: '[2]CfD 1'!$C$11
Name CfD11_AllowForDistortion: #REF!
Name CfD11_AnnualMaxCapacity: #REF!
Name CfD11_ChargeBack: #REF!
Name CfD11_HurdleRateAdjustment: #REF!
Name CfD11_Index: #REF!
Name CfD11_Name_String: #REF!
Name CfD11_Payment_Matrix: #REF!
Name CfD11_PaymentType_String: #REF!
Name CfD11_ReferencePriceType: #REF!
Name CfD11_Switch_String: #REF!
Name CfD11_Tech: #REF!
Name CfD11_UpsideOption: #REF!
Name CfD19_AllowForDistortion: #REF!
Name CfD19_AnnualMaxCapacity: #REF!
Name CfD19_ChargeBack: #REF!
Name CfD19_HurdleRateAdjustment: #REF!
Name CfD19_Index: #REF!
Name CfD19_MerchantPPA_Matrix: #REF!
Name CfD19_Name_String: #REF!
Name CfD19_Payment_Matrix: #REF!
Name CfD19_PaymentType_String: #REF!
Name CfD19_ReferencePriceType: #REF!
Name CfD19_Switch_String: #REF!
Name CfD19_Tech: #REF!
Name CfD19_UpsideOption: #REF!

Sheet USER GUIDE
C6: Key
D7: User input
D8: Pick list
D9: Output
C12: User guide | O12: Assumptions
C13: Background: This tool was developed to help the Community Energy Group in Matlock asses the financial suitability of a solar PV installation. This user guide will help explain the tool, as well as how to use it. The tool works in two separate ways: 1. Allows the user to assess the two priority sites chosen in the study (Twiggs Stores & Highfields Upper) 2. Create a new model to assess the financial viability a new site The instructions differ if assessing a new site to the study sites: If assessing Twiggs/Highfields: 1. Select either site from the tabs at the bottom of the excel sheet. 2. After selecting either site a number of inputs will be automatically generated (in green), this data comes is coded into the sheet and comes from the study undertaken on these two sites. 3. Jump to section 1 - If there are any additional CAPEX costs, input them here. 4. On section 2 - Input any additional OPEX costs associated with the project. Additionally, input the annual CE allocated income. 5. Section 3 - Repex is included within year 11 for Twiggs and Highfields. 3. Jump to Section 4 - Electricity Revenue Streams in the inputs. Here, input the proposed electricity sale prices - 15p/kWh = .£150/MWh 4. Complete the inputs in Section 5 - External Variables 5. The above three steps will populate the financial OUTPUTS as well as the CASHFLOW TABLE and GRAPH 6. Modify the inputs to model certain financial scenarios If assessing a new site: 1. Select "New site" from tabs at the bottom of the excel sheet. 2. Input the proposed system size, electricity consumption, and solar radiance* 3. Fill in the boxes in red under Section 1 - CAPEX . (If there is nothing to input for one of these i.e., no DNO cost then input 0). 4. Fill in Section 2 - OPEX. 5. Complete the Section 3 - REPEX. This accounts for repair costs within a selected year during the project. (Again, if there is no repex leave this blank and input N/A in the inverter replacement dropdown). 6. Complete Section 4 - Electricity Revenue Streams in the inputs. Here, input the proposed electricity sale prices - 15p/kWh = .£150/MWh 7. Complete the inputs in Section 5 - External Variables 8. The above three steps will populate the financial OUTPUTS as well as the CASHFLOW TABLE and GRAPH 9. Modify the inputs to model certain financial scenarios To reset the dashboard. Simply clear all the data already inputed in the orange input cells. *To calculate an areas solar radiance (kWp) use this website: https://re.jrc.ec.europa.eu/pvg_tools/en/tools.html#PVP simply input postcode and find the kWp value. **Note also the key above this user guide. Which should aid in identifying which cells in the dashboard need filling. | O13: Site Selection - This dropdown accounts for the amount of electricity that will be consumed on site vs exported to the grid. For example, if a building is open weekdays only (5/7 days per week) 71% of the electricity will be consumed on site and 29% exported to the grid. This is a percentage of the annual electricty generation (cell H11). Electricity Revenue Streams - There are two different electricty revenue streams per site - Revenue stream 1 is the income generated from electricity sales back to the site. The price of this revenue stream is dictated in cell D30 and will be multiplied by the amount of electricty consumed on site (as mentioned above). - Revenue stream 2 is the income generated from electricity exports back to the grid via a secondary PPA. The price of this is dictated in cell D31 and will be multiplied by the amount of electricy exported to the grid (as mentioned above). Systems Costs - CAPEX: hardware and installation costs - OPEX: maintenance costs for the solar PV system - REPEX: repair/replacement costs of the solar PV system All costs have been assumed by using recent softmarket testing and industry specific experience. All costs should be refined by contacting a solar PV installer who will be able to provide site specific, updated quotes. Investor ROI - The percentage return given to investors has been divided over the full duration of the energy contract, 20 years. Using the example, 4% return on a £100k investment over 20 years. An Investor will receive £4k over the duration of the energy contract. This will be £5k per month as well as their dividend of £200. This equates to £5,200 for 20 years.

Sheet Investor table
D6: Investor table | E6: Amount invested (£) | F6: Proportion owned | G6: Yearly return (£) | H6: Total income (£) | I6: Total profit (£) | J6: SPB | K6: Column1
D8: SUM | E8: =SUM(E11:E100) -> 115250 | F8: =SUM(F11:F100) -> #DIV/0! | G8: =SUM(G10:G100) -> #DIV/0! | H8: =SUM(H10:H100) -> #DIV/0! | I8: =SUM(I10:I100) -> #DIV/0! | J8: =(E8/G8) -> #DIV/0!
D10: CEG | E10: N/A | F10: N/A | G10: ='New Site'!R18 -> 0 | H10: =G10*'New Site'!N10 -> 0 | I10: =G10*'New Site'!N10 -> 0
D11: Investor A | E11: 1500 | F11: =E11/'New Site'!$D$21 -> #DIV/0! | G11: =F11*'Site - NS'!$F$53 -> #DIV/0! | H11: =G11*'New Site'!$N$10 -> #DIV/0! | I11: =(G11*'New Site'!$N$10)-E11 -> #DIV/0! | J11: =(E11/G11) -> #DIV/0! | M11: <=Not currently working
D12: Investor B | E12: 3000 | F12: =E12/'New Site'!$D$21 -> #DIV/0! | G12: =F12*'Site - NS'!$F$53 -> #DIV/0! | H12: =G12*'New Site'!$N$10 -> #DIV/0! | I12: =(G12*'New Site'!$N$10)-E12 -> #DIV/0! | J12: =(E12/G12) -> #DIV/0!
D13: Investor C | E13: 7800 | F13: =E13/'New Site'!$D$21 -> #DIV/0! | G13: =F13*'Site - NS'!$F$53 -> #DIV/0! | H13: =G13*'New Site'!$N$10 -> #DIV/0! | I13: =(G13*'New Site'!$N$10)-E13 -> #DIV/0! | J13: =(E13/G13) -> #DIV/0!
D14: Investor D | E14: 700 | F14: =E14/'New Site'!$D$21 -> #DIV/0! | G14: =F14*'Site - NS'!$F$53 -> #DIV/0! | H14: =G14*'New Site'!$N$10 -> #DIV/0! | I14: =(G14*'New Site'!$N$10)-E14 -> #DIV/0! | J14: =(E14/G14) -> #DIV/0!
D15: Investor E | E15: 1600 | F15: =E15/'New Site'!$D$21 -> #DIV/0! | G15: =F15*'Site - NS'!$F$53 -> #DIV/0! | H15: =G15*'New Site'!$N$10 -> #DIV/0! | I15: =(G15*'New Site'!$N$10)-E15 -> #DIV/0! | J15: =(E15/G15) -> #DIV/0!
D16: Investor F | E16: 3200 | F16: =E16/'New Site'!$D$21 -> #DIV/0! | G16: =F16*'Site - NS'!$F$53 -> #DIV/0! | H16: =G16*'New Site'!$N$10 -> #DIV/0! | I16: =(G16*'New Site'!$N$10)-E16 -> #DIV/0! | J16: =(E16/G16) -> #DIV/0!
D17: Investor G | E17: 2100 | F17: =E17/'New Site'!$D$21 -> #DIV/0! | G17: =F17*'Site - NS'!$F$53 -> #DIV/0! | H17: =G17*'New Site'!$N$10 -> #DIV/0! | I17: =(G17*'New Site'!$N$10)-E17 -> #DIV/0! | J17: =(E17/G17) -> #DIV/0!
D18: Investor H | E18: 550 | F18: =E18/'New Site'!$D$21 -> #DIV/0! | G18: =F18*'Site - NS'!$F$53 -> #DIV/0! | H18: =G18*'New Site'!$N$10 -> #DIV/0! | I18: =(G18*'New Site'!$N$10)-E18 -> #DIV/0! | J18: =(E18/G18) -> #DIV/0!
D19: Investor I | E19: 1000 | F19: =E19/'New Site'!$D$21 -> #DIV/0! | G19: =F19*'Site - NS'!$F$53 -> #DIV/0! | H19: =G19*'New Site'!$N$10 -> #DIV/0! | I19: =(G19*'New Site'!$N$10)-E19 -> #DIV/0! | J19: =(E19/G19) -> #DIV/0!
D20: Investor J | E20: 900 | F20: =E20/'New Site'!$D$21 -> #DIV/0! | G20: =F20*'Site - NS'!$F$53 -> #DIV/0! | H20: =G20*'New Site'!$N$10 -> #DIV/0! | I20: =(G20*'New Site'!$N$10)-E20 -> #DIV/0! | J20: =(E20/G20) -> #DIV/0!
D21: Investor K | E21: 1400 | F21: =E21/'New Site'!$D$21 -> #DIV/0! | G21: =F21*'Site - NS'!$F$53 -> #DIV/0! | H21: =G21*'New Site'!$N$10 -> #DIV/0! | I21: =(G21*'New Site'!$N$10)-E21 -> #DIV/0! | J21: =(E21/G21) -> #DIV/0!
D22: Investor L | E22: 5500 | F22: =E22/'New Site'!$D$21 -> #DIV/0! | G22: =F22*'Site - NS'!$F$53 -> #DIV/0! | H22: =G22*'New Site'!$N$10 -> #DIV/0! | I22: =(G22*'New Site'!$N$10)-E22 -> #DIV/0! | J22: =(E22/G22) -> #DIV/0!
D23: Investor M | E23: 6000 | F23: =E23/'New Site'!$D$21 -> #DIV/0! | G23: =F23*'Site - NS'!$F$53 -> #DIV/0! | H23: =G23*'New Site'!$N$10 -> #DIV/0! | I23: =(G23*'New Site'!$N$10)-E23 -> #DIV/0! | J23: =(E23/G23) -> #DIV/0!
D24: Investor N | E24: 80000 | F24: =E24/'New Site'!$D$21 -> #DIV/0! | G24: =F24*'Site - NS'!$F$53 -> #DIV/0! | H24: =G24*'New Site'!$N$10 -> #DIV/0! | I24: =(G24*'New Site'!$N$10)-E24 -> #DIV/0! | J24: =(E24/G24) -> #DIV/0!
D25: ...
D26: ...
D27: ...

Sheet Twiggs Stores
D5: Matlock Town Council: Solar PV financial tool
C7: INPUTS | M7: OUTPUTS
C9: SITE SELECTION | M9: FINANCIAL CASHFLOW | O9: SYSTEM FINANCIAL METRICS | Q9: PV SYSYEM
C10: Site selection | D10: Twiggs stores | H10: Site values | M10: Year in review | N10: 20 | O10: SPY | P10: =D21/U27 -> 13.168576 | Q10: Projected energy generation (MWh) | R10: =IF(D10="Twiggs steelyard",Scenarios!J11,IF(D10="Twiggs stores",Scenarios!N11,IF(D10="Highfields upper",Scenarios!R11,IF(D10="Highfields lower",Scenarios!V11,IF(D10="New site",Scenarios!W11))))) -> 46.86
C11: Site operation type | D11: Twiggs stores | G11: Site annual electricity consumption (MWh) | H11: 75 | M11: Cumulative project income | N11: =Summary!G123 -> 122116.47 | O11: IRR (20 years) | P11: =VLOOKUP(O11,'Site - TS'!B10:Y13,24,FALSE) -> 0.05205279 | Q11: Site savings (£/yr) | R11: ='Site - TS'!C31 -> 764.62974
G12: System size (kWp) | H12: 55 | I12: =IF(H12="",IF(D10="New site","Must input own values",IF(D10="Twiggs stores",70,IF(D10="Twiggs steelyard",80,IF(D10="Highfields upper",150,IF(D10="Highfields lower",60,"N/A"))))),"") | M12: Project cashflow | N12: =Summary!G124 -> 37702.551 | O12: NPV (20 years) | P12: =VLOOKUP(O12,'Site - TS'!B11:Y15,24,FALSE) -> -19583.524 | Q12: Annual carbon savings (tCO2e) | R12: ='Site - TS'!C37 -> 9.7619912
G13: Regional solar irradiance | H13: 852 | I13: =IF(H13="",IF(D10="Twiggs steelyard",868,IF(D10="Twiggs stores",852,IF(D10="Highfields upper",915,IF(D10="Highfields lower",894,IF(D10="New site","Must input own values"))))),"") | M13: CEG benefit fund cashflow | N13: =Summary!G128 -> 0 | O13: Average ROI (20 years) | P13: =VLOOKUP(O13,'Site - TS'!B12:Y16,2,FALSE) -> 0.082883418
M14: CEG surplus cashflow | N14: =Summary!G120 -> 34952.551
C15: 1. CAPEX | G15: 2. OPEX | M15: Expected annual opex | N15: =Summary!G121 -> 488.76015
D16: Site values | H16: Site values | M16: Expected annual income | N16: =Summary!G122 -> 6687.9613
C17: Total capex for PV system (£) | D17: 68750 | G17: PV maintenance cost/yr (£) | H17: 336
C18: Additional capex costs (£) | D18: 0 | G18: Additional opex cost/yr (£) | H18: 0
C19: DNO cost (£) | D19: 0 | G19: Community energy fund allocation cost/yr (£) | H19: 0
C21: TOTAL CAPEX (£) | D21: =SUM(D17:D19) -> 68750 | G21: TOTAL OPEX (£) | H21: =SUM(H17:H19) -> 336
M22: YEARLY CASH FLOWS TABLE
C24: 3. REPEX | N24: COSTS | R24: ENERGY SALES | U24: INVESTOR & CEG DIVIDENDS | X24: CASH FLOWS
C25: Inverter cost (£) | D25: 7500 | M25: YEAR IN STUDY | N25: CAPEX COSTS | O25: REPEX COSTS | P25: OPEX COSTS | Q25: TOTAL COSTS | R25: ENERGY SALES TO SITE | S25: EXPORT INCOME | T25: TOTAL PROJECT INCOME | U25: NET INCOME PRE DIVIDENDS | V25: INVESTOR DIVIDENDS | W25: INVESTOR CASH POSITION | X25: NET INCOME POST DIVIDENDS | Y25: PROJECT CASHFLOW | Z25: CEG BENEFIT FUND | AA25: CEG BENEFIT FUND CASHFLOW | AB25: CEG SURPLUS CASHFLOW
C26: Inverter replacement year | D26: 11 | M26: 0 | N26: =D21 -> 68750 | O26: =IF(D10="New site",D19+D18,E18+E19) -> 0 | Q26: =P26+O26+N26 -> 68750 | U26: =T26-Q26 -> -68750 | W26: =-D21 -> -68750 | Y26: =-Q26 -> -68750 | AA26: 0 | AB26: 0
M27: 1 | O27: ='Site - TS'!F$60 -> 0 | P27: =H21 -> 336 | Q27: =P27+O27+N27 -> 336 | R27: ='Site - TS'!F$32 -> 5020.9412 | S27: ='Site - TS'!F$34 -> 535.82067 | T27: =R27+S27 -> 5556.7619 | U27: =T27-Q27 -> 5220.7619 | V27: =($D$21+$D$21*$H$31)/20 -> 3575 | W27: =$W26+$V27 -> -65175 | X27: =U27-V27 -> 1645.7619 | Y27: =Y26+U27 -> -63529.238 | Z27: =H19 -> 0 | AA27: =AA26+Z27 -> 0 | AB27: =AB26+X27 -> 1645.7619
C28: 4. ELECTRICITY REVENUE STREAMS | G28: 5. EXTERNAL VARIABLES | M28: 2 | O28: ='Site - TS'!G$60 -> 0 | P28: =P27*(1+$H$32) -> 342.72 | Q28: =P28+O28+N28 -> 342.72 | R28: ='Site - TS'!G$32 -> 5070.1464 | S28: ='Site - TS'!G$34 -> 541.07171 | T28: =R28+S28 -> 5611.2182 | U28: =T28-Q28 -> 5268.4982 | V28: =($D$21+$D$21*$H$31)/20 -> 3575 | W28: =$W27+$V28 -> -61600 | X28: =U28-V28 -> 1693.4982 | Y28: =Y27+U28 -> -58260.74 | Z28: =Z27*(1+$H$32) -> 0 | AA28: =AA27+Z28 -> 0 | AB28: =AB27+X28 -> 3339.2601
H29: Site values | M29: 3 | O29: ='Site - TS'!H$60 -> 0 | P29: =P28*(1+$H$32) -> 349.5744 | Q29: =P29+O29+N29 -> 349.5744 | R29: ='Site - TS'!H$32 -> 5119.8339 | S29: ='Site - TS'!H$34 -> 546.37422 | T29: =R29+S29 -> 5666.2081 | U29: =T29-Q29 -> 5316.6337 | V29: =($D$21+$D$21*$H$31)/20 -> 3575 | W29: =$W28+$V29 -> -58025 | X29: =U29-V29 -> 1741.6337 | Y29: =Y28+U29 -> -52944.106 | Z29: =Z28*(1+$H$32) -> 0 | AA29: =AA28+Z29 -> 0 | AB29: =AB28+X29 -> 5080.8937
C30: Site PPA electrictity price (£/MWh) | D30: 137 | G30: Current site energy price (£/MWh) | H30: 152 | M30: 4 | O30: ='Site - TS'!I$60 -> 0 | P30: =P29*(1+$H$32) -> 356.56589 | Q30: =P30+O30+N30 -> 356.56589 | R30: ='Site - TS'!I$32 -> 5170.0083 | S30: ='Site - TS'!I$34 -> 551.72868 | T30: =R30+S30 -> 5721.7369 | U30: =T30-Q30 -> 5365.171 | V30: =($D$21+$D$21*$H$31)/20 -> 3575 | W30: =$W29+$V30 -> -54450 | X30: =U30-V30 -> 1790.171 | Y30: =Y29+U30 -> -47578.935 | Z30: =Z29*(1+$H$32) -> 0 | AA30: =AA29+Z30 -> 0 | AB30: =AB29+X30 -> 6871.0648
C31: Secondary PPA electrcity price (£/MWh) | D31: 55 | G31: Investor ROI | H31: 0.04 | M31: 5 | O31: ='Site - TS'!J$60 -> 0 | P31: =P30*(1+$H$32) -> 363.69721 | Q31: =P31+O31+N31 -> 363.69721 | R31: ='Site - TS'!J$32 -> 5220.6743 | S31: ='Site - TS'!J$34 -> 557.13562 | T31: =R31+S31 -> 5777.81 | U31: =T31-Q31 -> 5414.1128 | V31: =($D$21+$D$21*$H$31)/20 -> 3575 | W31: =$W30+$V31 -> -50875 | X31: =U31-V31 -> 1839.1128 | Y31: =Y30+U31 -> -42164.822 | Z31: =Z30*(1+$H$32) -> 0 | AA31: =AA30+Z31 -> 0 | AB31: =AB30+X31 -> 8710.1775
G32: Inflation (%) | H32: 0.02 | M32: 6 | O32: ='Site - TS'!K$60 -> 0 | P32: =P31*(1+$H$32) -> 370.97115 | Q32: =P32+O32+N32 -> 370.97115 | R32: ='Site - TS'!K$32 -> 5271.8369 | S32: ='Site - TS'!K$34 -> 562.59555 | T32: =R32+S32 -> 5834.4325 | U32: =T32-Q32 -> 5463.4613 | V32: =($D$21+$D$21*$H$31)/20 -> 3575 | W32: =$W31+$V32 -> -47300 | X32: =U32-V32 -> 1888.4613 | Y32: =Y31+U32 -> -36701.361 | Z32: =Z31*(1+$H$32) -> 0 | AA32: =AA31+Z32 -> 0 | AB32: =AB31+X32 -> 10598.639
G33: Yearly solar PV output degredation | H33: 0.01 | M33: 7 | O33: ='Site - TS'!L$60 -> 0 | P33: =P32*(1+$H$32) -> 378.39057 | Q33: =P33+O33+N33 -> 378.39057 | R33: ='Site - TS'!L$32 -> 5323.5009 | S33: ='Site - TS'!L$34 -> 568.10899 | T33: =R33+S33 -> 5891.6099 | U33: =T33-Q33 -> 5513.2194 | V33: =($D$21+$D$21*$H$31)/20 -> 3575 | W33: =$W32+$V33 -> -43725 | X33: =U33-V33 -> 1938.2194 | Y33: =Y32+U33 -> -31188.142 | Z33: =Z32*(1+$H$32) -> 0 | AA33: =AA32+Z33 -> 0 | AB33: =AB32+X33 -> 12536.858
G34: Discount rate (%) | H34: 0.1 | M34: 8 | O34: ='Site - TS'!M$60 -> 0 | P34: =P33*(1+$H$32) -> 385.95838 | Q34: =P34+O34+N34 -> 385.95838 | R34: ='Site - TS'!M$32 -> 5375.6713 | S34: ='Site - TS'!M$34 -> 573.67646 | T34: =R34+S34 -> 5949.3477 | U34: =T34-Q34 -> 5563.3893 | V34: =($D$21+$D$21*$H$31)/20 -> 3575 | W34: =$W33+$V34 -> -40150 | X34: =U34-V34 -> 1988.3893 | Y34: =Y33+U34 -> -25624.752 | Z34: =Z33*(1+$H$32) -> 0 | AA34: =AA33+Z34 -> 0 | AB34: =AB33+X34 -> 14525.248
M35: 9 | O35: ='Site - TS'!N$60 -> 0 | P35: =P34*(1+$H$32) -> 393.67755 | Q35: =P35+O35+N35 -> 393.67755 | R35: ='Site - TS'!N$32 -> 5428.3528 | S35: ='Site - TS'!N$34 -> 579.29849 | T35: =R35+S35 -> 6007.6513 | U35: =T35-Q35 -> 5613.9738 | V35: =($D$21+$D$21*$H$31)/20 -> 3575 | W35: =$W34+$V35 -> -36575 | X35: =U35-V35 -> 2038.9738 | Y35: =Y34+U35 -> -20010.779 | Z35: =Z34*(1+$H$32) -> 0 | AA35: =AA34+Z35 -> 0 | AB35: =AB34+X35 -> 16564.221
M36: 10 | O36: ='Site - TS'!O$60 -> 0 | P36: =P35*(1+$H$32) -> 401.5511 | Q36: =P36+O36+N36 -> 401.5511 | R36: ='Site - TS'!O$32 -> 5481.5507 | S36: ='Site - TS'!O$34 -> 584.97561 | T36: =R36+S36 -> 6066.5263 | U36: =T36-Q36 -> 5664.9752 | V36: =($D$21+$D$21*$H$31)/20 -> 3575 | W36: =$W35+$V36 -> -33000 | X36: =U36-V36 -> 2089.9752 | Y36: =Y35+U36 -> -14345.803 | Z36: =Z35*(1+$H$32) -> 0 | AA36: =AA35+Z36 -> 0 | AB36: =AB35+X36 -> 18654.197
M37: 11 | O37: 7500 | P37: =P36*(1+$H$32) -> 409.58213 | Q37: =P37+O37+N37 -> 7909.5821 | R37: ='Site - TS'!P$32 -> 5535.2699 | S37: ='Site - TS'!P$34 -> 590.70837 | T37: =R37+S37 -> 6125.9783 | U37: =T37-Q37 -> -1783.6039 | V37: =($D$21+$D$21*$H$31)/20 -> 3575 | W37: =$W36+$V37 -> -29425 | X37: =U37-V37 -> -5358.6039 | Y37: =Y36+U37 -> -16129.407 | Z37: =Z36*(1+$H$32) -> 0 | AA37: =AA36+Z37 -> 0 | AB37: =AB36+X37 -> 13295.593
M38: 12 | O38: ='Site - TS'!Q$60 -> 0 | P38: =P37*(1+$H$32) -> 417.77377 | Q38: =P38+O38+N38 -> 417.77377 | R38: ='Site - TS'!Q$32 -> 5589.5155 | S38: ='Site - TS'!Q$34 -> 596.49731 | T38: =R38+S38 -> 6186.0128 | U38: =T38-Q38 -> 5768.2391 | V38: =($D$21+$D$21*$H$31)/20 -> 3575 | W38: =$W37+$V38 -> -25850 | X38: =U38-V38 -> 2193.2391 | Y38: =Y37+U38 -> -10361.168 | Z38: =Z37*(1+$H$32) -> 0 | AA38: =AA37+Z38 -> 0 | AB38: =AB37+X38 -> 15488.832
M39: 13 | O39: ='Site - TS'!R$60 -> 0 | P39: =P38*(1+$H$32) -> 426.12924 | Q39: =P39+O39+N39 -> 426.12924 | R39: ='Site - TS'!R$32 -> 5644.2928 | S39: ='Site - TS'!R$34 -> 602.34299 | T39: =R39+S39 -> 6246.6358 | U39: =T39-Q39 -> 5820.5065 | V39: =($D$21+$D$21*$H$31)/20 -> 3575 | W39: =$W38+$V39 -> -22275 | X39: =U39-V39 -> 2245.5065 | Y39: =Y38+U39 -> -4540.6617 | Z39: =Z38*(1+$H$32) -> 0 | AA39: =AA38+Z39 -> 0 | AB39: =AB38+X39 -> 17734.338
M40: 14 | O40: ='Site - TS'!S$60 -> 0 | P40: =P39*(1+$H$32) -> 434.65183 | Q40: =P40+O40+N40 -> 434.65183 | R40: ='Site - TS'!S$32 -> 5699.6069 | S40: ='Site - TS'!S$34 -> 608.24595 | T40: =R40+S40 -> 6307.8528 | U40: =T40-Q40 -> 5873.201 | V40: =($D$21+$D$21*$H$31)/20 -> 3575 | W40: =$W39+$V40 -> -18700 | X40: =U40-V40 -> 2298.201 | Y40: =Y39+U40 -> 1332.5393 | Z40: =Z39*(1+$H$32) -> 0 | AA40: =AA39+Z40 -> 0 | AB40: =AB39+X40 -> 20032.539
M41: 15 | O41: ='Site - TS'!T$60 -> 0 | P41: =P40*(1+$H$32) -> 443.34486 | Q41: =P41+O41+N41 -> 443.34486 | R41: ='Site - TS'!T$32 -> 5755.463 | S41: ='Site - TS'!T$34 -> 614.20676 | T41: =R41+S41 -> 6369.6698 | U41: =T41-Q41 -> 5926.3249 | V41: =($D$21+$D$21*$H$31)/20 -> 3575 | W41: =$W40+$V41 -> -15125 | X41: =U41-V41 -> 2351.3249 | Y41: =Y40+U41 -> 7258.8642 | Z41: =Z40*(1+$H$32) -> 0 | AA41: =AA40+Z41 -> 0 | AB41: =AB40+X41 -> 22383.864
M42: 16 | O42: ='Site - TS'!U$60 -> 0 | P42: =P41*(1+$H$32) -> 452.21176 | Q42: =P42+O42+N42 -> 452.21176 | R42: ='Site - TS'!U$32 -> 5811.8665 | S42: ='Site - TS'!U$34 -> 620.22599 | T42: =R42+S42 -> 6432.0925 | U42: =T42-Q42 -> 5979.8808 | V42: =($D$21+$D$21*$H$31)/20 -> 3575 | W42: =$W41+$V42 -> -11550 | X42: =U42-V42 -> 2404.8808 | Y42: =Y41+U42 -> 13238.745 | Z42: =Z41*(1+$H$32) -> 0 | AA42: =AA41+Z42 -> 0 | AB42: =AB41+X42 -> 24788.745
M43: 17 | O43: ='Site - TS'!V$60 -> 0 | P43: =P42*(1+$H$32) -> 461.256 | Q43: =P43+O43+N43 -> 461.256 | R43: ='Site - TS'!V$32 -> 5868.8228 | S43: ='Site - TS'!V$34 -> 626.3042 | T43: =R43+S43 -> 6495.127 | U43: =T43-Q43 -> 6033.871 | V43: =($D$21+$D$21*$H$31)/20 -> 3575 | W43: =$W42+$V43 -> -7975 | X43: =U43-V43 -> 2458.871 | Y43: =Y42+U43 -> 19272.616 | Z43: =Z42*(1+$H$32) -> 0 | AA43: =AA42+Z43 -> 0 | AB43: =AB42+X43 -> 27247.616
M44: 18 | O44: ='Site - TS'!W$60 -> 0 | P44: =P43*(1+$H$32) -> 470.48112 | Q44: =P44+O44+N44 -> 470.48112 | R44: ='Site - TS'!W$32 -> 5926.3373 | S44: ='Site - TS'!W$34 -> 632.44198 | T44: =R44+S44 -> 6558.7793 | U44: =T44-Q44 -> 6088.2982 | V44: =($D$21+$D$21*$H$31)/20 -> 3575 | W44: =$W43+$V44 -> -4400 | X44: =U44-V44 -> 2513.2982 | Y44: =Y43+U44 -> 25360.914 | Z44: =Z43*(1+$H$32) -> 0 | AA44: =AA43+Z44 -> 0 | AB44: =AB43+X44 -> 29760.914
M45: 19 | O45: ='Site - TS'!X$60 -> 0 | P45: =P44*(1+$H$32) -> 479.89074 | Q45: =P45+O45+N45 -> 479.89074 | R45: ='Site - TS'!X$32 -> 5984.4154 | S45: ='Site - TS'!X$34 -> 638.63991 | T45: =R45+S45 -> 6623.0553 | U45: =T45-Q45 -> 6143.1646 | V45: =($D$21+$D$21*$H$31)/20 -> 3575 | W45: =$W44+$V45 -> -825 | X45: =U45-V45 -> 2568.1646 | Y45: =Y44+U45 -> 31504.079 | Z45: =Z44*(1+$H$32) -> 0 | AA45: =AA44+Z45 -> 0 | AB45: =AB44+X45 -> 32329.079
M46: 20 | O46: ='Site - TS'!Y$60 -> 0 | P46: =P45*(1+$H$32) -> 489.48855 | Q46: =P46+O46+N46 -> 489.48855 | R46: ='Site - TS'!Y$32 -> 6043.0627 | S46: ='Site - TS'!Y$34 -> 644.89858 | T46: =R46+S46 -> 6687.9613 | U46: =T46-Q46 -> 6198.4727 | V46: =($D$21+$D$21*$H$31)/20 -> 3575 | W46: =$W45+$V46 -> 2750 | X46: =U46-V46 -> 2623.4727 | Y46: =Y45+U46 -> 37702.551 | Z46: =Z45*(1+$H$32) -> 0 | AA46: =AA45+Z46 -> 0 | AB46: =AB45+X46 -> 34952.551
M48: Total | N48: =SUM(N26:N46) -> 68750 | O48: =SUM(O26:O46) -> 7500 | P48: =SUM(P26:P46) -> 8163.9163 | Q48: =SUM(Q26:Q46) -> 84413.916 | R48: =SUM(R26:R46) -> 110341.17 | S48: =SUM(S26:S46) -> 11775.298 | T48: =SUM(T26:T46) -> 122116.47 | U48: =SUM(U26:U46) -> 37702.551 | V48: =SUM(V26:V46) -> 71500 | X48: =SUM(X26:X46) -> 34952.551 | Z48: =SUM(Z27:Z46) -> 0
A87: 1100

Sheet Site - TS
B5: Scheme option | C5: ='Twiggs Stores'!D10 -> Twiggs stores | L5: Max PPA capacity: | M5: ='New Site'!D33 -> 0
B6: Period count
B7: Year | E7: 0 | F7: =E7+1 -> 1 | G7: =F7+1 -> 2 | H7: =G7+1 -> 3 | I7: =H7+1 -> 4 | J7: =I7+1 -> 5 | K7: =J7+1 -> 6 | L7: =K7+1 -> 7 | M7: =L7+1 -> 8 | ... BM7: =BL7+1 -> 60
E8: =Scenarios!H4 -> 2023 | F8: =E8+1 -> 2024 | G8: =F8+1 -> 2025 | H8: =G8+1 -> 2026 | I8: =H8+1 -> 2027 | J8: =I8+1 -> 2028 | K8: =J8+1 -> 2029 | L8: =K8+1 -> 2030 | M8: =L8+1 -> 2031 | ... BM8: =BL8+1 -> 2083
C9: Totals
B10: Cash flow | C10: =SUM(E10:BM10) -> 343898.67 | E10: =IFERROR(E41+E48+E62, 0) -> -68750 | F10: =IFERROR(F41+F48+F62, 0) -> 5221.2619 | G10: =IFERROR(G41+G48+G62, 0) -> 5269.0082 | H10: =IFERROR(H41+H48+H62, 0) -> 5317.1539 | I10: =IFERROR(I41+I48+I62, 0) -> 5365.7017 | J10: =IFERROR(J41+J48+J62, 0) -> 5414.654 | K10: =IFERROR(K41+K48+K62, 0) -> 5464.0134 | L10: =IFERROR(L41+L48+L62, 0) -> 5513.7824 | ... BM10: =IFERROR(BM41+BM48+BM62, 0) -> 8799.694
B11: Cumulative cash position | E11: =IFERROR(E10+C11, 0) -> -68750 | F11: =IFERROR(F10+E11, 0) -> -63528.738 | G11: =IFERROR(G10+F11, 0) -> -58259.73 | H11: =IFERROR(H10+G11, 0) -> -52942.576 | I11: =IFERROR(I10+H11, 0) -> -47576.874 | J11: =IFERROR(J10+I11, 0) -> -42162.22 | K11: =IFERROR(K10+J11, 0) -> -36698.207 | L11: =IFERROR(L10+K11, 0) -> -31184.425 | M11: =IFERROR(M10+L11, 0) -> -25620.461 | ... BM11: =IFERROR(BM10+BL11, 0) -> 343898.67
B12: IRR (20 years) | C12: =SUM(E12:BM12) -> 0.12048995 | F12: =IRR(E10:F10,0) -> -0.92405437 | G12: =IRR(E10:G10,0) -> -0.68259553 | H12: =IRR(E10:H10,0) -> -0.484436 | I12: =IRR(E10:I10,0) -> -0.34634349 | J12: =IRR(E10:J10,0) -> -0.25012827 | K12: =IRR(E10:K10,0) -> -0.18133472 | L12: =IRR(E10:L10,0) -> -0.13073769 | M12: =IRR(E10:M10,0) -> -0.092556038 | N12: =IRR(E10:N10,0) -> -0.063093606 | O12: =IRR(E10:O10,0) -> -0.039919642 | P12: =IRR(E10:P10,0) -> -0.021389437 | Q12: =IRR(E10:Q10,0) -> -0.0063603635 | R12: =IRR(E10:R10,0) -> 0.0059805239 | S12: =IRR(E10:S10,0) -> 0.016224051 | T12: =IRR(E10:T10,0) -> 0.024807839 | U12: =IRR(E10:U10,0) -> 0.032061564 | V12: =IRR(E10:V10,0) -> 0.038237388 | W12: =IRR(E10:W10,0) -> 0.043530826 | X12: =IRR(E10:X10,0) -> 0.048095352 | Y12: =IRR(E10:Y10,0) -> 0.05205279 | Z12: =IRR(E10:Z10,0) -> 0.055500826 | AA12: =IRR(E10:AA10,0) -> 0.058518516 | AB12: =IRR(E10:AB10,0) -> 0.061170389 | AC12: =IRR(E10:AC10,0) -> 0.063509522 | AD12: =IRR(E10:AD10,0) -> 0.065579891 | AE12: =IRR(E10:AE10,0) -> 0.067418172 | AF12: =IRR(E10:AF10,0) -> 0.06905514 | AG12: =IRR(E10:AG10,0) -> 0.070516766 | AH12: =IRR(E10:AH10,0) -> 0.071825087 | AI12: =IRR(E10:AI10,1000) -> 0.072998889 | AJ12: =IRR(E10:AJ10,0) -> 0.074054266 | AK12: =IRR(E10:AK10,0) -> 0.07500506 | AL12: =IRR(E10:AL10,0) -> 0.07586323 | AM12: =IRR(E10:AM10,0) -> 0.076639143 | AN12: =IRR(E10:AN10,0) -> 0.077341823 | AO12: =IRR(E10:AO10,0) -> 0.077979144 | AP12: =IRR(E10:AP10,0) -> 0.078558007 | AQ12: =IRR(E10:AQ10,0) -> 0.079084472 | AR12: =IRR(E10:AR10,0) -> 0.079563879 | AS12: =IRR(E10:AS10,0) -> 0.080000944 | AT12: =IRR(E10:AT10,0) -> 0.080399845 | AU12: =IRR(E10:AU10,0) -> 0.080764289 | AV12: =IRR(E10:AV10,0) -> 0.081097576 | AW12: =IRR(E10:AW10,0) -> 0.081402646 | AX12: =IRR(E10:AX10,0) -> 0.081682129 | AY12: =IRR(E10:AY10,0) -> 0.081938378 | AZ12: =IRR(E10:AZ10,0) -> 0.082173502 | BA12: =IRR(E10:BA10,0) -> 0.082389398 | BB12: =IRR(E10:BB10,0) -> 0.082587772 | BC12: =IRR(E10:BC10,0) -> 0.082770162 | BD12: =IRR(E10:BD10,0) -> 0.082937957 | BE12: =IRR(E10:BE10,0) -> 0.083092412 | BF12: =IRR(E10:BF10,0) -> 0.083234663 | BG12: =IRR(E10:BG10,0) -> 0.083365741 | BH12: =IRR(E10:BH10,0) -> 0.083486581 | BI12: =IRR(E10:BI10,0) -> 0.083598033 | BJ12: =IRR(E10:BJ10,0) -> 0.083700868 | BK12: =IRR(E10:BK10,0) -> 0.083795792 | BL12: =IRR(E10:BL10,0) -> 0.083883445 | BM12: =IRR(E10:BM10,0) -> 0.083964413
B13: NPV (20 years) | C13: =SUM(E13:BM13) -> -1193677.2 | F13: =NPV('Twiggs Stores'!$H$34, $E$10:F10) -> -58184.908 | G13: =NPV('Twiggs Stores'!$H$34, $E$10:G10) -> -54226.224 | H13: =NPV('Twiggs Stores'!$H$34, $E$10:H10) -> -50594.536 | I13: =NPV('Twiggs Stores'!$H$34, $E$10:I10) -> -47262.857 | J13: =NPV('Twiggs Stores'!$H$34, $E$10:J10) -> -44206.426 | K13: =NPV('Twiggs Stores'!$H$34, $E$10:K10) -> -41402.524 | L13: =NPV('Twiggs Stores'!$H$34, $E$10:L10) -> -38830.303 | M13: =NPV('Twiggs Stores'!$H$34, $E$10:M10) -> -36470.64 | ... BM13: =NPV('Twiggs Stores'!$H$34, $E$10:BM10) -> -10597.168
B14: Average ROI (20 years) | C14: =AVERAGE(F14:Y14) -> 0.082883418 | F14: =F10/$E58 -> 0.075945628 | G14: =G10/$E58 -> 0.076640119 | H14: =H10/$E58 -> 0.07734042 | I14: =I10/$E58 -> 0.078046569 | J14: =J10/$E58 -> 0.078758603 | K14: =K10/$E58 -> 0.079476558 | L14: =L10/$E58 -> 0.080200472 | M14: =M10/$E58 -> 0.080930381 | ... Y14: =Y10/$E58 -> 0.090170198
B16: Graph flows (just for visuals) | E16: =-'Investor table'!E11 -> -1500 | F16: ='Investor table'!$G$11 -> #DIV/0! | G16: ='Investor table'!$G$11 -> #DIV/0! | H16: ='Investor table'!$G$11 -> #DIV/0! | I16: ='Investor table'!$G$11 -> #DIV/0! | J16: ='Investor table'!$G$11 -> #DIV/0! | K16: ='Investor table'!$G$11 -> #DIV/0! | L16: ='Investor table'!$G$11 -> #DIV/0! | M16: ='Investor table'!$G$11 -> #DIV/0! | ... BM16: ='Investor table'!$G$11 -> #DIV/0!
B17: Investor payback | E17: =-'Investor table'!E11 -> -1500 | F17: =IFERROR(F16+E17, 0) -> 0 | G17: =IFERROR(G16+F17, 0) -> 0 | H17: =IFERROR(H16+G17, 0) -> 0 | I17: =IFERROR(I16+H17, 0) -> 0 | J17: =IFERROR(J16+I17, 0) -> 0 | K17: =IFERROR(K16+J17, 0) -> 0 | L17: =IFERROR(L16+K17, 0) -> 0 | M17: =IFERROR(M16+L17, 0) -> 0 | ... BM17: =IFERROR(BM16+BL17, 0) -> 0
B20: Energy flows
B21: Annual electricity consumption (MWh) | C21: =SUM(E21:BM21) -> 4550.6 | E21: =IF(ISBLANK('New Site'!$D$12),HLOOKUP($C$5, Scenarios!$D$7:$AD$27, MATCH($B$21, Scenarios!$C$7:$C$28, FALSE), FALSE),'New Site'!$D$12) -> 74.6 | F21: =IF(ISBLANK('New Site'!$D$12),HLOOKUP($C$5, Scenarios!$D$7:$AD$27, MATCH($B$21, Scenarios!$C$7:$C$28, FALSE), FALSE),'New Site'!$D$12) -> 74.6 | G21: =IF(ISBLANK('New Site'!$D$12),HLOOKUP($C$5, Scenarios!$D$7:$AD$27, MATCH($B$21, Scenarios!$C$7:$C$28, FALSE), FALSE),'New Site'!$D$12) -> 74.6 | H21: =IF(ISBLANK('New Site'!$D$12),HLOOKUP($C$5, Scenarios!$D$7:$AD$27, MATCH($B$21, Scenarios!$C$7:$C$28, FALSE), FALSE),'New Site'!$D$12) -> 74.6 | I21: =IF(ISBLANK('New Site'!$D$12),HLOOKUP($C$5, Scenarios!$D$7:$AD$27, MATCH($B$21, Scenarios!$C$7:$C$28, FALSE), FALSE),'New Site'!$D$12) -> 74.6 | J21: =IF(ISBLANK('New Site'!$D$12),HLOOKUP($C$5, Scenarios!$D$7:$AD$27, MATCH($B$21, Scenarios!$C$7:$C$28, FALSE), FALSE),'New Site'!$D$12) -> 74.6 | K21: =IF(ISBLANK('New Site'!$D$12),HLOOKUP($C$5, Scenarios!$D$7:$AD$27, MATCH($B$21, Scenarios!$C$7:$C$28, FALSE), FALSE),'New Site'!$D$12) -> 74.6 | L21: =IF(ISBLANK('New Site'!$D$12),HLOOKUP($C$5, Scenarios!$D$7:$AD$27, MATCH($B$21, Scenarios!$C$7:$C$28, FALSE), FALSE),'New Site'!$D$12) -> 74.6 | ... BM21: =IF(ISBLANK('New Site'!$D$12),HLOOKUP($C$5, Scenarios!$D$7:$AD$27, MATCH($B$21, Scenarios!$C$7:$C$28, FALSE), FALSE),'New Site'!$D$12) -> 74.6
B22: Annual electricity production (MWh) | C22: =SUM(E22:BM22) -> 2147.6637 | E22: =IF(ISBLANK('New Site'!$D$13),HLOOKUP($C$5, Scenarios!$D$7:$AD$27, MATCH($B$22, Scenarios!$C$7:$C$28, FALSE), FALSE),('New Site'!$D$13*'New Site'!$I$12)/1000) -> 46.86 | F22: =E22*(1-$B$71) -> 46.3914 | G22: =F22*(1-$B$71) -> 45.927486 | H22: =G22*(1-$B$71) -> 45.468211 | I22: =H22*(1-$B$71) -> 45.013529 | J22: =I22*(1-$B$71) -> 44.563394 | K22: =J22*(1-$B$71) -> 44.11776 | L22: =K22*(1-$B$71) -> 43.676582 | M22: =L22*(1-$B$71) -> 43.239816 | ... BM22: =BL22*(1-$B$71) -> 25.63976
B24: Electricity prices
B25: Price currently being payed (£/MWh) | E25: =IF($C$5="New Site",'New Site'!$H$30,'New Site'!$I$30) | F25: ='Twiggs Stores'!$H$30 -> 152 | G25: =F25*(1+$B$76) -> 155.04 | H25: =G25*(1+$B$76) -> 158.1408 | I25: =H25*(1+$B$76) -> 161.30362 | J25: =I25*(1+$B$76) -> 164.52969 | K25: =J25*(1+$B$76) -> 167.82028 | L25: =K25*(1+$B$76) -> 171.17669 | M25: =L25*(1+$B$76) -> 174.60022 | N25: =M25*(1+$B$76) -> 178.09223 | ... BM25: =BL25*(1+$B$76) -> 488.93792
B26: Exporting to the grid (£/MWh) | E26: ='Twiggs Stores'!D31 -> 55 | F26: ='Twiggs Stores'!D31 -> 55 | G26: =F26*(1+$B$76) -> 56.1 | H26: =G26*(1+$B$76) -> 57.222 | I26: =H26*(1+$B$76) -> 58.36644 | J26: =I26*(1+$B$76) -> 59.533769 | K26: =J26*(1+$B$76) -> 60.724444 | L26: =K26*(1+$B$76) -> 61.938933 | M26: =L26*(1+$B$76) -> 63.177712 | N26: =M26*(1+$B$76) -> 64.441266 | ... BM26: =BL26*(1+$B$76) -> 176.91833
B27: Exporting to the PPA (£/MWh) | E27: ='New Site'!#REF! -> #REF! | F27: ='New Site'!#REF! -> #REF! | G27: =F27*(1+$B$76) -> #REF! | H27: =G27*(1+$B$76) -> #REF! | I27: =H27*(1+$B$76) -> #REF! | J27: =I27*(1+$B$76) -> #REF! | K27: =J27*(1+$B$76) -> #REF! | L27: =K27*(1+$B$76) -> #REF! | M27: =L27*(1+$B$76) -> #REF! | N27: =M27*(1+$B$76) -> #REF! | ... BM27: =BL27*(1+$B$76) -> #REF!
B28: Exporting on site (£/MWh) | E28: ='Twiggs Stores'!$D$30 -> 137 | F28: ='Twiggs Stores'!$D$30 -> 137 | G28: =F28*(1+$B$76) -> 139.74 | H28: =G28*(1+$B$76) -> 142.5348 | I28: =H28*(1+$B$76) -> 145.3855 | J28: =I28*(1+$B$76) -> 148.29321 | K28: =J28*(1+$B$76) -> 151.25907 | L28: =K28*(1+$B$76) -> 154.28425 | M28: =L28*(1+$B$76) -> 157.36994 | N28: =M28*(1+$B$76) -> 160.51734 | ... BM28: =BL28*(1+$B$76) -> 440.68747
B30: Revenues
B31: Electricity costs saved due to solar (site users) | C31: =SUM(E31:Y31)/20 -> 764.62974 | F31: =(F25-F28)*F22 -> 695.871 | G31: =(G25-G28)*G22 -> 702.69054 | H31: =(H25-H28)*H22 -> 709.5769 | I31: =(I25-I28)*I22 -> 716.53076 | J31: =(J25-J28)*J22 -> 723.55276 | K31: =(K25-K28)*K22 -> 730.64358 | L31: =(L25-L28)*L22 -> 737.80388 | M31: =(M25-M28)*M22 -> 745.03436 | ... BM31: =(BM25-BM28)*BM22 -> 1237.13
B32: Electricity sold to the site users | C32: =SUM(E32:BM32) -> 412504.54 | E32: =IF($C$5="Twiggs stores",0.79*E28*E22,IF($C$5="Highfields upper",0.66*E28*E22,IF(AND('New Site'!$D$11="7 days per week",$C$5="New site"),IF(E22<E21,0.71*E28*E22,0.71*E28*E21),IF(E22<E21,E28*E22,E28*E21)))) -> 5071.6578 | F32: =IF($C$5="Twiggs stores",0.79*F28*F22,IF($C$5="Highfields upper",0.66*F28*F22,IF(AND('New Site'!$D$11="7 days per week",$C$5="New site"),IF(F22<F21,0.71*F28*F22,0.71*F28*F21),IF(F22<F21,F28*F22,F28*F21)))) -> 5020.9412 | G32: =IF($C$5="Twiggs stores",0.79*G28*G22,IF($C$5="Highfields upper",0.66*G28*G22,IF(AND('New Site'!$D$11="7 days per week",$C$5="New site"),IF(G22<G21,0.71*G28*G22,0.71*G28*G21),IF(G22<G21,G28*G22,G28*G21)))) -> 5070.1464 | H32: =IF($C$5="Twiggs stores",0.79*H28*H22,IF($C$5="Highfields upper",0.66*H28*H22,IF(AND('New Site'!$D$11="7 days per week",$C$5="New site"),IF(H22<H21,0.71*H28*H22,0.71*H28*H21),IF(H22<H21,H28*H22,H28*H21)))) -> 5119.8339 | I32: =IF($C$5="Twiggs stores",0.79*I28*I22,IF($C$5="Highfields upper",0.66*I28*I22,IF(AND('New Site'!$D$11="7 days per week",$C$5="New site"),IF(I22<I21,0.71*I28*I22,0.71*I28*I21),IF(I22<I21,I28*I22,I28*I21)))) -> 5170.0083 | J32: =IF($C$5="Twiggs stores",0.79*J28*J22,IF($C$5="Highfields upper",0.66*J28*J22,IF(AND('New Site'!$D$11="7 days per week",$C$5="New site"),IF(J22<J21,0.71*J28*J22,0.71*J28*J21),IF(J22<J21,J28*J22,J28*J21)))) -> 5220.6743 | K32: =IF($C$5="Twiggs stores",0.79*K28*K22,IF($C$5="Highfields upper",0.66*K28*K22,IF(AND('New Site'!$D$11="7 days per week",$C$5="New site"),IF(K22<K21,0.71*K28*K22,0.71*K28*K21),IF(K22<K21,K28*K22,K28*K21)))) -> 5271.8369 | L32: =IF($C$5="Twiggs stores",0.79*L28*L22,IF($C$5="Highfields upper",0.66*L28*L22,IF(AND('New Site'!$D$11="7 days per week",$C$5="New site"),IF(L22<L21,0.71*L28*L22,0.71*L28*L21),IF(L22<L21,L28*L22,L28*L21)))) -> 5323.5009 | ... BM32: =IF($C$5="Twiggs stores",0.79*BM28*BM22,IF($C$5="Highfields upper",0.66*BM28*BM22,IF(AND('New Site'!$D$11="7 days per week",$C$5="New site"),IF(BM22<BM21,0.71*BM28*BM22,0.71*BM28*BM21),IF(BM22<BM21,BM28*BM22,BM28*BM21)))) -> 8926.3056
B33: Excess electricity sold to the community energy group | C33: =SUM(E33:BM33) -> 0 | E33: =IF(E22>E21,IF(E22-E21<$M$5,(E22-E21)*E27,$M$5*E27),0) -> 0 | F33: =IF(F22>F21,IF(F22-F21<$M$5,(F22-F21)*F27,$M$5*F27),0) -> 0 | G33: =IF(G22>G21,IF(G22-G21<$M$5,(G22-G21)*G27,$M$5*G27),0) -> 0 | H33: =IF(H22>H21,IF(H22-H21<$M$5,(H22-H21)*H27,$M$5*H27),0) -> 0 | I33: =IF(I22>I21,IF(I22-I21<$M$5,(I22-I21)*I27,$M$5*I27),0) -> 0 | J33: =IF(J22>J21,IF(J22-J21<$M$5,(J22-J21)*J27,$M$5*J27),0) -> 0 | K33: =IF(K22>K21,IF(K22-K21<$M$5,(K22-K21)*K27,$M$5*K27),0) -> 0 | L33: =IF(L22>L21,IF(L22-L21<$M$5,(L22-L21)*L27,$M$5*L27),0) -> 0 | ... BM33: =IF(BM22>BM21,IF(BM22-BM21<$M$5,(BM22-BM21)*BM27,$M$5*BM27),0) -> 0
B34: Excess electricity sold to the grid | C34: =SUM(E34:BM34) -> 44021.319 | E34: =IF($C$5="Twiggs stores",0.21*E26*E22,IF($C$5="Highfields upper",0.34*E26*E22,IF(AND('New Site'!$D$11="7 days per week",$C$5="New site"),0.29*E26*(E21-E22),IF(E22<E21,0,E26*(E21-E22))))) -> 541.233 | F34: =IF($C$5="Twiggs stores",0.21*F26*F22,IF($C$5="Highfields upper",0.34*F26*F22,IF(AND('New Site'!$D$11="7 days per week",$C$5="New site"),0.29*F26*(F21-F22),IF(F22<F21,0,F26*(F21-F22))))) -> 535.82067 | G34: =IF($C$5="Twiggs stores",0.21*G26*G22,IF($C$5="Highfields upper",0.34*G26*G22,IF(AND('New Site'!$D$11="7 days per week",$C$5="New site"),0.29*G26*(G21-G22),IF(G22<G21,0,G26*(G21-G22))))) -> 541.07171 | H34: =IF($C$5="Twiggs stores",0.21*H26*H22,IF($C$5="Highfields upper",0.34*H26*H22,IF(AND('New Site'!$D$11="7 days per week",$C$5="New site"),0.29*H26*(H21-H22),IF(H22<H21,0,H26*(H21-H22))))) -> 546.37422 | I34: =IF($C$5="Twiggs stores",0.21*I26*I22,IF($C$5="Highfields upper",0.34*I26*I22,IF(AND('New Site'!$D$11="7 days per week",$C$5="New site"),0.29*I26*(I21-I22),IF(I22<I21,0,I26*(I21-I22))))) -> 551.72868 | J34: =IF($C$5="Twiggs stores",0.21*J26*J22,IF($C$5="Highfields upper",0.34*J26*J22,IF(AND('New Site'!$D$11="7 days per week",$C$5="New site"),0.29*J26*(J21-J22),IF(J22<J21,0,J26*(J21-J22))))) -> 557.13562 | K34: =IF($C$5="Twiggs stores",0.21*K26*K22,IF($C$5="Highfields upper",0.34*K26*K22,IF(AND('New Site'!$D$11="7 days per week",$C$5="New site"),0.29*K26*(K21-K22),IF(K22<K21,0,K26*(K21-K22))))) -> 562.59555 | L34: =IF($C$5="Twiggs stores",0.21*L26*L22,IF($C$5="Highfields upper",0.34*L26*L22,IF(AND('New Site'!$D$11="7 days per week",$C$5="New site"),0.29*L26*(L21-L22),IF(L22<L21,0,L26*(L21-L22))))) -> 568.10899 | ... BM34: =IF($C$5="Twiggs stores",0.21*BM26*BM22,IF($C$5="Highfields upper",0.34*BM26*BM22,IF(AND('New Site'!$D$11="7 days per week",$C$5="New site"),0.29*BM26*(BM21-BM22),IF(BM22<BM21,0,BM26*(BM21-BM22))))) -> 952.59013
B36: Other revenues
B37: Annual carbon savings (tCO2e) | C37: =SUM(E37:Y37)/20 -> 9.7619912 | F37: =F22*0.23112 -> 10.72198 | G37: =G22*0.23112 -> 10.614761 | H37: =H22*0.23112 -> 10.508613 | I37: =I22*0.23112 -> 10.403527 | J37: =J22*0.23112 -> 10.299492 | K37: =K22*0.23112 -> 10.196497 | L37: =L22*0.23112 -> 10.094532 | M37: =M22*0.23112 -> 9.9935864 | ... BM37: =BM22*0.23112 -> 5.9258614
B38: Total carbon savings (tCO2e) | E38: {=(#REF!*E36(#REF!*1000)+(#REF!*1000)*#REF!)/1000} -> #REF! | F38: =(#REF!*(#REF!*1000)+(#REF!*1000)*#REF!)/1000 -> #REF! | G38: =(#REF!*(#REF!*1000)+(#REF!*1000)*#REF!)/1000 -> #REF! | H38: =(#REF!*(#REF!*1000)+(#REF!*1000)*#REF!)/1000 -> #REF! | I38: =(#REF!*(#REF!*1000)+(#REF!*1000)*#REF!)/1000 -> #REF! | J38: =(#REF!*(#REF!*1000)+(#REF!*1000)*#REF!)/1000 -> #REF! | K38: =(#REF!*(#REF!*1000)+(#REF!*1000)*#REF!)/1000 -> #REF! | L38: =(#REF!*(#REF!*1000)+(#REF!*1000)*#REF!)/1000 -> #REF! | M38: =(#REF!*(#REF!*1000)+(#REF!*1000)*#REF!)/1000 -> #REF! | ... BM38: =(#REF!*(#REF!*1000)+(#REF!*1000)*#REF!)/1000 -> #REF!
B39: Cumulative cash position | F39: =+#REF!+#REF! -> #REF! | G39: =IF(G7>0,#REF!+ F39, 0) -> #REF! | H39: =IF(H7>0,#REF!+ G39, 0) -> #REF! | I39: =IF(I7>0,#REF!+ H39, 0) -> #REF! | J39: =IF(J7>0,#REF!+ I39, 0) -> #REF! | K39: =IF(K7>0,#REF!+ J39, 0) -> #REF! | L39: =IF(L7>0,#REF!+ K39, 0) -> #REF! | M39: =IF(M7>0,#REF!+ L39, 0) -> #REF! | N39: =IF(N7>0,#REF!+ M39, 0) -> #REF! | ... BM39: =IF(BM7>0,#REF!+ BL39, 0) -> #REF!
B41: Total income | C41: =SUM(E41:BM41) -> 450912.96 | F41: =F32+F33+F34+F68 -> 5556.7619 | G41: =G32+G33+G34+G68 -> 5611.2182 | H41: =H32+H33+H34+H68 -> 5666.2081 | I41: =I32+I33+I34+I68 -> 5721.7369 | J41: =J32+J33+J34+J68 -> 5777.81 | K41: =K32+K33+K34+K68 -> 5834.4325 | L41: =L32+L33+L34+L68 -> 5891.6099 | M41: =M32+M33+M34+M68 -> 5949.3477 | ... BM41: =BM32+BM33+BM34+BM68 -> 9878.8958
B42: Cumulative income | E42: =E41 -> 0 | F42: =F41+E42 -> 5556.7619 | G42: =G41+F42 -> 11167.98 | H42: =H41+G42 -> 16834.188 | I42: =I41+H42 -> 22555.925 | J42: =J41+I42 -> 28333.735 | K42: =K41+J42 -> 34168.168 | L42: =L41+K42 -> 40059.777 | M42: =M41+L42 -> 46009.125 | ... BM42: =BM41+BL42 -> 450912.96
Y43: =Y42 -> 122116.47
B44: Operational costs
B45: Combined annual O&M (fixed and variable) (£) | C45: =SUM(E45:BM45) -> 38599.791 | E45: =HLOOKUP($C$5,Scenarios!$D$7:AD29, MATCH($B$45, Scenarios!$C$7:$C$28, FALSE), FALSE) -> 335.5 | F45: =E45 -> 335.5 | G45: =F45*(1+$B$76) -> 342.21 | H45: =G45*(1+$B$76) -> 349.0542 | I45: =H45*(1+$B$76) -> 356.03528 | J45: =I45*(1+$B$76) -> 363.15599 | K45: =J45*(1+$B$76) -> 370.41911 | L45: =K45*(1+$B$76) -> 377.82749 | M45: =L45*(1+$B$76) -> 385.38404 | N45: =M45*(1+$B$76) -> 393.09172 | ... BM45: =BL45*(1+$B$76) -> 1079.2018
B46: Business rate charge | C46: =SUM(E46:BM46) -> 0 | E46: =Scenarios!$D$22 -> 0 | F46: =Scenarios!$D$22 -> 0 | G46: =Scenarios!$D$22 -> 0 | H46: =Scenarios!$D$22 -> 0 | I46: =Scenarios!$D$22 -> 0 | J46: =Scenarios!$D$22 -> 0 | K46: =Scenarios!$D$22 -> 0 | L46: =Scenarios!$D$22 -> 0 | ... BM46: =Scenarios!$D$22 -> 0
B48: Total costs | C48: =SUM(E48:BM48) -> -38264.291 | F48: =-(F45+F46+F103) -> -335.5 | G48: =-(G45+G46+G103) -> -342.21 | H48: =-(H45+H46+H103) -> -349.0542 | I48: =-(I45+I46+I103) -> -356.03528 | J48: =-(J45+J46+J103) -> -363.15599 | K48: =-(K45+K46+K103) -> -370.41911 | L48: =-(L45+L46+L103) -> -377.82749 | M48: =-(M45+M46+M103) -> -385.38404 | ... BM48: =-(BM45+BM46+BM103) -> -1079.2018
B50: CEG cash flows
B51: CEG portion | C51: =SUM(E51:BM51) -> #REF! | E51: =E41*'New Site'!#REF! -> #REF! | F51: =F41*'New Site'!$H$31 -> 222.27048 | G51: =G41*'New Site'!$H$31 -> 224.44873 | H51: =H41*'New Site'!$H$31 -> 226.64832 | I51: =I41*'New Site'!$H$31 -> 228.86948 | J51: =J41*'New Site'!$H$31 -> 231.1124 | K51: =K41*'New Site'!$H$31 -> 233.3773 | L51: =L41*'New Site'!$H$31 -> 235.6644 | M51: =M41*'New Site'!$H$31 -> 237.97391 | ... BM51: =BM41*'New Site'!$H$31 -> 395.15583
B52: Cumulative CEG | E52: 0 | F52: =E52+F51 -> 222.27048 | G52: =F52+G51 -> 446.7192 | H52: =G52+H51 -> 673.36753 | I52: =H52+I51 -> 902.237 | J52: =I52+J51 -> 1133.3494 | K52: =J52+K51 -> 1366.7267 | L52: =K52+L51 -> 1602.3911 | M52: =L52+M51 -> 1840.365 | ... BM52: =BL52+BM51 -> 18036.519
B53: Investors | C53: =SUM(E53:BM53) -> #REF! | E53: =E41*(1-'New Site'!#REF!) -> #REF! | F53: =F41*(1-'New Site'!$H$31) -> 5334.4914 | G53: =G41*(1-'New Site'!$H$31) -> 5386.7694 | H53: =H41*(1-'New Site'!$H$31) -> 5439.5598 | I53: =I41*(1-'New Site'!$H$31) -> 5492.8675 | J53: =J41*(1-'New Site'!$H$31) -> 5546.6976 | K53: =K41*(1-'New Site'!$H$31) -> 5601.0552 | L53: =L41*(1-'New Site'!$H$31) -> 5655.9455 | M53: =M41*(1-'New Site'!$H$31) -> 5711.3738 | ... BM53: =BM41*(1-'New Site'!$H$31) -> 9483.7399
B54: Cumulative Investors | F54: =E54+F53 -> 5334.4914 | G54: =F54+G53 -> 10721.261 | H54: =G54+H53 -> 16160.821 | I54: =H54+I53 -> 21653.688 | J54: =I54+J53 -> 27200.386 | K54: =J54+K53 -> 32801.441 | L54: =K54+L53 -> 38457.386 | M54: =L54+M53 -> 44168.76 | ... BM54: =BL54+BM53 -> 432876.45
B56: Capital | E56: CEG income w.opex | F56: =F51+F48 -> -113.22952
B57: DNO cost | C57: =SUM(E57:BM57) -> 0 | E57: =HLOOKUP($C$5, Scenarios!$C$7:$AD$42, MATCH(B57, Scenarios!$C$7:C44, FALSE), FALSE) -> 0
B58: Setup | C58: =SUM(E58:BM58) -> 68750 | E58: =HLOOKUP($C$5, Scenarios!$C$7:$AD$42, MATCH(B58, Scenarios!$C$7:C45, FALSE), FALSE) -> 68750
B60: Repex | C60: =SUM(E60:BM60) -> 0 | E60: =IFERROR((HLOOKUP($C$5, Scenarios!$C$7:$AD$42, (MATCH(E7, Scenarios!$C$7:$C$42, FALSE)), FALSE)), 0) -> 0 | F60: =IFERROR((HLOOKUP($C$5, Scenarios!$C$7:$AD$42, (MATCH(F7, Scenarios!$C$7:$C$42, FALSE)), FALSE)), 0) -> 0 | G60: =IFERROR((HLOOKUP($C$5, Scenarios!$C$7:$AD$42, (MATCH(G7, Scenarios!$C$7:$C$42, FALSE)), FALSE)), 0) -> 0 | H60: =IFERROR((HLOOKUP($C$5, Scenarios!$C$7:$AD$42, (MATCH(H7, Scenarios!$C$7:$C$42, FALSE)), FALSE)), 0) -> 0 | I60: =IFERROR((HLOOKUP($C$5, Scenarios!$C$7:$AD$42, (MATCH(I7, Scenarios!$C$7:$C$42, FALSE)), FALSE)), 0) -> 0 | J60: =IFERROR((HLOOKUP($C$5, Scenarios!$C$7:$AD$42, (MATCH(J7, Scenarios!$C$7:$C$42, FALSE)), FALSE)), 0) -> 0 | K60: =IFERROR((HLOOKUP($C$5, Scenarios!$C$7:$AD$42, (MATCH(K7, Scenarios!$C$7:$C$42, FALSE)), FALSE)), 0) -> 0 | L60: =IFERROR((HLOOKUP($C$5, Scenarios!$C$7:$AD$42, (MATCH(L7, Scenarios!$C$7:$C$42, FALSE)), FALSE)), 0) -> 0 | ... BM60: =IFERROR((HLOOKUP($C$5, Scenarios!$C$7:$AD$42, (MATCH(BM7, Scenarios!$C$7:$C$42, FALSE)), FALSE)), 0) -> 0
B62: Total capex | C62: =SUM(E62:BM62) -> -68750 | E62: =-SUM(E57:E61) -> -68750 | F62: =-SUM(F57:F61) -> 0 | G62: =-SUM(G57:G61) -> 0 | H62: =-SUM(H57:H61) -> 0 | I62: =-SUM(I57:I61) -> 0 | J62: =-SUM(J57:J61) -> 0 | K62: =-SUM(K57:K61) -> 0 | L62: =-SUM(L57:L61) -> 0 | ... BM62: =-SUM(BM57:BM61) -> 0
B64: Grants
B65: Fully financed | C65: =SUM(E65:BM65) -> 0 | E65: 0
B66: Value (p/kWh) | E66: =IFERROR(HLOOKUP(B66, 'Lookups references'!$M$7:P13, MATCH('Site - TS'!#REF!, 'Lookups references'!$M$7:M13, FALSE), FALSE),0) -> 0 | F66: =E66*(1+Scenarios!$Q$32) -> 0 | G66: =F66*(1+Scenarios!$Q$32) -> 0 | H66: =G66*(1+Scenarios!$Q$32) -> 0 | I66: =H66*(1+Scenarios!$Q$32) -> 0 | J66: =I66*(1+Scenarios!$Q$32) -> 0 | K66: =J66*(1+Scenarios!$Q$32) -> 0 | L66: =K66*(1+Scenarios!$Q$32) -> 0 | M66: =L66*(1+Scenarios!$Q$32) -> 0 | ... BM66: =BL66*(1+Scenarios!$Q$32) -> 0
B67: Eligibility | E67: =IFERROR(HLOOKUP($B$67, 'Lookups references'!$M$7:P14, MATCH('Site - TS'!#REF!, 'Lookups references'!$M$7:$M$14, FALSE), FALSE),0) -> 0 | F67: =IFERROR(HLOOKUP($B$67, 'Lookups references'!$M$7:Q14, MATCH('Site - TS'!#REF!, 'Lookups references'!$M$7:$M$14, FALSE), FALSE),0) -> 0 | G67: =IFERROR(HLOOKUP($B$67, 'Lookups references'!$M$7:R14, MATCH('Site - TS'!#REF!, 'Lookups references'!$M$7:$M$14, FALSE), FALSE),0) -> 0 | H67: =IFERROR(HLOOKUP($B$67, 'Lookups references'!$M$7:S14, MATCH('Site - TS'!#REF!, 'Lookups references'!$M$7:$M$14, FALSE), FALSE),0) -> 0 | I67: =IFERROR(HLOOKUP($B$67, 'Lookups references'!$M$7:T14, MATCH('Site - TS'!#REF!, 'Lookups references'!$M$7:$M$14, FALSE), FALSE),0) -> 0 | J67: =IFERROR(HLOOKUP($B$67, 'Lookups references'!$M$7:U14, MATCH('Site - TS'!#REF!, 'Lookups references'!$M$7:$M$14, FALSE), FALSE),0) -> 0 | K67: =IFERROR(HLOOKUP($B$67, 'Lookups references'!$M$7:V14, MATCH('Site - TS'!#REF!, 'Lookups references'!$M$7:$M$14, FALSE), FALSE),0) -> 0 | L67: =IFERROR(HLOOKUP($B$67, 'Lookups references'!$M$7:W14, MATCH('Site - TS'!#REF!, 'Lookups references'!$M$7:$M$14, FALSE), FALSE),0) -> 0 | ... BM67: =IFERROR(HLOOKUP($B$67, 'Lookups references'!$M$7:BX14, MATCH('Site - TS'!#REF!, 'Lookups references'!$M$7:$M$14, FALSE), FALSE),0) -> 0
B68: Total revenue grant | C68: =SUM(E68:BM68) -> 0 | E68: =IF(E7<E67, E66*E22*1000/100, 0) -> 0 | F68: =IF(F7<F67, F66*F22*1000/100, 0) -> 0 | G68: =IF(G7<G67, G66*G22*1000/100, 0) -> 0 | H68: =IF(H7<H67, H66*H22*1000/100, 0) -> 0 | I68: =IF(I7<I67, I66*I22*1000/100, 0) -> 0 | J68: =IF(J7<J67, J66*J22*1000/100, 0) -> 0 | K68: =IF(K7<K67, K66*K22*1000/100, 0) -> 0 | L68: =IF(L7<L67, L66*L22*1000/100, 0) -> 0 | ... BM68: =IF(BM7<BM67, BM66*BM22*1000/100, 0) -> 0
B70: Degredation
B71: ='Twiggs Stores'!H33 -> 0.01
B72: Shading
B73: ='New Site'!#REF! -> #REF!
B75: Inflation
B76: ='New Site'!H32 -> 0.02
B78: CEG cashflow | E78: ='Twiggs Stores'!$AB26 -> 0 | F78: ='Twiggs Stores'!$AB27 -> 1645.7619 | G78: ='Twiggs Stores'!$AB28 -> 3339.2601 | H78: ='Twiggs Stores'!$AB29 -> 5080.8937 | I78: ='Twiggs Stores'!$AB30 -> 6871.0648 | J78: ='Twiggs Stores'!$AB31 -> 8710.1775 | K78: ='Twiggs Stores'!$AB32 -> 10598.639 | L78: ='Twiggs Stores'!$AB33 -> 12536.858 | M78: ='Twiggs Stores'!$AB34 -> 14525.248 | N78: ='Twiggs Stores'!$AB35 -> 16564.221 | O78: ='Twiggs Stores'!$AB36 -> 18654.197 | P78: ='Twiggs Stores'!$AB37 -> 13295.593 | Q78: ='Twiggs Stores'!$AB38 -> 15488.832 | R78: ='Twiggs Stores'!$AB39 -> 17734.338 | S78: ='Twiggs Stores'!$AB40 -> 20032.539 | T78: ='Twiggs Stores'!$AB41 -> 22383.864 | U78: ='Twiggs Stores'!$AB42 -> 24788.745 | V78: ='Twiggs Stores'!$AB43 -> 27247.616 | W78: ='Twiggs Stores'!$AB44 -> 29760.914 | X78: ='Twiggs Stores'!$AB45 -> 32329.079 | Y78: ='Twiggs Stores'!$AB46 -> 34952.551
B80: Expected opex | F80: ='Site - TS'!F$45 -> 335.5 | G80: ='Site - TS'!G$45 -> 342.21 | H80: ='Site - TS'!H$45 -> 349.0542 | I80: ='Site - TS'!I$45 -> 356.03528 | J80: ='Site - TS'!J$45 -> 363.15599 | K80: ='Site - TS'!K$45 -> 370.41911 | L80: ='Site - TS'!L$45 -> 377.82749 | M80: ='Site - TS'!M$45 -> 385.38404 | ... Y80: ='Site - TS'!Y$45 -> 488.76015
B82: Expected income | F82: ='Twiggs Stores'!$T27 -> 5556.7619 | G82: ='Twiggs Stores'!$T28 -> 5611.2182 | H82: ='Twiggs Stores'!$T29 -> 5666.2081 | I82: ='Twiggs Stores'!$T30 -> 5721.7369 | J82: ='Twiggs Stores'!$T31 -> 5777.81 | K82: ='Twiggs Stores'!$T32 -> 5834.4325 | L82: ='Twiggs Stores'!$T33 -> 5891.6099 | M82: ='Twiggs Stores'!$T34 -> 5949.3477 | N82: ='Twiggs Stores'!$T35 -> 6007.6513 | O82: ='Twiggs Stores'!$T36 -> 6066.5263 | P82: ='Twiggs Stores'!$T37 -> 6125.9783 | Q82: ='Twiggs Stores'!$T38 -> 6186.0128 | R82: ='Twiggs Stores'!$T39 -> 6246.6358 | S82: ='Twiggs Stores'!$T40 -> 6307.8528 | T82: ='Twiggs Stores'!$T41 -> 6369.6698 | U82: ='Twiggs Stores'!$T42 -> 6432.0925 | V82: ='Twiggs Stores'!$T43 -> 6495.127 | W82: ='Twiggs Stores'!$T44 -> 6558.7793 | X82: ='Twiggs Stores'!$T45 -> 6623.0553 | Y82: ='Twiggs Stores'!$T46 -> 6687.9613
B84: System cashflow | E84: ='Twiggs Stores'!Y26 -> -68750 | F84: ='Twiggs Stores'!$Y27 -> -63529.238 | G84: ='Twiggs Stores'!$Y28 -> -58260.74 | H84: ='Twiggs Stores'!$Y29 -> -52944.106 | I84: ='Twiggs Stores'!$Y30 -> -47578.935 | J84: ='Twiggs Stores'!$Y31 -> -42164.822 | K84: ='Twiggs Stores'!$Y32 -> -36701.361 | L84: ='Twiggs Stores'!$Y33 -> -31188.142 | M84: ='Twiggs Stores'!$Y34 -> -25624.752 | N84: ='Twiggs Stores'!$Y35 -> -20010.779 | O84: ='Twiggs Stores'!$Y36 -> -14345.803 | P84: ='Twiggs Stores'!$Y37 -> -16129.407 | Q84: ='Twiggs Stores'!$Y38 -> -10361.168 | R84: ='Twiggs Stores'!$Y39 -> -4540.6617 | S84: ='Twiggs Stores'!$Y40 -> 1332.5393 | T84: ='Twiggs Stores'!$Y41 -> 7258.8642 | U84: ='Twiggs Stores'!$Y42 -> 13238.745 | V84: ='Twiggs Stores'!$Y43 -> 19272.616 | W84: ='Twiggs Stores'!$Y44 -> 25360.914 | X84: ='Twiggs Stores'!$Y45 -> 31504.079 | Y84: ='Twiggs Stores'!$Y46 -> 37702.551
B88: System ROI | F88: =(F42-(-$E$62))/-$E$62 -> -0.91917437 | G88: =(G42-(-$E$62))/-$E$62 -> -0.83755665 | H88: =(H42-(-$E$62))/-$E$62 -> -0.75513908 | I88: =(I42-(-$E$62))/-$E$62 -> -0.67191382 | J88: =(J42-(-$E$62))/-$E$62 -> -0.58787294 | K88: =(K42-(-$E$62))/-$E$62 -> -0.50300847 | L88: =(L42-(-$E$62))/-$E$62 -> -0.41731233 | M88: =(M42-(-$E$62))/-$E$62 -> -0.33077636 | ... X88: =(X42-(-$E$62))/-$E$62 -> 0.67896009 | Y88: =(Y42-('New Site'!D21))/'New Site'!D21 -> #DIV/0!
B90: System SPY | F90: =NPV(Scenarios!$Q$33, $E$10:F10) -> -63528.738
E93: ='New Site'!U26 -> 0 | F93: ='New Site'!U27 -> 0 | G93: ='New Site'!U28 -> 0 | H93: ='New Site'!U29 -> 0 | I93: ='New Site'!U30 -> 0 | J93: ='New Site'!U31 -> 0 | K93: ='New Site'!U32 -> 0 | L93: ='New Site'!U33 -> 0 | M93: ='New Site'!U34 -> 0 | N93: ='New Site'!U35 -> 0 | O93: ='New Site'!U36 -> 0 | P93: ='New Site'!U37 -> 0 | Q93: ='New Site'!U38 -> 0 | R93: ='New Site'!U39 -> 0 | S93: ='New Site'!U40 -> 0 | T93: ='New Site'!U41 -> 0 | U93: ='New Site'!U42 -> 0 | V93: ='New Site'!U43 -> 0 | W93: ='New Site'!U44 -> 0 | X93: ='New Site'!U45 -> 0 | Y93: ='New Site'!U46 -> 0
B95: System IRR | F95: =IRR(E93:F93,0) -> #NUM! | G95: =IRR($E$93:G93,0) -> #NUM! | H95: =IRR($E$93:H93,0) -> #NUM! | I95: =IRR($E$93:I93,0) -> #NUM! | J95: =IRR($E$93:J93,0) -> #NUM! | K95: =IRR($E$93:K93,0) -> #NUM! | L95: =IRR($E$93:L93,0) -> #NUM! | M95: =IRR($E$93:M93,0) -> #NUM! | N95: =IRR($E$93:N93,0) -> #NUM! | ... Y95: =IRR($E$93:Y93,0) -> #NUM!
B96: System NPV | F96: =NPV(Summary!C128,'Site - TS'!$E$93:F93) -> 0 | G96: =NPV(Summary!C128,'Site - TS'!$E$93:G93) -> 0 | H96: =NPV(Summary!D128,'Site - TS'!$E$93:H93) -> 0 | I96: =NPV(Summary!E129,'Site - TS'!$E$93:I93) -> #VALUE! | J96: =NPV(Summary!F129,'Site - TS'!$E$93:J93) -> 0 | K96: =NPV(Summary!G129,'Site - TS'!$E$93:K93) -> 0 | L96: =NPV(Summary!H129,'Site - TS'!$E$93:L93) -> #VALUE! | M96: =NPV(Summary!I129,'Site - TS'!$E$93:M93) -> 0 | N96: =NPV(Summary!J129,'Site - TS'!$E$93:N93) -> 0 | O96: =NPV(Summary!K129,'Site - TS'!$E$93:O93) -> #VALUE! | P96: =NPV(Summary!L128,'Site - TS'!$E$93:P93) -> 0 | Q96: =NPV(Summary!M128,'Site - TS'!$E$93:Q93) -> 0 | R96: =NPV(Summary!N128,'Site - TS'!$E$93:R93) -> 0 | S96: =NPV(Summary!O128,'Site - TS'!$E$93:S93) -> 0 | T96: =NPV(Summary!P128,'Site - TS'!$E$93:T93) -> 0 | U96: =NPV(Summary!Q128,'Site - TS'!$E$93:U93) -> 0 | V96: =NPV(Summary!R128,'Site - TS'!$E$93:V93) -> 0 | W96: =NPV(Summary!S128,'Site - TS'!$E$93:W93) -> 0 | ... Y96: =NPV(Summary!U128,'Site - TS'!$E$93:Y93) -> 0
B100: CEG benefit fund cashflow | F100: ='Twiggs Stores'!$AA27 -> 0 | G100: ='Twiggs Stores'!$AA28 -> 0 | H100: ='Twiggs Stores'!$AA29 -> 0 | I100: ='Twiggs Stores'!$AA30 -> 0 | J100: ='Twiggs Stores'!$AA31 -> 0 | K100: ='Twiggs Stores'!$AA32 -> 0 | L100: ='Twiggs Stores'!$AA33 -> 0 | M100: ='Twiggs Stores'!$AA34 -> 0 | N100: ='Twiggs Stores'!$AA35 -> 0 | O100: ='Twiggs Stores'!$AA36 -> 0 | P100: ='Twiggs Stores'!$AA37 -> 0 | Q100: ='Twiggs Stores'!$AA38 -> 0 | R100: ='Twiggs Stores'!$AA39 -> 0 | S100: ='Twiggs Stores'!$AA40 -> 0 | T100: ='Twiggs Stores'!$AA41 -> 0 | U100: ='Twiggs Stores'!$AA42 -> 0 | V100: ='Twiggs Stores'!$AA43 -> 0 | W100: ='Twiggs Stores'!$AA44 -> 0 | X100: ='Twiggs Stores'!$AA45 -> 0 | Y100: ='Twiggs Stores'!$AA46 -> 0
F103: ='Twiggs Stores'!$Z27 -> 0 | G103: ='Twiggs Stores'!$Z28 -> 0 | H103: ='Twiggs Stores'!$Z29 -> 0 | I103: ='Twiggs Stores'!$Z30 -> 0 | J103: ='Twiggs Stores'!$Z31 -> 0 | K103: ='Twiggs Stores'!$Z32 -> 0 | L103: ='Twiggs Stores'!$Z33 -> 0 | M103: ='Twiggs Stores'!$Z34 -> 0 | N103: ='Twiggs Stores'!$Z35 -> 0 | O103: ='Twiggs Stores'!$Z36 -> 0 | P103: ='Twiggs Stores'!$Z37 -> 0 | Q103: ='Twiggs Stores'!$Z38 -> 0 | R103: ='Twiggs Stores'!$Z39 -> 0 | S103: ='Twiggs Stores'!$Z40 -> 0 | T103: ='Twiggs Stores'!$Z41 -> 0 | U103: ='Twiggs Stores'!$Z42 -> 0 | V103: ='Twiggs Stores'!$Z43 -> 0 | W103: ='Twiggs Stores'!$Z44 -> 0 | X103: ='Twiggs Stores'!$Z45 -> 0 | Y103: ='Twiggs Stores'!$Z46 -> 0

Sheet Highfields Upper
D5: Matlock Town Council: Solar PV financial tool
C7: INPUTS | M7: OUTPUTS
C9: SITE SELECTION | M9: FINANCIAL CASHFLOW | O9: SYSTEM FINANCIAL METRICS | Q9: PV SYSYEM
C10: Site selection | D10: Highfields upper | H10: Site values | M10: Year in review | N10: 20 | O10: SPY | P10: =D21/U27 -> 15.823676 | Q10: Projected energy generation (MWh) | R10: =IF(D10="Twiggs steelyard",Scenarios!J11,IF(D10="Twiggs stores",Scenarios!N11,IF(D10="Highfields upper",Scenarios!R11,IF(D10="Highfields lower",Scenarios!V11,IF(D10="New site",Scenarios!W11))))) -> 164.7
C11: Site operation type | D11: Highfields upper | G11: Site annual electricity consumption (MWh) | H11: 384 | M11: Cumulative project income | N11: =Summary!J123 -> 336613.71 | O11: IRR (20 years) | P11: =VLOOKUP(O11,'Site - HU'!B10:Y13,24,FALSE) -> 0.031650478 | Q11: Site savings (£/yr) | R11: ='Site - HU'!C31 -> 2329.1346
G12: System size (kWp) | H12: 180 | I12: =IF(H12="",IF(D10="New site","Must input own values",IF(D10="Twiggs stores",70,IF(D10="Twiggs steelyard",80,IF(D10="Highfields upper",150,IF(D10="Highfields lower",60,"N/A"))))),"") | M12: Project cashflow | N12: =Summary!J124 -> 71935.194 | O12: NPV (20 years) | P12: =VLOOKUP(O12,'Site - HU'!B11:Y15,24,FALSE) -> -87779.72 | Q12: Annual carbon savings (tCO2e) | R12: ='Site - HU'!C37 -> 34.310712
G13: Regional solar irradiance | H13: 915 | I13: =IF(H13="",IF(D10="Twiggs steelyard",868,IF(D10="Twiggs stores",852,IF(D10="Highfields upper",915,IF(D10="Highfields lower",894,IF(D10="New site","Must input own values"))))),"") | M13: CEG benefit fund cashflow | N13: =Summary!J128 -> 0 | O13: Average ROI (20 years) | P13: =VLOOKUP(O13,'Site - HU'!B12:Y16,2,FALSE) -> 0.068874488
M14: CEG surplus cashflow | N14: =Summary!J120 -> 62935.194
C15: 1. CAPEX | G15: 2. OPEX | M15: Expected annual opex | N15: =Summary!J121 -> 1599.5787
D16: Site values | H16: Site values | M16: Expected annual income | N16: =Summary!J122 -> 18435.347
C17: Total capex for PV system (£) | D17: 225000 | G17: PV maintenance cost/yr (£) | H17: 1098
C18: Additional capex costs (£) | D18: 0 | G18: Additional opex cost/yr (£) | H18: 0
C19: DNO cost (£) | D19: 0 | G19: Community energy fund allocation cost/yr (£) | H19: 0
C21: TOTAL CAPEX (£) | D21: =SUM(D17:D19) -> 225000 | G21: TOTAL OPEX (£) | H21: =SUM(H17:H19) -> 1098
M22: YEARLY CASH FLOWS TABLE
C24: 3. REPEX | N24: COSTS | R24: ENERGY SALES | U24: INVESTOR & CEG DIVIDENDS | X24: CASH FLOWS
C25: Inverter cost (£) | D25: 13000 | M25: YEAR IN STUDY | N25: CAPEX COSTS | O25: REPEX COSTS | P25: OPEX COSTS | Q25: TOTAL COSTS | R25: ENERGY SALES TO SITE | S25: EXPORT INCOME | T25: TOTAL PROJECT INCOME | U25: NET INCOME PRE DIVIDENDS | V25: INVESTOR DIVIDENDS | W25: INVESTOR CASH POSITION | X25: NET INCOME POST DIVIDENDS | Y25: PROJECT CASHFLOW | Z25: CEG BENEFIT FUND | AA25: CEG BENEFIT FUND CASHFLOW | AB25: CEG SURPLUS CASHFLOW
C26: Inverter replacement year | D26: 11 | M26: 0 | N26: =D21 -> 225000 | O26: =IF(D10="New site",D19+D18,E18+E19) -> 0 | Q26: =P26+O26+N26 -> 225000 | U26: =T26-Q26 -> -225000 | W26: =-D21 -> -225000 | Y26: =-Q26 -> -225000 | AA26: 0 | AB26: 0
M27: 1 | O27: ='Site - HU'!F$60 -> 0 | P27: =H21 -> 1098 | Q27: =P27+O27+N27 -> 1098 | R27: ='Site - HU'!F$32 -> 12268.108 | S27: ='Site - HU'!F$34 -> 3049.0911 | T27: =R27+S27 -> 15317.199 | U27: =T27-Q27 -> 14219.199 | V27: =($D$21+$D$21*$H$31)/20 -> 11700 | W27: =$W26+$V27 -> -213300 | X27: =U27-V27 -> 2519.1988 | Y27: =Y26+U27 -> -210780.8 | Z27: =H19 -> 0 | AA27: =AA26+Z27 -> 0 | AB27: =AB26+X27 -> 2519.1988
C28: 4. ELECTRICITY REVENUE STREAMS | G28: 5. EXTERNAL VARIABLES | M28: 2 | O28: ='Site - HU'!G$60 -> 0 | P28: =P27*(1+$H$32) -> 1119.96 | Q28: =P28+O28+N28 -> 1119.96 | R28: ='Site - HU'!G$32 -> 12388.335 | S28: ='Site - HU'!G$34 -> 3078.9722 | T28: =R28+S28 -> 15467.307 | U28: =T28-Q28 -> 14347.347 | V28: =($D$21+$D$21*$H$31)/20 -> 11700 | W28: =$W27+$V28 -> -201600 | X28: =U28-V28 -> 2647.3474 | Y28: =Y27+U28 -> -196433.45 | Z28: =Z27*(1+$H$32) -> 0 | AA28: =AA27+Z28 -> 0 | AB28: =AB27+X28 -> 5166.5462
H29: Site values | M29: 3 | O29: ='Site - HU'!H$60 -> 0 | P29: =P28*(1+$H$32) -> 1142.3592 | Q29: =P29+O29+N29 -> 1142.3592 | R29: ='Site - HU'!H$32 -> 12509.741 | S29: ='Site - HU'!H$34 -> 3109.1461 | T29: =R29+S29 -> 15618.887 | U29: =T29-Q29 -> 14476.528 | V29: =($D$21+$D$21*$H$31)/20 -> 11700 | W29: =$W28+$V29 -> -189900 | X29: =U29-V29 -> 2776.5278 | Y29: =Y28+U29 -> -181956.93 | Z29: =Z28*(1+$H$32) -> 0 | AA29: =AA28+Z29 -> 0 | AB29: =AB28+X29 -> 7943.074
C30: Site PPA electrictity price (£/MWh) | D30: 114 | G30: Current site energy price (£/MWh) | H30: 127 | M30: 4 | O30: ='Site - HU'!I$60 -> 0 | P30: =P29*(1+$H$32) -> 1165.2064 | Q30: =P30+O30+N30 -> 1165.2064 | R30: ='Site - HU'!I$32 -> 12632.336 | S30: ='Site - HU'!I$34 -> 3139.6158 | T30: =R30+S30 -> 15771.952 | U30: =T30-Q30 -> 14606.746 | V30: =($D$21+$D$21*$H$31)/20 -> 11700 | W30: =$W29+$V30 -> -178200 | X30: =U30-V30 -> 2906.7457 | Y30: =Y29+U30 -> -167350.18 | Z30: =Z29*(1+$H$32) -> 0 | AA30: =AA29+Z30 -> 0 | AB30: =AB29+X30 -> 10849.82
C31: Secondary PPA electrcity price (£/MWh) | D31: 55 | G31: Investor ROI | H31: 0.04 | M31: 5 | O31: ='Site - HU'!J$60 -> 0 | P31: =P30*(1+$H$32) -> 1188.5105 | Q31: =P31+O31+N31 -> 1188.5105 | R31: ='Site - HU'!J$32 -> 12756.133 | S31: ='Site - HU'!J$34 -> 3170.384 | T31: =R31+S31 -> 15926.517 | U31: =T31-Q31 -> 14738.007 | V31: =($D$21+$D$21*$H$31)/20 -> 11700 | W31: =$W30+$V31 -> -166500 | X31: =U31-V31 -> 3038.0067 | Y31: =Y30+U31 -> -152612.17 | Z31: =Z30*(1+$H$32) -> 0 | AA31: =AA30+Z31 -> 0 | AB31: =AB30+X31 -> 13887.826
G32: Inflation (%) | H32: 0.02 | M32: 6 | O32: ='Site - HU'!K$60 -> 0 | P32: =P31*(1+$H$32) -> 1212.2807 | Q32: =P32+O32+N32 -> 1212.2807 | R32: ='Site - HU'!K$32 -> 12881.143 | S32: ='Site - HU'!K$34 -> 3201.4537 | T32: =R32+S32 -> 16082.597 | U32: =T32-Q32 -> 14870.316 | V32: =($D$21+$D$21*$H$31)/20 -> 11700 | W32: =$W31+$V32 -> -154800 | X32: =U32-V32 -> 3170.3164 | Y32: =Y31+U32 -> -137741.86 | Z32: =Z31*(1+$H$32) -> 0 | AA32: =AA31+Z32 -> 0 | AB32: =AB31+X32 -> 17058.143
G33: Yearly solar PV output degredation | H33: 0.01 | M33: 7 | O33: ='Site - HU'!L$60 -> 0 | P33: =P32*(1+$H$32) -> 1236.5263 | Q33: =P33+O33+N33 -> 1236.5263 | R33: ='Site - HU'!L$32 -> 13007.379 | S33: ='Site - HU'!L$34 -> 3232.828 | T33: =R33+S33 -> 16240.207 | U33: =T33-Q33 -> 15003.68 | V33: =($D$21+$D$21*$H$31)/20 -> 11700 | W33: =$W32+$V33 -> -143100 | X33: =U33-V33 -> 3303.6802 | Y33: =Y32+U33 -> -122738.18 | Z33: =Z32*(1+$H$32) -> 0 | AA33: =AA32+Z33 -> 0 | AB33: =AB32+X33 -> 20361.823
G34: Discount rate (%) | H34: 0.1 | M34: 8 | O34: ='Site - HU'!M$60 -> 0 | P34: =P33*(1+$H$32) -> 1261.2569 | Q34: =P34+O34+N34 -> 1261.2569 | R34: ='Site - HU'!M$32 -> 13134.851 | S34: ='Site - HU'!M$34 -> 3264.5097 | T34: =R34+S34 -> 16399.361 | U34: =T34-Q34 -> 15138.104 | V34: =($D$21+$D$21*$H$31)/20 -> 11700 | W34: =$W33+$V34 -> -131400 | X34: =U34-V34 -> 3438.1037 | Y34: =Y33+U34 -> -107600.07 | Z34: =Z33*(1+$H$32) -> 0 | AA34: =AA33+Z34 -> 0 | AB34: =AB33+X34 -> 23799.927
M35: 9 | O35: ='Site - HU'!N$60 -> 0 | P35: =P34*(1+$H$32) -> 1286.482 | Q35: =P35+O35+N35 -> 1286.482 | R35: ='Site - HU'!N$32 -> 13263.572 | S35: ='Site - HU'!N$34 -> 3296.5019 | T35: =R35+S35 -> 16560.074 | U35: =T35-Q35 -> 15273.592 | V35: =($D$21+$D$21*$H$31)/20 -> 11700 | W35: =$W34+$V35 -> -119700 | X35: =U35-V35 -> 3573.5923 | Y35: =Y34+U35 -> -92326.481 | Z35: =Z34*(1+$H$32) -> 0 | AA35: =AA34+Z35 -> 0 | AB35: =AB34+X35 -> 27373.519
M36: 10 | O36: ='Site - HU'!O$60 -> 0 | P36: =P35*(1+$H$32) -> 1312.2116 | Q36: =P36+O36+N36 -> 1312.2116 | R36: ='Site - HU'!O$32 -> 13393.555 | S36: ='Site - HU'!O$34 -> 3328.8076 | T36: =R36+S36 -> 16722.363 | U36: =T36-Q36 -> 15410.151 | V36: =($D$21+$D$21*$H$31)/20 -> 11700 | W36: =$W35+$V36 -> -108000 | X36: =U36-V36 -> 3710.1514 | Y36: =Y35+U36 -> -76916.33 | Z36: =Z35*(1+$H$32) -> 0 | AA36: =AA35+Z36 -> 0 | AB36: =AB35+X36 -> 31083.67
M37: 11 | O37: 13000 | P37: =P36*(1+$H$32) -> 1338.4559 | Q37: =P37+O37+N37 -> 14338.456 | R37: ='Site - HU'!P$32 -> 13524.812 | S37: ='Site - HU'!P$34 -> 3361.4299 | T37: =R37+S37 -> 16886.242 | U37: =T37-Q37 -> 2547.7863 | V37: =($D$21+$D$21*$H$31)/20 -> 11700 | W37: =$W36+$V37 -> -96300 | X37: =U37-V37 -> -9152.2137 | Y37: =Y36+U37 -> -74368.543 | Z37: =Z36*(1+$H$32) -> 0 | AA37: =AA36+Z37 -> 0 | AB37: =AB36+X37 -> 21931.457
M38: 12 | O38: ='Site - HU'!Q$60 -> 0 | P38: =P37*(1+$H$32) -> 1365.225 | Q38: =P38+O38+N38 -> 1365.225 | R38: ='Site - HU'!Q$32 -> 13657.355 | S38: ='Site - HU'!Q$34 -> 3394.372 | T38: =R38+S38 -> 17051.727 | U38: =T38-Q38 -> 15686.502 | V38: =($D$21+$D$21*$H$31)/20 -> 11700 | W38: =$W37+$V38 -> -84600 | X38: =U38-V38 -> 3986.5023 | Y38: =Y37+U38 -> -58682.041 | Z38: =Z37*(1+$H$32) -> 0 | AA38: =AA37+Z38 -> 0 | AB38: =AB37+X38 -> 25917.959
M39: 13 | O39: 0 | P39: =P38*(1+$H$32) -> 1392.5295 | Q39: =P39+O39+N39 -> 1392.5295 | R39: ='Site - HU'!R$32 -> 13791.197 | S39: ='Site - HU'!R$34 -> 3427.6368 | T39: =R39+S39 -> 17218.834 | U39: =T39-Q39 -> 15826.305 | V39: =($D$21+$D$21*$H$31)/20 -> 11700 | W39: =$W38+$V39 -> -72900 | X39: =U39-V39 -> 4126.3048 | Y39: =Y38+U39 -> -42855.736 | Z39: =Z38*(1+$H$32) -> 0 | AA39: =AA38+Z39 -> 0 | AB39: =AB38+X39 -> 30044.264
M40: 14 | O40: ='Site - HU'!S$60 -> 0 | P40: =P39*(1+$H$32) -> 1420.3801 | Q40: =P40+O40+N40 -> 1420.3801 | R40: ='Site - HU'!S$32 -> 13926.351 | S40: ='Site - HU'!S$34 -> 3461.2276 | T40: =R40+S40 -> 17387.579 | U40: =T40-Q40 -> 15967.199 | V40: =($D$21+$D$21*$H$31)/20 -> 11700 | W40: =$W39+$V40 -> -61200 | X40: =U40-V40 -> 4267.1988 | Y40: =Y39+U40 -> -26888.538 | Z40: =Z39*(1+$H$32) -> 0 | AA40: =AA39+Z40 -> 0 | AB40: =AB39+X40 -> 34311.462
M41: 15 | O41: ='Site - HU'!T$60 -> 0 | P41: =P40*(1+$H$32) -> 1448.7877 | Q41: =P41+O41+N41 -> 1448.7877 | R41: ='Site - HU'!T$32 -> 14062.829 | S41: ='Site - HU'!T$34 -> 3495.1477 | T41: =R41+S41 -> 17557.977 | U41: =T41-Q41 -> 16109.189 | V41: =($D$21+$D$21*$H$31)/20 -> 11700 | W41: =$W40+$V41 -> -49500 | X41: =U41-V41 -> 4409.1894 | Y41: =Y40+U41 -> -10779.348 | Z41: =Z40*(1+$H$32) -> 0 | AA41: =AA40+Z41 -> 0 | AB41: =AB40+X41 -> 38720.652
M42: 16 | O42: ='Site - HU'!U$60 -> 0 | P42: =P41*(1+$H$32) -> 1477.7634 | Q42: =P42+O42+N42 -> 1477.7634 | R42: ='Site - HU'!U$32 -> 14200.645 | S42: ='Site - HU'!U$34 -> 3529.4001 | T42: =R42+S42 -> 17730.045 | U42: =T42-Q42 -> 16252.282 | V42: =($D$21+$D$21*$H$31)/20 -> 11700 | W42: =$W41+$V42 -> -37800 | X42: =U42-V42 -> 4552.2819 | Y42: =Y41+U42 -> 5472.9337 | Z42: =Z41*(1+$H$32) -> 0 | AA42: =AA41+Z42 -> 0 | AB42: =AB41+X42 -> 43272.934
M43: 17 | O43: ='Site - HU'!V$60 -> 0 | P43: =P42*(1+$H$32) -> 1507.3187 | Q43: =P43+O43+N43 -> 1507.3187 | R43: ='Site - HU'!V$32 -> 14339.811 | S43: ='Site - HU'!V$34 -> 3563.9882 | T43: =R43+S43 -> 17903.8 | U43: =T43-Q43 -> 16396.481 | V43: =($D$21+$D$21*$H$31)/20 -> 11700 | W43: =$W42+$V43 -> -26100 | X43: =U43-V43 -> 4696.481 | Y43: =Y42+U43 -> 21869.415 | Z43: =Z42*(1+$H$32) -> 0 | AA43: =AA42+Z43 -> 0 | AB43: =AB42+X43 -> 47969.415
M44: 18 | O44: ='Site - HU'!W$60 -> 0 | P44: =P43*(1+$H$32) -> 1537.4651 | Q44: =P44+O44+N44 -> 1537.4651 | R44: ='Site - HU'!W$32 -> 14480.342 | S44: ='Site - HU'!W$34 -> 3598.9153 | T44: =R44+S44 -> 18079.257 | U44: =T44-Q44 -> 16541.792 | V44: =($D$21+$D$21*$H$31)/20 -> 11700 | W44: =$W43+$V44 -> -14400 | X44: =U44-V44 -> 4841.7919 | Y44: =Y43+U44 -> 38411.207 | Z44: =Z43*(1+$H$32) -> 0 | AA44: =AA43+Z44 -> 0 | AB44: =AB43+X44 -> 52811.207
M45: 19 | O45: ='Site - HU'!X$60 -> 0 | P45: =P44*(1+$H$32) -> 1568.2144 | Q45: =P45+O45+N45 -> 1568.2144 | R45: ='Site - HU'!X$32 -> 14622.249 | S45: ='Site - HU'!X$34 -> 3634.1847 | T45: =R45+S45 -> 18256.434 | U45: =T45-Q45 -> 16688.219 | V45: =($D$21+$D$21*$H$31)/20 -> 11700 | W45: =$W44+$V45 -> -2700 | X45: =U45-V45 -> 4988.2193 | Y45: =Y44+U45 -> 55099.426 | Z45: =Z44*(1+$H$32) -> 0 | AA45: =AA44+Z45 -> 0 | AB45: =AB44+X45 -> 57799.426
M46: 20 | O46: ='Site - HU'!Y$60 -> 0 | P46: =P45*(1+$H$32) -> 1599.5787 | Q46: =P46+O46+N46 -> 1599.5787 | R46: ='Site - HU'!Y$32 -> 14765.547 | S46: ='Site - HU'!Y$34 -> 3669.7997 | T46: =R46+S46 -> 18435.347 | U46: =T46-Q46 -> 16835.768 | V46: =($D$21+$D$21*$H$31)/20 -> 11700 | W46: =$W45+$V46 -> 9000 | X46: =U46-V46 -> 5135.7681 | Y46: =Y45+U46 -> 71935.194 | Z46: =Z45*(1+$H$32) -> 0 | AA46: =AA45+Z46 -> 0 | AB46: =AB45+X46 -> 62935.194
M48: Total | N48: =SUM(N26:N46) -> 225000 | O48: =SUM(O26:O46) -> 13000 | P48: =SUM(P26:P46) -> 26678.512 | Q48: =SUM(Q26:Q46) -> 264678.51 | R48: =SUM(R26:R46) -> 269606.29 | S48: =SUM(S26:S46) -> 67007.412 | T48: =SUM(T26:T46) -> 336613.71 | U48: =SUM(U26:U46) -> 71935.194 | V48: =SUM(V26:V46) -> 234000 | X48: =SUM(X26:X46) -> 62935.194 | Z48: =SUM(Z27:Z46) -> 0
A87: 1100

Sheet Site - HU
B5: Scheme option | C5: ='Highfields Upper'!D10 -> Highfields upper | L5: Max PPA capacity: | M5: ='New Site'!D33 -> 0
B6: Period count
B7: Year | E7: 0 | F7: =E7+1 -> 1 | G7: =F7+1 -> 2 | H7: =G7+1 -> 3 | I7: =H7+1 -> 4 | J7: =I7+1 -> 5 | K7: =J7+1 -> 6 | L7: =K7+1 -> 7 | M7: =L7+1 -> 8 | ... BM7: =BL7+1 -> 60
E8: =Scenarios!H4 -> 2023 | F8: =E8+1 -> 2024 | G8: =F8+1 -> 2025 | H8: =G8+1 -> 2026 | I8: =H8+1 -> 2027 | J8: =I8+1 -> 2028 | K8: =J8+1 -> 2029 | L8: =K8+1 -> 2030 | M8: =L8+1 -> 2031 | ... BM8: =BL8+1 -> 2083
C9: Totals
B10: Cash flow | C10: =SUM(E10:BM10) -> 892711.75 | E10: =IFERROR(E41+E48+E62, 0) -> -225000 | F10: =IFERROR(F41+F48+F62, 0) -> 14219.199 | G10: =IFERROR(G41+G48+G62, 0) -> 14347.347 | H10: =IFERROR(H41+H48+H62, 0) -> 14476.528 | I10: =IFERROR(I41+I48+I62, 0) -> 14606.746 | J10: =IFERROR(J41+J48+J62, 0) -> 14738.007 | K10: =IFERROR(K41+K48+K62, 0) -> 14870.316 | L10: =IFERROR(L41+L48+L62, 0) -> 15003.68 | ... BM10: =IFERROR(BM41+BM48+BM62, 0) -> 23699.216
B11: Cumulative cash position | E11: =IFERROR(E10+C11, 0) -> -225000 | F11: =IFERROR(F10+E11, 0) -> -210780.8 | G11: =IFERROR(G10+F11, 0) -> -196433.45 | H11: =IFERROR(H10+G11, 0) -> -181956.93 | I11: =IFERROR(I10+H11, 0) -> -167350.18 | J11: =IFERROR(J10+I11, 0) -> -152612.17 | K11: =IFERROR(K10+J11, 0) -> -137741.86 | L11: =IFERROR(L10+K11, 0) -> -122738.18 | M11: =IFERROR(M10+L11, 0) -> -107600.07 | ... BM11: =IFERROR(BM10+BL11, 0) -> 892711.75
B12: IRR (20 years) | C12: =SUM(E12:BM12) -> -1.0596628 | F12: =IRR(E10:F10,0) -> -0.93680356 | G12: =IRR(E10:G10,0) -> -0.7139132 | H12: =IRR(E10:H10,0) -> -0.52192111 | I12: =IRR(E10:I10,0) -> -0.38464865 | J12: =IRR(E10:J10,0) -> -0.28734224 | K12: =IRR(E10:K10,0) -> -0.21684918 | L12: =IRR(E10:L10,0) -> -0.16443932 | M12: =IRR(E10:M10,0) -> -0.12451825 | N12: =IRR(E10:N10,0) -> -0.093454165 | O12: =IRR(E10:O10,0) -> -0.068830945 | P12: =IRR(E10:P10,0) -> -0.048998574 | Q12: =IRR(E10:Q10,0) -> -0.032801807 | R12: =IRR(E10:R10,0) -> -0.019413185 | S12: =IRR(E10:S10,0) -> -0.0082277434 | T12: =IRR(E10:T10,0) -> 0.0012050229 | U12: =IRR(E10:U10,0) -> 0.0092261775 | V12: =IRR(E10:V10,0) -> 0.016097786 | W12: =IRR(E10:W10,0) -> 0.02202392 | X12: =IRR(E10:X10,0) -> 0.027165427 | Y12: =IRR(E10:Y10,0) -> 0.031650478 | Z12: =IRR(E10:Z10,0) -> 0.035582238 | AA12: =IRR(E10:AA10,0) -> 0.0390445 | AB12: =IRR(E10:AB10,0) -> 0.0421059 | AC12: =IRR(E10:AC10,0) -> 0.044823088 | AD12: =IRR(E10:AD10,0) -> 0.047243162 | AE12: =IRR(E10:AE10,0) -> 0.049405528 | AF12: =IRR(E10:AF10,0) -> 0.051343364 | AG12: =IRR(E10:AG10,0) -> 0.053084763 | AH12: =IRR(E10:AH10,0) -> 0.054653634 | AI12: =IRR(E10:AI10,1000) -> 0.05607043 | AJ12: =IRR(E10:AJ10,0) -> 0.057352726 | AK12: =IRR(E10:AK10,0) -> 0.05851569 | AL12: =IRR(E10:AL10,0) -> 0.059572467 | AM12: =IRR(E10:AM10,0) -> 0.060534492 | AN12: =IRR(E10:AN10,0) -> 0.061411746 | AO12: =IRR(E10:AO10,0) -> 0.062212973 | AP12: =IRR(E10:AP10,0) -> 0.062945859 | AQ12: =IRR(E10:AQ10,0) -> 0.063617177 | AR12: =IRR(E10:AR10,0) -> 0.064232915 | AS12: =IRR(E10:AS10,0) -> 0.06479838 | AT12: =IRR(E10:AT10,0) -> 0.06531829 | AU12: =IRR(E10:AU10,0) -> 0.065796847 | AV12: =IRR(E10:AV10,0) -> 0.066237803 | AW12: =IRR(E10:AW10,0) -> 0.066644518 | AX12: =IRR(E10:AX10,0) -> 0.067020003 | AY12: =IRR(E10:AY10,0) -> 0.067366965 | AZ12: =IRR(E10:AZ10,0) -> 0.067687841 | BA12: =IRR(E10:BA10,0) -> 0.06798483 | BB12: =IRR(E10:BB10,0) -> 0.068259918 | BC12: =IRR(E10:BC10,0) -> 0.068514903 | BD12: =IRR(E10:BD10,0) -> 0.068751417 | BE12: =IRR(E10:BE10,0) -> 0.068970938 | BF12: =IRR(E10:BF10,0) -> 0.069174813 | BG12: =IRR(E10:BG10,0) -> 0.069364267 | BH12: =IRR(E10:BH10,0) -> 0.069540418 | BI12: =IRR(E10:BI10,0) -> 0.069704287 | BJ12: =IRR(E10:BJ10,0) -> 0.069856806 | BK12: =IRR(E10:BK10,0) -> 0.069998828 | BL12: =IRR(E10:BL10,0) -> 0.070131137 | BM12: =IRR(E10:BM10,0) -> 0.070254448
B13: NPV (20 years) | C13: =SUM(E13:BM13) -> -5319495 | F13: =NPV('Highfields Upper'!$H$34, $E$10:F10) -> -192794.05 | G13: =NPV('Highfields Upper'!$H$34, $E$10:G10) -> -182014.68 | H13: =NPV('Highfields Upper'!$H$34, $E$10:H10) -> -172127.01 | I13: =NPV('Highfields Upper'!$H$34, $E$10:I10) -> -163057.37 | J13: =NPV('Highfields Upper'!$H$34, $E$10:J10) -> -154738.15 | K13: =NPV('Highfields Upper'!$H$34, $E$10:K10) -> -147107.33 | L13: =NPV('Highfields Upper'!$H$34, $E$10:L10) -> -140108 | M13: =NPV('Highfields Upper'!$H$34, $E$10:M10) -> -133687.97 | ... BM13: =NPV('Highfields Upper'!$H$34, $E$10:BM10) -> -63422.362
B14: Average ROI (20 years) | C14: =AVERAGE(F14:Y14) -> 0.068874488 | F14: =F10/$E58 -> 0.063196439 | G14: =G10/$E58 -> 0.063765988 | H14: =H10/$E58 -> 0.064340123 | I14: =I10/$E58 -> 0.06491887 | J14: =J10/$E58 -> 0.065502252 | K14: =K10/$E58 -> 0.066090295 | L14: =L10/$E58 -> 0.066683023 | M14: =M10/$E58 -> 0.067280461 | ... Y14: =Y10/$E58 -> 0.074825636
B16: Graph flows (just for visuals) | E16: =-'Investor table'!E11 -> -1500 | F16: ='Investor table'!$G$11 -> #DIV/0! | G16: ='Investor table'!$G$11 -> #DIV/0! | H16: ='Investor table'!$G$11 -> #DIV/0! | I16: ='Investor table'!$G$11 -> #DIV/0! | J16: ='Investor table'!$G$11 -> #DIV/0! | K16: ='Investor table'!$G$11 -> #DIV/0! | L16: ='Investor table'!$G$11 -> #DIV/0! | M16: ='Investor table'!$G$11 -> #DIV/0! | ... BM16: ='Investor table'!$G$11 -> #DIV/0!
B17: Investor payback | E17: =-'Investor table'!E11 -> -1500 | F17: =IFERROR(F16+E17, 0) -> 0 | G17: =IFERROR(G16+F17, 0) -> 0 | H17: =IFERROR(H16+G17, 0) -> 0 | I17: =IFERROR(I16+H17, 0) -> 0 | J17: =IFERROR(J16+I17, 0) -> 0 | K17: =IFERROR(K16+J17, 0) -> 0 | L17: =IFERROR(L16+K17, 0) -> 0 | M17: =IFERROR(M16+L17, 0) -> 0 | ... BM17: =IFERROR(BM16+BL17, 0) -> 0
B20: Energy flows
B21: Annual electricity consumption (MWh) | C21: =SUM(E21:BM21) -> 23424 | E21: =IF(ISBLANK('New Site'!$D$12),HLOOKUP($C$5, Scenarios!$D$7:$AD$27, MATCH($B$21, Scenarios!$C$7:$C$28, FALSE), FALSE),'New Site'!$D$12) -> 384 | F21: =IF(ISBLANK('New Site'!$D$12),HLOOKUP($C$5, Scenarios!$D$7:$AD$27, MATCH($B$21, Scenarios!$C$7:$C$28, FALSE), FALSE),'New Site'!$D$12) -> 384 | G21: =IF(ISBLANK('New Site'!$D$12),HLOOKUP($C$5, Scenarios!$D$7:$AD$27, MATCH($B$21, Scenarios!$C$7:$C$28, FALSE), FALSE),'New Site'!$D$12) -> 384 | H21: =IF(ISBLANK('New Site'!$D$12),HLOOKUP($C$5, Scenarios!$D$7:$AD$27, MATCH($B$21, Scenarios!$C$7:$C$28, FALSE), FALSE),'New Site'!$D$12) -> 384 | I21: =IF(ISBLANK('New Site'!$D$12),HLOOKUP($C$5, Scenarios!$D$7:$AD$27, MATCH($B$21, Scenarios!$C$7:$C$28, FALSE), FALSE),'New Site'!$D$12) -> 384 | J21: =IF(ISBLANK('New Site'!$D$12),HLOOKUP($C$5, Scenarios!$D$7:$AD$27, MATCH($B$21, Scenarios!$C$7:$C$28, FALSE), FALSE),'New Site'!$D$12) -> 384 | K21: =IF(ISBLANK('New Site'!$D$12),HLOOKUP($C$5, Scenarios!$D$7:$AD$27, MATCH($B$21, Scenarios!$C$7:$C$28, FALSE), FALSE),'New Site'!$D$12) -> 384 | L21: =IF(ISBLANK('New Site'!$D$12),HLOOKUP($C$5, Scenarios!$D$7:$AD$27, MATCH($B$21, Scenarios!$C$7:$C$28, FALSE), FALSE),'New Site'!$D$12) -> 384 | ... BM21: =IF(ISBLANK('New Site'!$D$12),HLOOKUP($C$5, Scenarios!$D$7:$AD$27, MATCH($B$21, Scenarios!$C$7:$C$28, FALSE), FALSE),'New Site'!$D$12) -> 384
B22: Annual electricity production (MWh) | C22: =SUM(E22:BM22) -> 7548.4468 | E22: =IF(ISBLANK('New Site'!$D$13),HLOOKUP($C$5, Scenarios!$D$7:$AD$27, MATCH($B$22, Scenarios!$C$7:$C$28, FALSE), FALSE),('New Site'!$D$13*'New Site'!$I$12)/1000) -> 164.7 | F22: =E22*(1-$B$71) -> 163.053 | G22: =F22*(1-$B$71) -> 161.42247 | H22: =G22*(1-$B$71) -> 159.80825 | I22: =H22*(1-$B$71) -> 158.21016 | J22: =I22*(1-$B$71) -> 156.62806 | K22: =J22*(1-$B$71) -> 155.06178 | L22: =K22*(1-$B$71) -> 153.51116 | M22: =L22*(1-$B$71) -> 151.97605 | ... BM22: =BL22*(1-$B$71) -> 90.116699
B24: Electricity prices
B25: Price currently being payed (£/MWh) | E25: =IF($C$5="New Site",'New Site'!$H$30,'New Site'!$I$30) | F25: ='Highfields Upper'!H30 -> 127 | G25: =F25*(1+$B$76) -> 129.54 | H25: =G25*(1+$B$76) -> 132.1308 | I25: =H25*(1+$B$76) -> 134.77342 | J25: =I25*(1+$B$76) -> 137.46888 | K25: =J25*(1+$B$76) -> 140.21826 | L25: =K25*(1+$B$76) -> 143.02263 | M25: =L25*(1+$B$76) -> 145.88308 | N25: =M25*(1+$B$76) -> 148.80074 | ... BM25: =BL25*(1+$B$76) -> 408.5205
B26: Exporting to the grid (£/MWh) | E26: ='Highfields Upper'!D31 -> 55 | F26: ='Highfields Upper'!D31 -> 55 | G26: =F26*(1+$B$76) -> 56.1 | H26: =G26*(1+$B$76) -> 57.222 | I26: =H26*(1+$B$76) -> 58.36644 | J26: =I26*(1+$B$76) -> 59.533769 | K26: =J26*(1+$B$76) -> 60.724444 | L26: =K26*(1+$B$76) -> 61.938933 | M26: =L26*(1+$B$76) -> 63.177712 | N26: =M26*(1+$B$76) -> 64.441266 | ... BM26: =BL26*(1+$B$76) -> 176.91833
B27: Exporting to the PPA (£/MWh) | E27: ='Highfields Upper'!D31 -> 55 | F27: ='Highfields Upper'!D31 -> 55 | G27: =F27*(1+$B$76) -> 56.1 | H27: =G27*(1+$B$76) -> 57.222 | I27: =H27*(1+$B$76) -> 58.36644 | J27: =I27*(1+$B$76) -> 59.533769 | K27: =J27*(1+$B$76) -> 60.724444 | L27: =K27*(1+$B$76) -> 61.938933 | M27: =L27*(1+$B$76) -> 63.177712 | N27: =M27*(1+$B$76) -> 64.441266 | ... BM27: =BL27*(1+$B$76) -> 176.91833
B28: Exporting on site (£/MWh) | E28: ='Highfields Upper'!$D$30 -> 114 | F28: ='Highfields Upper'!$D$30 -> 114 | G28: =F28*(1+$B$76) -> 116.28 | H28: =G28*(1+$B$76) -> 118.6056 | I28: =H28*(1+$B$76) -> 120.97771 | J28: =I28*(1+$B$76) -> 123.39727 | K28: =J28*(1+$B$76) -> 125.86521 | L28: =K28*(1+$B$76) -> 128.38252 | M28: =L28*(1+$B$76) -> 130.95017 | N28: =M28*(1+$B$76) -> 133.56917 | ... BM28: =BL28*(1+$B$76) -> 366.70344
B30: Revenues
B31: Electricity costs saved due to solar (site users) | C31: =SUM(E31:Y31)/20 -> 2329.1346 | F31: =(F25-F28)*F22 -> 2119.689 | G31: =(G25-G28)*G22 -> 2140.462 | H31: =(H25-H28)*H22 -> 2161.4385 | I31: =(I25-I28)*I22 -> 2182.6206 | J31: =(J25-J28)*J22 -> 2204.0103 | K31: =(K25-K28)*K22 -> 2225.6096 | L31: =(L25-L28)*L22 -> 2247.4205 | M31: =(M25-M28)*M22 -> 2269.4453 | ... BM31: =(BM25-BM28)*BM22 -> 3768.4153
B32: Electricity sold to the site users | C32: =SUM(E32:BM32) -> 1007908.6 | E32: =IF($C$5="Twiggs stores",0.79*E28*E22,IF($C$5="Highfields upper",0.66*E28*E22,IF(AND('New Site'!$D$11="7 days per week",$C$5="New site"),IF(E22<E21,0.71*E28*E22,0.71*E28*E21),IF(E22<E21,E28*E22,E28*E21)))) -> 12392.028 | F32: =IF($C$5="Twiggs stores",0.79*F28*F22,IF($C$5="Highfields upper",0.66*F28*F22,IF(AND('New Site'!$D$11="7 days per week",$C$5="New site"),IF(F22<F21,0.71*F28*F22,0.71*F28*F21),IF(F22<F21,F28*F22,F28*F21)))) -> 12268.108 | G32: =IF($C$5="Twiggs stores",0.79*G28*G22,IF($C$5="Highfields upper",0.66*G28*G22,IF(AND('New Site'!$D$11="7 days per week",$C$5="New site"),IF(G22<G21,0.71*G28*G22,0.71*G28*G21),IF(G22<G21,G28*G22,G28*G21)))) -> 12388.335 | H32: =IF($C$5="Twiggs stores",0.79*H28*H22,IF($C$5="Highfields upper",0.66*H28*H22,IF(AND('New Site'!$D$11="7 days per week",$C$5="New site"),IF(H22<H21,0.71*H28*H22,0.71*H28*H21),IF(H22<H21,H28*H22,H28*H21)))) -> 12509.741 | I32: =IF($C$5="Twiggs stores",0.79*I28*I22,IF($C$5="Highfields upper",0.66*I28*I22,IF(AND('New Site'!$D$11="7 days per week",$C$5="New site"),IF(I22<I21,0.71*I28*I22,0.71*I28*I21),IF(I22<I21,I28*I22,I28*I21)))) -> 12632.336 | J32: =IF($C$5="Twiggs stores",0.79*J28*J22,IF($C$5="Highfields upper",0.66*J28*J22,IF(AND('New Site'!$D$11="7 days per week",$C$5="New site"),IF(J22<J21,0.71*J28*J22,0.71*J28*J21),IF(J22<J21,J28*J22,J28*J21)))) -> 12756.133 | K32: =IF($C$5="Twiggs stores",0.79*K28*K22,IF($C$5="Highfields upper",0.66*K28*K22,IF(AND('New Site'!$D$11="7 days per week",$C$5="New site"),IF(K22<K21,0.71*K28*K22,0.71*K28*K21),IF(K22<K21,K28*K22,K28*K21)))) -> 12881.143 | L32: =IF($C$5="Twiggs stores",0.79*L28*L22,IF($C$5="Highfields upper",0.66*L28*L22,IF(AND('New Site'!$D$11="7 days per week",$C$5="New site"),IF(L22<L21,0.71*L28*L22,0.71*L28*L21),IF(L22<L21,L28*L22,L28*L21)))) -> 13007.379 | ... BM32: =IF($C$5="Twiggs stores",0.79*BM28*BM22,IF($C$5="Highfields upper",0.66*BM28*BM22,IF(AND('New Site'!$D$11="7 days per week",$C$5="New site"),IF(BM22<BM21,0.71*BM28*BM22,0.71*BM28*BM21),IF(BM22<BM21,BM28*BM22,BM28*BM21)))) -> 21810.428
B33: Excess electricity sold to the community energy group | C33: =SUM(E33:BM33) -> 0 | E33: =IF(E22>E21,IF(E22-E21<$M$5,(E22-E21)*E27,$M$5*E27),0) -> 0 | F33: =IF(F22>F21,IF(F22-F21<$M$5,(F22-F21)*F27,$M$5*F27),0) -> 0 | G33: =IF(G22>G21,IF(G22-G21<$M$5,(G22-G21)*G27,$M$5*G27),0) -> 0 | H33: =IF(H22>H21,IF(H22-H21<$M$5,(H22-H21)*H27,$M$5*H27),0) -> 0 | I33: =IF(I22>I21,IF(I22-I21<$M$5,(I22-I21)*I27,$M$5*I27),0) -> 0 | J33: =IF(J22>J21,IF(J22-J21<$M$5,(J22-J21)*J27,$M$5*J27),0) -> 0 | K33: =IF(K22>K21,IF(K22-K21<$M$5,(K22-K21)*K27,$M$5*K27),0) -> 0 | L33: =IF(L22>L21,IF(L22-L21<$M$5,(L22-L21)*L27,$M$5*L27),0) -> 0 | ... BM33: =IF(BM22>BM21,IF(BM22-BM21<$M$5,(BM22-BM21)*BM27,$M$5*BM27),0) -> 0
B34: Excess electricity sold to the grid | C34: =SUM(E34:BM34) -> 250503.61 | E34: =IF($C$5="Twiggs stores",0.21*E26*E22,IF($C$5="Highfields upper",0.34*E26*E22,IF(AND('New Site'!$D$11="7 days per week",$C$5="New site"),0.29*E26*(E21-E22),IF(E22<E21,0,E26*(E21-E22))))) -> 3079.89 | F34: =IF($C$5="Twiggs stores",0.21*F26*F22,IF($C$5="Highfields upper",0.34*F26*F22,IF(AND('New Site'!$D$11="7 days per week",$C$5="New site"),0.29*F26*(F21-F22),IF(F22<F21,0,F26*(F21-F22))))) -> 3049.0911 | G34: =IF($C$5="Twiggs stores",0.21*G26*G22,IF($C$5="Highfields upper",0.34*G26*G22,IF(AND('New Site'!$D$11="7 days per week",$C$5="New site"),0.29*G26*(G21-G22),IF(G22<G21,0,G26*(G21-G22))))) -> 3078.9722 | H34: =IF($C$5="Twiggs stores",0.21*H26*H22,IF($C$5="Highfields upper",0.34*H26*H22,IF(AND('New Site'!$D$11="7 days per week",$C$5="New site"),0.29*H26*(H21-H22),IF(H22<H21,0,H26*(H21-H22))))) -> 3109.1461 | I34: =IF($C$5="Twiggs stores",0.21*I26*I22,IF($C$5="Highfields upper",0.34*I26*I22,IF(AND('New Site'!$D$11="7 days per week",$C$5="New site"),0.29*I26*(I21-I22),IF(I22<I21,0,I26*(I21-I22))))) -> 3139.6158 | J34: =IF($C$5="Twiggs stores",0.21*J26*J22,IF($C$5="Highfields upper",0.34*J26*J22,IF(AND('New Site'!$D$11="7 days per week",$C$5="New site"),0.29*J26*(J21-J22),IF(J22<J21,0,J26*(J21-J22))))) -> 3170.384 | K34: =IF($C$5="Twiggs stores",0.21*K26*K22,IF($C$5="Highfields upper",0.34*K26*K22,IF(AND('New Site'!$D$11="7 days per week",$C$5="New site"),0.29*K26*(K21-K22),IF(K22<K21,0,K26*(K21-K22))))) -> 3201.4537 | L34: =IF($C$5="Twiggs stores",0.21*L26*L22,IF($C$5="Highfields upper",0.34*L26*L22,IF(AND('New Site'!$D$11="7 days per week",$C$5="New site"),0.29*L26*(L21-L22),IF(L22<L21,0,L26*(L21-L22))))) -> 3232.828 | ... BM34: =IF($C$5="Twiggs stores",0.21*BM26*BM22,IF($C$5="Highfields upper",0.34*BM26*BM22,IF(AND('New Site'!$D$11="7 days per week",$C$5="New site"),0.29*BM26*(BM21-BM22),IF(BM22<BM21,0,BM26*(BM21-BM22))))) -> 5420.7205
B36: Other revenues
B37: Annual carbon savings (tCO2e) | C37: =SUM(E37:Y37)/20 -> 34.310712 | F37: =F22*0.23112 -> 37.684809 | G37: =G22*0.23112 -> 37.307961 | H37: =H22*0.23112 -> 36.934882 | I37: =I22*0.23112 -> 36.565533 | J37: =J22*0.23112 -> 36.199878 | K37: =K22*0.23112 -> 35.837879 | L37: =L22*0.23112 -> 35.4795 | M37: =M22*0.23112 -> 35.124705 | ... BM37: =BM22*0.23112 -> 20.827771
B38: Total carbon savings (tCO2e) | E38: {=(#REF!*E36(#REF!*1000)+(#REF!*1000)*#REF!)/1000} -> #REF! | F38: =(#REF!*(#REF!*1000)+(#REF!*1000)*#REF!)/1000 -> #REF! | G38: =(#REF!*(#REF!*1000)+(#REF!*1000)*#REF!)/1000 -> #REF! | H38: =(#REF!*(#REF!*1000)+(#REF!*1000)*#REF!)/1000 -> #REF! | I38: =(#REF!*(#REF!*1000)+(#REF!*1000)*#REF!)/1000 -> #REF! | J38: =(#REF!*(#REF!*1000)+(#REF!*1000)*#REF!)/1000 -> #REF! | K38: =(#REF!*(#REF!*1000)+(#REF!*1000)*#REF!)/1000 -> #REF! | L38: =(#REF!*(#REF!*1000)+(#REF!*1000)*#REF!)/1000 -> #REF! | M38: =(#REF!*(#REF!*1000)+(#REF!*1000)*#REF!)/1000 -> #REF! | ... BM38: =(#REF!*(#REF!*1000)+(#REF!*1000)*#REF!)/1000 -> #REF!
B39: Cumulative cash position | F39: =+#REF!+#REF! -> #REF! | G39: =IF(G7>0,#REF!+ F39, 0) -> #REF! | H39: =IF(H7>0,#REF!+ G39, 0) -> #REF! | I39: =IF(I7>0,#REF!+ H39, 0) -> #REF! | J39: =IF(J7>0,#REF!+ I39, 0) -> #REF! | K39: =IF(K7>0,#REF!+ J39, 0) -> #REF! | L39: =IF(L7>0,#REF!+ K39, 0) -> #REF! | M39: =IF(M7>0,#REF!+ L39, 0) -> #REF! | N39: =IF(N7>0,#REF!+ M39, 0) -> #REF! | ... BM39: =IF(BM7>0,#REF!+ BL39, 0) -> #REF!
B41: Total income | C41: =SUM(E41:BM41) -> 1242940.3 | F41: =F32+F33+F34+F68 -> 15317.199 | G41: =G32+G33+G34+G68 -> 15467.307 | H41: =H32+H33+H34+H68 -> 15618.887 | I41: =I32+I33+I34+I68 -> 15771.952 | J41: =J32+J33+J34+J68 -> 15926.517 | K41: =K32+K33+K34+K68 -> 16082.597 | L41: =L32+L33+L34+L68 -> 16240.207 | M41: =M32+M33+M34+M68 -> 16399.361 | ... BM41: =BM32+BM33+BM34+BM68 -> 27231.149
B42: Cumulative income | E42: =E41 -> 0 | F42: =F41+E42 -> 15317.199 | G42: =G41+F42 -> 30784.506 | H42: =H41+G42 -> 46403.393 | I42: =I41+H42 -> 62175.345 | J42: =J41+I42 -> 78101.862 | K42: =K41+J42 -> 94184.46 | L42: =L41+K42 -> 110424.67 | M42: =M41+L42 -> 126824.03 | ... BM42: =BM41+BL42 -> 1242940.3
Y43: =Y42 -> 336613.71
B44: Operational costs
B45: Combined annual O&M (fixed and variable) (£) | C45: =SUM(E45:BM45) -> 126326.59 | E45: =HLOOKUP($C$5,Scenarios!$D$7:AD29, MATCH($B$45, Scenarios!$C$7:$C$28, FALSE), FALSE) -> 1098 | F45: =E45 -> 1098 | G45: =F45*(1+$B$76) -> 1119.96 | H45: =G45*(1+$B$76) -> 1142.3592 | I45: =H45*(1+$B$76) -> 1165.2064 | J45: =I45*(1+$B$76) -> 1188.5105 | K45: =J45*(1+$B$76) -> 1212.2807 | L45: =K45*(1+$B$76) -> 1236.5263 | M45: =L45*(1+$B$76) -> 1261.2569 | N45: =M45*(1+$B$76) -> 1286.482 | ... BM45: =BL45*(1+$B$76) -> 3531.9331
B46: Business rate charge | C46: =SUM(E46:BM46) -> 0 | E46: =Scenarios!$D$22 -> 0 | F46: =Scenarios!$D$22 -> 0 | G46: =Scenarios!$D$22 -> 0 | H46: =Scenarios!$D$22 -> 0 | I46: =Scenarios!$D$22 -> 0 | J46: =Scenarios!$D$22 -> 0 | K46: =Scenarios!$D$22 -> 0 | L46: =Scenarios!$D$22 -> 0 | ... BM46: =Scenarios!$D$22 -> 0
B48: Total costs | C48: =SUM(E48:BM48) -> -125228.59 | F48: =-(F45+F46+F103) -> -1098 | G48: =-(G45+G46+G103) -> -1119.96 | H48: =-(H45+H46+H103) -> -1142.3592 | I48: =-(I45+I46+I103) -> -1165.2064 | J48: =-(J45+J46+J103) -> -1188.5105 | K48: =-(K45+K46+K103) -> -1212.2807 | L48: =-(L45+L46+L103) -> -1236.5263 | M48: =-(M45+M46+M103) -> -1261.2569 | ... BM48: =-(BM45+BM46+BM103) -> -3531.9331
B50: CEG cash flows
B51: CEG portion | C51: =SUM(E51:BM51) -> #REF! | E51: =E41*'New Site'!#REF! -> #REF! | F51: =F41*'New Site'!$H$31 -> 612.68795 | G51: =G41*'New Site'!$H$31 -> 618.69229 | H51: =H41*'New Site'!$H$31 -> 624.75548 | I51: =I41*'New Site'!$H$31 -> 630.87808 | J51: =J41*'New Site'!$H$31 -> 637.06069 | K51: =K41*'New Site'!$H$31 -> 643.30388 | L51: =L41*'New Site'!$H$31 -> 649.60826 | M51: =M41*'New Site'!$H$31 -> 655.97442 | ... BM51: =BM41*'New Site'!$H$31 -> 1089.246
B52: Cumulative CEG | E52: 0 | F52: =E52+F51 -> 612.68795 | G52: =F52+G51 -> 1231.3802 | H52: =G52+H51 -> 1856.1357 | I52: =H52+I51 -> 2487.0138 | J52: =I52+J51 -> 3124.0745 | K52: =J52+K51 -> 3767.3784 | L52: =K52+L51 -> 4416.9866 | M52: =L52+M51 -> 5072.9611 | ... BM52: =BL52+BM51 -> 49717.614
B53: Investors | C53: =SUM(E53:BM53) -> #REF! | E53: =E41*(1-'New Site'!#REF!) -> #REF! | F53: =F41*(1-'New Site'!$H$31) -> 14704.511 | G53: =G41*(1-'New Site'!$H$31) -> 14848.615 | H53: =H41*(1-'New Site'!$H$31) -> 14994.132 | I53: =I41*(1-'New Site'!$H$31) -> 15141.074 | J53: =J41*(1-'New Site'!$H$31) -> 15289.457 | K53: =K41*(1-'New Site'!$H$31) -> 15439.293 | L53: =L41*(1-'New Site'!$H$31) -> 15590.598 | M53: =M41*(1-'New Site'!$H$31) -> 15743.386 | ... BM53: =BM41*(1-'New Site'!$H$31) -> 26141.903
B54: Cumulative Investors | F54: =E54+F53 -> 14704.511 | G54: =F54+G53 -> 29553.126 | H54: =G54+H53 -> 44547.257 | I54: =H54+I53 -> 59688.331 | J54: =I54+J53 -> 74977.788 | K54: =J54+K53 -> 90417.081 | L54: =K54+L53 -> 106007.68 | M54: =L54+M53 -> 121751.07 | ... BM54: =BL54+BM53 -> 1193222.7
B56: Capital | E56: CEG income w.opex | F56: =F51+F48 -> -485.31205
B57: DNO cost | C57: =SUM(E57:BM57) -> 0 | E57: =HLOOKUP($C$5, Scenarios!$C$7:$AD$42, MATCH(B57, Scenarios!$C$7:C44, FALSE), FALSE) -> 0
B58: Setup | C58: =SUM(E58:BM58) -> 225000 | E58: =HLOOKUP($C$5, Scenarios!$C$7:$AD$42, MATCH(B58, Scenarios!$C$7:C45, FALSE), FALSE) -> 225000
B60: Repex | C60: =SUM(E60:BM60) -> 0 | E60: =IFERROR((HLOOKUP($C$5, Scenarios!$C$7:$AD$42, (MATCH(E7, Scenarios!$C$7:$C$42, FALSE)), FALSE)), 0) -> 0 | F60: =IFERROR((HLOOKUP($C$5, Scenarios!$C$7:$AD$42, (MATCH(F7, Scenarios!$C$7:$C$42, FALSE)), FALSE)), 0) -> 0 | G60: =IFERROR((HLOOKUP($C$5, Scenarios!$C$7:$AD$42, (MATCH(G7, Scenarios!$C$7:$C$42, FALSE)), FALSE)), 0) -> 0 | H60: =IFERROR((HLOOKUP($C$5, Scenarios!$C$7:$AD$42, (MATCH(H7, Scenarios!$C$7:$C$42, FALSE)), FALSE)), 0) -> 0 | I60: =IFERROR((HLOOKUP($C$5, Scenarios!$C$7:$AD$42, (MATCH(I7, Scenarios!$C$7:$C$42, FALSE)), FALSE)), 0) -> 0 | J60: =IFERROR((HLOOKUP($C$5, Scenarios!$C$7:$AD$42, (MATCH(J7, Scenarios!$C$7:$C$42, FALSE)), FALSE)), 0) -> 0 | K60: =IFERROR((HLOOKUP($C$5, Scenarios!$C$7:$AD$42, (MATCH(K7, Scenarios!$C$7:$C$42, FALSE)), FALSE)), 0) -> 0 | L60: =IFERROR((HLOOKUP($C$5, Scenarios!$C$7:$AD$42, (MATCH(L7, Scenarios!$C$7:$C$42, FALSE)), FALSE)), 0) -> 0 | ... BM60: =IFERROR((HLOOKUP($C$5, Scenarios!$C$7:$AD$42, (MATCH(BM7, Scenarios!$C$7:$C$42, FALSE)), FALSE)), 0) -> 0
B62: Total capex | C62: =SUM(E62:BM62) -> -225000 | E62: =-SUM(E57:E61) -> -225000 | F62: =-SUM(F57:F61) -> 0 | G62: =-SUM(G57:G61) -> 0 | H62: =-SUM(H57:H61) -> 0 | I62: =-SUM(I57:I61) -> 0 | J62: =-SUM(J57:J61) -> 0 | K62: =-SUM(K57:K61) -> 0 | L62: =-SUM(L57:L61) -> 0 | ... BM62: =-SUM(BM57:BM61) -> 0
B64: Grants
B65: Fully financed | C65: =SUM(E65:BM65) -> 0 | E65: 0
B66: Value (p/kWh) | E66: =IFERROR(HLOOKUP(B66, 'Lookups references'!$M$7:P13, MATCH('Site - HU'!#REF!, 'Lookups references'!$M$7:M13, FALSE), FALSE),0) -> 0 | F66: =E66*(1+Scenarios!$Q$32) -> 0 | G66: =F66*(1+Scenarios!$Q$32) -> 0 | H66: =G66*(1+Scenarios!$Q$32) -> 0 | I66: =H66*(1+Scenarios!$Q$32) -> 0 | J66: =I66*(1+Scenarios!$Q$32) -> 0 | K66: =J66*(1+Scenarios!$Q$32) -> 0 | L66: =K66*(1+Scenarios!$Q$32) -> 0 | M66: =L66*(1+Scenarios!$Q$32) -> 0 | ... BM66: =BL66*(1+Scenarios!$Q$32) -> 0
B67: Eligibility | E67: =IFERROR(HLOOKUP($B$67, 'Lookups references'!$M$7:P14, MATCH('Site - HU'!#REF!, 'Lookups references'!$M$7:$M$14, FALSE), FALSE),0) -> 0 | F67: =IFERROR(HLOOKUP($B$67, 'Lookups references'!$M$7:Q14, MATCH('Site - HU'!#REF!, 'Lookups references'!$M$7:$M$14, FALSE), FALSE),0) -> 0 | G67: =IFERROR(HLOOKUP($B$67, 'Lookups references'!$M$7:R14, MATCH('Site - HU'!#REF!, 'Lookups references'!$M$7:$M$14, FALSE), FALSE),0) -> 0 | H67: =IFERROR(HLOOKUP($B$67, 'Lookups references'!$M$7:S14, MATCH('Site - HU'!#REF!, 'Lookups references'!$M$7:$M$14, FALSE), FALSE),0) -> 0 | I67: =IFERROR(HLOOKUP($B$67, 'Lookups references'!$M$7:T14, MATCH('Site - HU'!#REF!, 'Lookups references'!$M$7:$M$14, FALSE), FALSE),0) -> 0 | J67: =IFERROR(HLOOKUP($B$67, 'Lookups references'!$M$7:U14, MATCH('Site - HU'!#REF!, 'Lookups references'!$M$7:$M$14, FALSE), FALSE),0) -> 0 | K67: =IFERROR(HLOOKUP($B$67, 'Lookups references'!$M$7:V14, MATCH('Site - HU'!#REF!, 'Lookups references'!$M$7:$M$14, FALSE), FALSE),0) -> 0 | L67: =IFERROR(HLOOKUP($B$67, 'Lookups references'!$M$7:W14, MATCH('Site - HU'!#REF!, 'Lookups references'!$M$7:$M$14, FALSE), FALSE),0) -> 0 | ... BM67: =IFERROR(HLOOKUP($B$67, 'Lookups references'!$M$7:BX14, MATCH('Site - HU'!#REF!, 'Lookups references'!$M$7:$M$14, FALSE), FALSE),0) -> 0
B68: Total revenue grant | C68: =SUM(E68:BM68) -> 0 | E68: =IF(E7<E67, E66*E22*1000/100, 0) -> 0 | F68: =IF(F7<F67, F66*F22*1000/100, 0) -> 0 | G68: =IF(G7<G67, G66*G22*1000/100, 0) -> 0 | H68: =IF(H7<H67, H66*H22*1000/100, 0) -> 0 | I68: =IF(I7<I67, I66*I22*1000/100, 0) -> 0 | J68: =IF(J7<J67, J66*J22*1000/100, 0) -> 0 | K68: =IF(K7<K67, K66*K22*1000/100, 0) -> 0 | L68: =IF(L7<L67, L66*L22*1000/100, 0) -> 0 | ... BM68: =IF(BM7<BM67, BM66*BM22*1000/100, 0) -> 0
B70: Degredation
B71: ='Highfields Upper'!H33 -> 0.01
B72: Shading
B73: ='New Site'!#REF! -> #REF!
B75: Inflation
B76: ='New Site'!H32 -> 0.02
B78: CEG cashflow | E78: ='Highfields Upper'!$AB26 -> 0 | F78: ='Highfields Upper'!$AB27 -> 2519.1988 | G78: ='Highfields Upper'!$AB28 -> 5166.5462 | H78: ='Highfields Upper'!$AB29 -> 7943.074 | I78: ='Highfields Upper'!$AB30 -> 10849.82 | J78: ='Highfields Upper'!$AB31 -> 13887.826 | K78: ='Highfields Upper'!$AB32 -> 17058.143 | L78: ='Highfields Upper'!$AB33 -> 20361.823 | M78: ='Highfields Upper'!$AB34 -> 23799.927 | N78: ='Highfields Upper'!$AB35 -> 27373.519 | O78: ='Highfields Upper'!$AB36 -> 31083.67 | P78: ='Highfields Upper'!$AB37 -> 21931.457 | Q78: ='Highfields Upper'!$AB38 -> 25917.959 | R78: ='Highfields Upper'!$AB39 -> 30044.264 | S78: ='Highfields Upper'!$AB40 -> 34311.462 | T78: ='Highfields Upper'!$AB41 -> 38720.652 | U78: ='Highfields Upper'!$AB42 -> 43272.934 | V78: ='Highfields Upper'!$AB43 -> 47969.415 | W78: ='Highfields Upper'!$AB44 -> 52811.207 | X78: ='Highfields Upper'!$AB45 -> 57799.426 | Y78: ='Highfields Upper'!$AB46 -> 62935.194
B80: Expected opex | F80: ='Site - HU'!F$45 -> 1098 | G80: ='Site - HU'!G$45 -> 1119.96 | H80: ='Site - HU'!H$45 -> 1142.3592 | I80: ='Site - HU'!I$45 -> 1165.2064 | J80: ='Site - HU'!J$45 -> 1188.5105 | K80: ='Site - HU'!K$45 -> 1212.2807 | L80: ='Site - HU'!L$45 -> 1236.5263 | M80: ='Site - HU'!M$45 -> 1261.2569 | ... Y80: ='Site - HU'!Y$45 -> 1599.5787
B82: Expected income | F82: ='Highfields Upper'!$T27 -> 15317.199 | G82: ='Highfields Upper'!$T28 -> 15467.307 | H82: ='Highfields Upper'!$T29 -> 15618.887 | I82: ='Highfields Upper'!$T30 -> 15771.952 | J82: ='Highfields Upper'!$T31 -> 15926.517 | K82: ='Highfields Upper'!$T32 -> 16082.597 | L82: ='Highfields Upper'!$T33 -> 16240.207 | M82: ='Highfields Upper'!$T34 -> 16399.361 | N82: ='Highfields Upper'!$T35 -> 16560.074 | O82: ='Highfields Upper'!$T36 -> 16722.363 | P82: ='Highfields Upper'!$T37 -> 16886.242 | Q82: ='Highfields Upper'!$T38 -> 17051.727 | R82: ='Highfields Upper'!$T39 -> 17218.834 | S82: ='Highfields Upper'!$T40 -> 17387.579 | T82: ='Highfields Upper'!$T41 -> 17557.977 | U82: ='Highfields Upper'!$T42 -> 17730.045 | V82: ='Highfields Upper'!$T43 -> 17903.8 | W82: ='Highfields Upper'!$T44 -> 18079.257 | X82: ='Highfields Upper'!$T45 -> 18256.434 | Y82: ='Highfields Upper'!$T46 -> 18435.347
B84: System cashflow | E84: ='Highfields Upper'!Y26 -> -225000 | F84: ='Highfields Upper'!$Y27 -> -210780.8 | G84: ='Highfields Upper'!$Y28 -> -196433.45 | H84: ='Highfields Upper'!$Y29 -> -181956.93 | I84: ='Highfields Upper'!$Y30 -> -167350.18 | J84: ='Highfields Upper'!$Y31 -> -152612.17 | K84: ='Highfields Upper'!$Y32 -> -137741.86 | L84: ='Highfields Upper'!$Y33 -> -122738.18 | M84: ='Highfields Upper'!$Y34 -> -107600.07 | N84: ='Highfields Upper'!$Y35 -> -92326.481 | O84: ='Highfields Upper'!$Y36 -> -76916.33 | P84: ='Highfields Upper'!$Y37 -> -74368.543 | Q84: ='Highfields Upper'!$Y38 -> -58682.041 | R84: ='Highfields Upper'!$Y39 -> -42855.736 | S84: ='Highfields Upper'!$Y40 -> -26888.538 | T84: ='Highfields Upper'!$Y41 -> -10779.348 | U84: ='Highfields Upper'!$Y42 -> 5472.9337 | V84: ='Highfields Upper'!$Y43 -> 21869.415 | W84: ='Highfields Upper'!$Y44 -> 38411.207 | X84: ='Highfields Upper'!$Y45 -> 55099.426 | Y84: ='Highfields Upper'!$Y46 -> 71935.194
B88: System ROI | F88: =(F42-(-$E$62))/-$E$62 -> -0.93192356 | G88: =(G42-(-$E$62))/-$E$62 -> -0.86317997 | H88: =(H42-(-$E$62))/-$E$62 -> -0.7937627 | I88: =(I42-(-$E$62))/-$E$62 -> -0.72366513 | J88: =(J42-(-$E$62))/-$E$62 -> -0.65288061 | K88: =(K42-(-$E$62))/-$E$62 -> -0.5814024 | L88: =(L42-(-$E$62))/-$E$62 -> -0.50922371 | M88: =(M42-(-$E$62))/-$E$62 -> -0.43633766 | ... X88: =(X42-(-$E$62))/-$E$62 -> 0.41412604 | Y88: =(Y42-('New Site'!D21))/'New Site'!D21 -> #DIV/0!
B90: System SPY | F90: =NPV(Scenarios!$Q$33, $E$10:F10) -> -210780.8
E93: ='New Site'!U26 -> 0 | F93: ='New Site'!U27 -> 0 | G93: ='New Site'!U28 -> 0 | H93: ='New Site'!U29 -> 0 | I93: ='New Site'!U30 -> 0 | J93: ='New Site'!U31 -> 0 | K93: ='New Site'!U32 -> 0 | L93: ='New Site'!U33 -> 0 | M93: ='New Site'!U34 -> 0 | N93: ='New Site'!U35 -> 0 | O93: ='New Site'!U36 -> 0 | P93: ='New Site'!U37 -> 0 | Q93: ='New Site'!U38 -> 0 | R93: ='New Site'!U39 -> 0 | S93: ='New Site'!U40 -> 0 | T93: ='New Site'!U41 -> 0 | U93: ='New Site'!U42 -> 0 | V93: ='New Site'!U43 -> 0 | W93: ='New Site'!U44 -> 0 | X93: ='New Site'!U45 -> 0 | Y93: ='New Site'!U46 -> 0
B95: System IRR | F95: =IRR(E93:F93,0) -> #NUM! | G95: =IRR($E$93:G93,0) -> #NUM! | H95: =IRR($E$93:H93,0) -> #NUM! | I95: =IRR($E$93:I93,0) -> #NUM! | J95: =IRR($E$93:J93,0) -> #NUM! | K95: =IRR($E$93:K93,0) -> #NUM! | L95: =IRR($E$93:L93,0) -> #NUM! | M95: =IRR($E$93:M93,0) -> #NUM! | N95: =IRR($E$93:N93,0) -> #NUM! | ... Y95: =IRR($E$93:Y93,0) -> #NUM!
B96: System NPV | F96: =NPV(Summary!C128,'Site - HU'!$E$93:F93) -> 0 | G96: =NPV(Summary!C128,'Site - HU'!$E$93:G93) -> 0 | H96: =NPV(Summary!D128,'Site - HU'!$E$93:H93) -> 0 | I96: =NPV(Summary!E129,'Site - HU'!$E$93:I93) -> #VALUE! | J96: =NPV(Summary!F129,'Site - HU'!$E$93:J93) -> 0 | K96: =NPV(Summary!G129,'Site - HU'!$E$93:K93) -> 0 | L96: =NPV(Summary!H129,'Site - HU'!$E$93:L93) -> #VALUE! | M96: =NPV(Summary!I129,'Site - HU'!$E$93:M93) -> 0 | N96: =NPV(Summary!J129,'Site - HU'!$E$93:N93) -> 0 | O96: =NPV(Summary!K129,'Site - HU'!$E$93:O93) -> #VALUE! | P96: =NPV(Summary!L128,'Site - HU'!$E$93:P93) -> 0 | Q96: =NPV(Summary!M128,'Site - HU'!$E$93:Q93) -> 0 | R96: =NPV(Summary!N128,'Site - HU'!$E$93:R93) -> 0 | S96: =NPV(Summary!O128,'Site - HU'!$E$93:S93) -> 0 | T96: =NPV(Summary!P128,'Site - HU'!$E$93:T93) -> 0 | U96: =NPV(Summary!Q128,'Site - HU'!$E$93:U93) -> 0 | V96: =NPV(Summary!R128,'Site - HU'!$E$93:V93) -> 0 | W96: =NPV(Summary!S128,'Site - HU'!$E$93:W93) -> 0 | ... Y96: =NPV(Summary!U128,'Site - HU'!$E$93:Y93) -> 0
B100: CEG benefit fund cashflow | F100: ='Highfields Upper'!$AA27 -> 0 | G100: ='Highfields Upper'!$AA28 -> 0 | H100: ='Highfields Upper'!$AA29 -> 0 | I100: ='Highfields Upper'!$AA30 -> 0 | J100: ='Highfields Upper'!$AA31 -> 0 | K100: ='Highfields Upper'!$AA32 -> 0 | L100: ='Highfields Upper'!$AA33 -> 0 | M100: ='Highfields Upper'!$AA34 -> 0 | N100: ='Highfields Upper'!$AA35 -> 0 | O100: ='Highfields Upper'!$AA36 -> 0 | P100: ='Highfields Upper'!$AA37 -> 0 | Q100: ='Highfields Upper'!$AA38 -> 0 | R100: ='Highfields Upper'!$AA39 -> 0 | S100: ='Highfields Upper'!$AA40 -> 0 | T100: ='Highfields Upper'!$AA41 -> 0 | U100: ='Highfields Upper'!$AA42 -> 0 | V100: ='Highfields Upper'!$AA43 -> 0 | W100: ='Highfields Upper'!$AA44 -> 0 | X100: ='Highfields Upper'!$AA45 -> 0 | Y100: ='Highfields Upper'!$AA46 -> 0
B103: CEG cash | F103: ='Highfields Upper'!$Z27 -> 0 | G103: ='Highfields Upper'!$Z28 -> 0 | H103: ='Highfields Upper'!$Z29 -> 0 | I103: ='Highfields Upper'!$Z30 -> 0 | J103: ='Highfields Upper'!$Z31 -> 0 | K103: ='Highfields Upper'!$Z32 -> 0 | L103: ='Highfields Upper'!$Z33 -> 0 | M103: ='Highfields Upper'!$Z34 -> 0 | N103: ='Highfields Upper'!$Z35 -> 0 | O103: ='Highfields Upper'!$Z36 -> 0 | P103: ='Highfields Upper'!$Z37 -> 0 | Q103: ='Highfields Upper'!$Z38 -> 0 | R103: ='Highfields Upper'!$Z39 -> 0 | S103: ='Highfields Upper'!$Z40 -> 0 | T103: ='Highfields Upper'!$Z41 -> 0 | U103: ='Highfields Upper'!$Z42 -> 0 | V103: ='Highfields Upper'!$Z43 -> 0 | W103: ='Highfields Upper'!$Z44 -> 0 | X103: ='Highfields Upper'!$Z45 -> 0 | Y103: ='Highfields Upper'!$Z46 -> 0
J104: `

Sheet New Site
D5: Matlock Town Council: Solar PV financial tool
C7: INPUTS | M7: OUTPUTS
C9: SITE SELECTION | M9: FINANCIAL CASHFLOW | O9: SYSTEM FINANCIAL METRICS | Q9: PV SYSYEM
C10: Site selection | D10: New site | M10: Year in review | N10: 20 | O10: SPY | P10: =D21/U27 -> #DIV/0! | Q10: Annual projected energy generation (MWh/yr) | R10: =IF(D10="Twiggs steelyard",Scenarios!J11,IF(D10="Twiggs stores",Scenarios!N11,IF(D10="Highfields upper",Scenarios!R11,IF(D10="Highfields lower",Scenarios!V11,IF(D10="New site",Scenarios!W11))))) -> 0
C11: Site operation type | D11: Weekdays only | G11: Site annual electricity consumption (MWh) | I11: =IF(D10="Twiggs steelyard",Scenarios!I10,IF(D10="Twiggs stores",Scenarios!M10,IF(D10="Highfields upper",Scenarios!Q10,IF(D10="Highfields lower",Scenarios!U10,IF(AND(H11="",D10="New site"),"Must input own values",""))))) -> Must input own values | M11: Cumulative project income | N11: =Summary!D123 -> 0 | O11: IRR (20 years) | P11: =VLOOKUP(O11,'Site - NS'!B10:Y13,24,FALSE) -> #NUM! | Q11: Site savings (£/yr) | R11: ='Site - NS'!C31 -> 0
G12: System size (kWp) | I12: =IF(H12="",IF(D10="New site","Must input own values",IF(D10="Twiggs stores",70,IF(D10="Twiggs steelyard",80,IF(D10="Highfields upper",150,IF(D10="Highfields lower",60,"N/A"))))),"") -> Must input own values | M12: Project cashflow | N12: =Summary!D124 -> 0 | O12: NPV (20 years) | P12: =VLOOKUP(O12,'Site - NS'!B11:Y15,24,FALSE) -> 0 | Q12: Annual carbon savings (tCO2e) | R12: ='Site - NS'!C37 -> 0
G13: Regional solar irradiance | I13: =IF(H13="",IF(D10="Twiggs steelyard",868,IF(D10="Twiggs stores",852,IF(D10="Highfields upper",915,IF(D10="Highfields lower",894,IF(D10="New site","Must input own values"))))),"") -> Must input own values | M13: CEG benefit fund cashflow | N13: =Summary!D128 -> 0 | O13: Average ROI (20 years) | P13: =VLOOKUP(O13,'Site - NS'!B12:Y16,2,FALSE) -> #DIV/0!
M14: CEG surplus cashflow | N14: =Summary!D120 -> 0
C15: 1. CAPEX | G15: 2. OPEX | M15: Expected annual opex | N15: =Summary!D121 -> 0
M16: Expected annual income | N16: =Summary!D122 -> 0
C17: Total capex for PV system (£) | E17: =IF(D10="Twiggs steelyard",'Site - NS'!E58,IF(D10="Twiggs stores",'Site - NS'!E58,IF(D10="Highfields upper",'Site - NS'!E58,IF(D10="Highfields lower",'Site - NS'!E58,IF(AND(D10="New site",D17=""),"Must input own values",""))))) -> Must input own values | G17: PV maintenance cost/yr (£) | I17: =IF(D10="Twiggs steelyard",Scenarios!I10,IF(D10="Twiggs stores",427,IF(D10="Highfields upper",915,IF(D10="Highfields lower",Scenarios!U10,IF(AND(H17="",D10="New site"),"Must input own values",""))))) -> Must input own values
C18: Additional capex costs (£) | E18: =IF(D10="Twiggs steelyard",Summary!C129,IF(D10="Twiggs stores",Summary!C129,IF(D10="Highfields upper",Summary!C129,IF(D10="Highfields lower",Summary!C129,IF(AND(D10="New site",D18=""),"Must input own values",""))))) -> Must input own values | G18: Additional opex cost/yr (£) | I18: =IF(D10="Twiggs steelyard",Scenarios!I10,IF(D10="Twiggs stores",0,IF(D10="Highfields upper",0,IF(D10="Highfields lower",Scenarios!U10,IF(AND(H18="",D10="New site"),"Must input own values",""))))) -> Must input own values
C19: DNO cost (£) | E19: =IF(D10="Twiggs steelyard",Scenarios!J19,IF(D10="Twiggs stores",Scenarios!N19,IF(D10="Highfields upper",Scenarios!R19,IF(D10="Highfields lower",Scenarios!V19,IF(AND(D10="New site",D19=""),"Must input own values",""))))) -> Must input own values | G19: CEG benefit fund cost/yr (£) | I19: =IF(D10="Twiggs steelyard",Scenarios!I10,IF(D10="Twiggs stores",0,IF(D10="Highfields upper",0,IF(D10="Highfields lower",Scenarios!U10,IF(AND(H19="",D10="New site"),"Must input own values",""))))) -> Must input own values
C21: TOTAL CAPEX (£) | D21: =SUM(D17:D19) -> 0 | G21: TOTAL OPEX (£) | H21: =SUM(H17:H19) -> 0
M22: YEARLY CASH FLOWS TABLE
C24: 3. REPEX | N24: COSTS | R24: ENERGY SALES | U24: INVESTOR & CEG DIVIDENDS | X24: CASH FLOWS
C25: Inverter cost (£) | E25: =IF(D10="Twiggs steelyard",Scenarios!J25,IF(D10="Twiggs stores",Scenarios!N26,IF(D10="Highfields upper",Scenarios!R26,IF(D10="Highfields lower",Scenarios!V25,IF(AND(D10="New site",D25=""),"Must input own values",""))))) -> Must input own values | M25: YEAR IN STUDY | N25: CAPEX COSTS | O25: REPEX COSTS | P25: OPEX COSTS | Q25: TOTAL COSTS | R25: ENERGY SALES TO SITE | S25: EXPORT INCOME | T25: TOTAL PROJECT INCOME | U25: NET INCOME PRE DIVIDENDS | V25: INVESTOR DIVIDENDS | W25: INVESTOR CASH POSITION | X25: NET INCOME POST DIVIDENDS | Y25: PROJECT CASHFLOW | Z25: CEG BENEFIT FUND | AA25: CEG BENEFIT FUND CASHFLOW | AB25: CEG SURPLUS CASHFLOW
C26: Inverter replacement year | D26: 11 | M26: 0 | N26: =D21 -> 0 | Q26: =P26+O26+N26 -> 0 | U26: =T26-Q26 -> 0 | W26: =-D21 -> 0 | Y26: =-Q26 -> 0 | AA26: 0 | AB26: 0
M27: 1 | O27: ='Site - NS'!F$60 -> 0 | P27: =H21 -> 0 | Q27: =P27+O27+N27 -> 0 | R27: ='Site - NS'!F$32 -> 0 | S27: ='Site - NS'!F$34 -> 0 | T27: =R27+S27 -> 0 | U27: =T27-Q27 -> 0 | V27: =($D$21+$D$21*$H$31)/20 -> 0 | W27: =$W26+$V27 -> 0 | X27: =U27-V27 -> 0 | Y27: =Y26+U27 -> 0 | Z27: =H19 -> 0 | AA27: =AA26+Z27 -> 0 | AB27: =AB26+X27 -> 0
C28: 4. ELECTRICITY REVENUE STREAMS | G28: 5. EXTERNAL VARIABLES | M28: 2 | O28: ='Site - NS'!G$60 -> 0 | P28: =P27*(1+$H$32) -> 0 | Q28: =P28+O28+N28 -> 0 | R28: ='Site - NS'!G$32 -> 0 | S28: ='Site - NS'!G$34 -> 0 | T28: =R28+S28 -> 0 | U28: =T28-Q28 -> 0 | V28: =($D$21+$D$21*$H$31)/20 -> 0 | W28: =$W27+$V28 -> 0 | X28: =U28-V28 -> 0 | Y28: =Y27+U28 -> 0 | Z28: =Z27*(1+$H$32) -> 0 | AA28: =AA27+Z28 -> 0 | AB28: =AB27+X28 -> 0
M29: 3 | O29: ='Site - NS'!H$60 -> 0 | P29: =P28*(1+$H$32) -> 0 | Q29: =P29+O29+N29 -> 0 | R29: ='Site - NS'!H$32 -> 0 | S29: ='Site - NS'!H$34 -> 0 | T29: =R29+S29 -> 0 | U29: =T29-Q29 -> 0 | V29: =($D$21+$D$21*$H$31)/20 -> 0 | W29: =$W28+$V29 -> 0 | X29: =U29-V29 -> 0 | Y29: =Y28+U29 -> 0 | Z29: =Z28*(1+$H$32) -> 0 | AA29: =AA28+Z29 -> 0 | AB29: =AB28+X29 -> 0
C30: Site PPA electrictity price (£/MWh) | D30: 120 | G30: Current site energy price (£/MWh) | H30: 135 | I30: =IF(D10="Twiggs steelyard",Scenarios!I10,IF(D10="Twiggs stores",152,IF(D10="Highfields upper",127,IF(D10="Highfields lower",Scenarios!U10,IF(AND(H30="",D10="New site"),"Must input own values",""))))) | M30: 4 | O30: ='Site - NS'!I$60 -> 0 | P30: =P29*(1+$H$32) -> 0 | Q30: =P30+O30+N30 -> 0 | R30: ='Site - NS'!I$32 -> 0 | S30: ='Site - NS'!I$34 -> 0 | T30: =R30+S30 -> 0 | U30: =T30-Q30 -> 0 | V30: =($D$21+$D$21*$H$31)/20 -> 0 | W30: =$W29+$V30 -> 0 | X30: =U30-V30 -> 0 | Y30: =Y29+U30 -> 0 | Z30: =Z29*(1+$H$32) -> 0 | AA30: =AA29+Z30 -> 0 | AB30: =AB29+X30 -> 0
C31: Secondary PPA electrcity price (£/MWh) | D31: 35 | G31: Investor ROI | H31: 0.04 | M31: 5 | O31: ='Site - NS'!J$60 -> 0 | P31: =P30*(1+$H$32) -> 0 | Q31: =P31+O31+N31 -> 0 | R31: ='Site - NS'!J$32 -> 0 | S31: ='Site - NS'!J$34 -> 0 | T31: =R31+S31 -> 0 | U31: =T31-Q31 -> 0 | V31: =($D$21+$D$21*$H$31)/20 -> 0 | W31: =$W30+$V31 -> 0 | X31: =U31-V31 -> 0 | Y31: =Y30+U31 -> 0 | Z31: =Z30*(1+$H$32) -> 0 | AA31: =AA30+Z31 -> 0 | AB31: =AB30+X31 -> 0
G32: Inflation (%) | H32: 0.02 | M32: 6 | O32: ='Site - NS'!K$60 -> 0 | P32: =P31*(1+$H$32) -> 0 | Q32: =P32+O32+N32 -> 0 | R32: ='Site - NS'!K$32 -> 0 | S32: ='Site - NS'!K$34 -> 0 | T32: =R32+S32 -> 0 | U32: =T32-Q32 -> 0 | V32: =($D$21+$D$21*$H$31)/20 -> 0 | W32: =$W31+$V32 -> 0 | X32: =U32-V32 -> 0 | Y32: =Y31+U32 -> 0 | Z32: =Z31*(1+$H$32) -> 0 | AA32: =AA31+Z32 -> 0 | AB32: =AB31+X32 -> 0
G33: Yearly solar PV output degredation | H33: 0.01 | M33: 7 | O33: ='Site - NS'!L$60 -> 0 | P33: =P32*(1+$H$32) -> 0 | Q33: =P33+O33+N33 -> 0 | R33: ='Site - NS'!L$32 -> 0 | S33: ='Site - NS'!L$34 -> 0 | T33: =R33+S33 -> 0 | U33: =T33-Q33 -> 0 | V33: =($D$21+$D$21*$H$31)/20 -> 0 | W33: =$W32+$V33 -> 0 | X33: =U33-V33 -> 0 | Y33: =Y32+U33 -> 0 | Z33: =Z32*(1+$H$32) -> 0 | AA33: =AA32+Z33 -> 0 | AB33: =AB32+X33 -> 0
G34: Discount rate (%) | H34: 0.1 | M34: 8 | O34: ='Site - NS'!M$60 -> 0 | P34: =P33*(1+$H$32) -> 0 | Q34: =P34+O34+N34 -> 0 | R34: ='Site - NS'!M$32 -> 0 | S34: ='Site - NS'!M$34 -> 0 | T34: =R34+S34 -> 0 | U34: =T34-Q34 -> 0 | V34: =($D$21+$D$21*$H$31)/20 -> 0 | W34: =$W33+$V34 -> 0 | X34: =U34-V34 -> 0 | Y34: =Y33+U34 -> 0 | Z34: =Z33*(1+$H$32) -> 0 | AA34: =AA33+Z34 -> 0 | AB34: =AB33+X34 -> 0
M35: 9 | O35: ='Site - NS'!N$60 -> 0 | P35: =P34*(1+$H$32) -> 0 | Q35: =P35+O35+N35 -> 0 | R35: ='Site - NS'!N$32 -> 0 | S35: ='Site - NS'!N$34 -> 0 | T35: =R35+S35 -> 0 | U35: =T35-Q35 -> 0 | V35: =($D$21+$D$21*$H$31)/20 -> 0 | W35: =$W34+$V35 -> 0 | X35: =U35-V35 -> 0 | Y35: =Y34+U35 -> 0 | Z35: =Z34*(1+$H$32) -> 0 | AA35: =AA34+Z35 -> 0 | AB35: =AB34+X35 -> 0
M36: 10 | O36: ='Site - NS'!O$60 -> 0 | P36: =P35*(1+$H$32) -> 0 | Q36: =P36+O36+N36 -> 0 | R36: ='Site - NS'!O$32 -> 0 | S36: ='Site - NS'!O$34 -> 0 | T36: =R36+S36 -> 0 | U36: =T36-Q36 -> 0 | V36: =($D$21+$D$21*$H$31)/20 -> 0 | W36: =$W35+$V36 -> 0 | X36: =U36-V36 -> 0 | Y36: =Y35+U36 -> 0 | Z36: =Z35*(1+$H$32) -> 0 | AA36: =AA35+Z36 -> 0 | AB36: =AB35+X36 -> 0
M37: 11 | O37: ='Site - NS'!P$60 -> 0 | P37: =P36*(1+$H$32) -> 0 | Q37: =P37+O37+N37 -> 0 | R37: ='Site - NS'!P$32 -> 0 | S37: ='Site - NS'!P$34 -> 0 | T37: =R37+S37 -> 0 | U37: =T37-Q37 -> 0 | V37: =($D$21+$D$21*$H$31)/20 -> 0 | W37: =$W36+$V37 -> 0 | X37: =U37-V37 -> 0 | Y37: =Y36+U37 -> 0 | Z37: =Z36*(1+$H$32) -> 0 | AA37: =AA36+Z37 -> 0 | AB37: =AB36+X37 -> 0
M38: 12 | O38: ='Site - NS'!Q$60 -> 0 | P38: =P37*(1+$H$32) -> 0 | Q38: =P38+O38+N38 -> 0 | R38: ='Site - NS'!Q$32 -> 0 | S38: ='Site - NS'!Q$34 -> 0 | T38: =R38+S38 -> 0 | U38: =T38-Q38 -> 0 | V38: =($D$21+$D$21*$H$31)/20 -> 0 | W38: =$W37+$V38 -> 0 | X38: =U38-V38 -> 0 | Y38: =Y37+U38 -> 0 | Z38: =Z37*(1+$H$32) -> 0 | AA38: =AA37+Z38 -> 0 | AB38: =AB37+X38 -> 0
M39: 13 | O39: ='Site - NS'!R$60 -> 0 | P39: =P38*(1+$H$32) -> 0 | Q39: =P39+O39+N39 -> 0 | R39: ='Site - NS'!R$32 -> 0 | S39: ='Site - NS'!R$34 -> 0 | T39: =R39+S39 -> 0 | U39: =T39-Q39 -> 0 | V39: =($D$21+$D$21*$H$31)/20 -> 0 | W39: =$W38+$V39 -> 0 | X39: =U39-V39 -> 0 | Y39: =Y38+U39 -> 0 | Z39: =Z38*(1+$H$32) -> 0 | AA39: =AA38+Z39 -> 0 | AB39: =AB38+X39 -> 0
M40: 14 | O40: ='Site - NS'!S$60 -> 0 | P40: =P39*(1+$H$32) -> 0 | Q40: =P40+O40+N40 -> 0 | R40: ='Site - NS'!S$32 -> 0 | S40: ='Site - NS'!S$34 -> 0 | T40: =R40+S40 -> 0 | U40: =T40-Q40 -> 0 | V40: =($D$21+$D$21*$H$31)/20 -> 0 | W40: =$W39+$V40 -> 0 | X40: =U40-V40 -> 0 | Y40: =Y39+U40 -> 0 | Z40: =Z39*(1+$H$32) -> 0 | AA40: =AA39+Z40 -> 0 | AB40: =AB39+X40 -> 0
M41: 15 | O41: ='Site - NS'!T$60 -> 0 | P41: =P40*(1+$H$32) -> 0 | Q41: =P41+O41+N41 -> 0 | R41: ='Site - NS'!T$32 -> 0 | S41: ='Site - NS'!T$34 -> 0 | T41: =R41+S41 -> 0 | U41: =T41-Q41 -> 0 | V41: =($D$21+$D$21*$H$31)/20 -> 0 | W41: =$W40+$V41 -> 0 | X41: =U41-V41 -> 0 | Y41: =Y40+U41 -> 0 | Z41: =Z40*(1+$H$32) -> 0 | AA41: =AA40+Z41 -> 0 | AB41: =AB40+X41 -> 0
M42: 16 | O42: ='Site - NS'!U$60 -> 0 | P42: =P41*(1+$H$32) -> 0 | Q42: =P42+O42+N42 -> 0 | R42: ='Site - NS'!U$32 -> 0 | S42: ='Site - NS'!U$34 -> 0 | T42: =R42+S42 -> 0 | U42: =T42-Q42 -> 0 | V42: =($D$21+$D$21*$H$31)/20 -> 0 | W42: =$W41+$V42 -> 0 | X42: =U42-V42 -> 0 | Y42: =Y41+U42 -> 0 | Z42: =Z41*(1+$H$32) -> 0 | AA42: =AA41+Z42 -> 0 | AB42: =AB41+X42 -> 0
M43: 17 | O43: ='Site - NS'!V$60 -> 0 | P43: =P42*(1+$H$32) -> 0 | Q43: =P43+O43+N43 -> 0 | R43: ='Site - NS'!V$32 -> 0 | S43: ='Site - NS'!V$34 -> 0 | T43: =R43+S43 -> 0 | U43: =T43-Q43 -> 0 | V43: =($D$21+$D$21*$H$31)/20 -> 0 | W43: =$W42+$V43 -> 0 | X43: =U43-V43 -> 0 | Y43: =Y42+U43 -> 0 | Z43: =Z42*(1+$H$32) -> 0 | AA43: =AA42+Z43 -> 0 | AB43: =AB42+X43 -> 0
M44: 18 | O44: ='Site - NS'!W$60 -> 0 | P44: =P43*(1+$H$32) -> 0 | Q44: =P44+O44+N44 -> 0 | R44: ='Site - NS'!W$32 -> 0 | S44: ='Site - NS'!W$34 -> 0 | T44: =R44+S44 -> 0 | U44: =T44-Q44 -> 0 | V44: =($D$21+$D$21*$H$31)/20 -> 0 | W44: =$W43+$V44 -> 0 | X44: =U44-V44 -> 0 | Y44: =Y43+U44 -> 0 | Z44: =Z43*(1+$H$32) -> 0 | AA44: =AA43+Z44 -> 0 | AB44: =AB43+X44 -> 0
M45: 19 | O45: ='Site - NS'!X$60 -> 0 | P45: =P44*(1+$H$32) -> 0 | Q45: =P45+O45+N45 -> 0 | R45: ='Site - NS'!X$32 -> 0 | S45: ='Site - NS'!X$34 -> 0 | T45: =R45+S45 -> 0 | U45: =T45-Q45 -> 0 | V45: =($D$21+$D$21*$H$31)/20 -> 0 | W45: =$W44+$V45 -> 0 | X45: =U45-V45 -> 0 | Y45: =Y44+U45 -> 0 | Z45: =Z44*(1+$H$32) -> 0 | AA45: =AA44+Z45 -> 0 | AB45: =AB44+X45 -> 0
M46: 20 | O46: ='Site - NS'!Y$60 -> 0 | P46: =P45*(1+$H$32) -> 0 | Q46: =P46+O46+N46 -> 0 | R46: ='Site - NS'!Y$32 -> 0 | S46: ='Site - NS'!Y$34 -> 0 | T46: =R46+S46 -> 0 | U46: =T46-Q46 -> 0 | V46: =($D$21+$D$21*$H$31)/20 -> 0 | W46: =$W45+$V46 -> 0 | X46: =U46-V46 -> 0 | Y46: =Y45+U46 -> 0 | Z46: =Z45*(1+$H$32) -> 0 | AA46: =AA45+Z46 -> 0 | AB46: =AB45+X46 -> 0
M48: Total | N48: =SUM(N26:N46) -> 0 | O48: =SUM(O26:O46) -> 0 | P48: =SUM(P26:P46) -> 0 | Q48: =SUM(Q26:Q46) -> 0 | R48: =SUM(R26:R46) -> 0 | S48: =SUM(S26:S46) -> 0 | T48: =SUM(T26:T46) -> 0 | U48: =SUM(U26:U46) -> 0 | V48: =SUM(V26:V46) -> 0 | X48: =SUM(X26:X46) -> 0 | Z48: =SUM(Z27:Z46) -> 0
A87: 1100

Sheet Site - NS
B5: Scheme option | C5: ='New Site'!D10 -> New site | L5: Max PPA capacity: | M5: ='New Site'!D33 -> 0
B6: Period count
B7: Year | E7: 0 | F7: =E7+1 -> 1 | G7: =F7+1 -> 2 | H7: =G7+1 -> 3 | I7: =H7+1 -> 4 | J7: =I7+1 -> 5 | K7: =J7+1 -> 6 | L7: =K7+1 -> 7 | M7: =L7+1 -> 8 | ... BM7: =BL7+1 -> 60
E8: =Scenarios!H4 -> 2023 | F8: =E8+1 -> 2024 | G8: =F8+1 -> 2025 | H8: =G8+1 -> 2026 | I8: =H8+1 -> 2027 | J8: =I8+1 -> 2028 | K8: =J8+1 -> 2029 | L8: =K8+1 -> 2030 | M8: =L8+1 -> 2031 | ... BM8: =BL8+1 -> 2083
C9: Totals
B10: Cash flow | C10: =SUM(E10:BM10) -> 0 | E10: =IFERROR(E41+E48+E62, 0) -> 0 | F10: =IFERROR(F41+F48+F62, 0) -> 0 | G10: =IFERROR(G41+G48+G62, 0) -> 0 | H10: =IFERROR(H41+H48+H62, 0) -> 0 | I10: =IFERROR(I41+I48+I62, 0) -> 0 | J10: =IFERROR(J41+J48+J62, 0) -> 0 | K10: =IFERROR(K41+K48+K62, 0) -> 0 | L10: =IFERROR(L41+L48+L62, 0) -> 0 | ... BM10: =IFERROR(BM41+BM48+BM62, 0) -> 0
B11: Cumulative cash position | E11: =IFERROR(E10+C11, 0) -> 0 | F11: =IFERROR(F10+E11, 0) -> 0 | G11: =IFERROR(G10+F11, 0) -> 0 | H11: =IFERROR(H10+G11, 0) -> 0 | I11: =IFERROR(I10+H11, 0) -> 0 | J11: =IFERROR(J10+I11, 0) -> 0 | K11: =IFERROR(K10+J11, 0) -> 0 | L11: =IFERROR(L10+K11, 0) -> 0 | M11: =IFERROR(M10+L11, 0) -> 0 | ... BM11: =IFERROR(BM10+BL11, 0) -> 0
B12: IRR (20 years) | C12: =SUM(E12:BM12) -> #NUM! | F12: =IRR(E10:F10,0) -> #NUM! | G12: =IRR(E10:G10,0) -> #NUM! | H12: =IRR(E10:H10,0) -> #NUM! | I12: =IRR(E10:I10,0) -> #NUM! | J12: =IRR(E10:J10,0) -> #NUM! | K12: =IRR(E10:K10,0) -> #NUM! | L12: =IRR(E10:L10,0) -> #NUM! | M12: =IRR(E10:M10,0) -> #NUM! | N12: =IRR(E10:N10,0) -> #NUM! | O12: =IRR(E10:O10,0) -> #NUM! | P12: =IRR(E10:P10,0) -> #NUM! | Q12: =IRR(E10:Q10,0) -> #NUM! | R12: =IRR(E10:R10,0) -> #NUM! | S12: =IRR(E10:S10,0) -> #NUM! | T12: =IRR(E10:T10,0) -> #NUM! | U12: =IRR(E10:U10,0) -> #NUM! | V12: =IRR(E10:V10,0) -> #NUM! | W12: =IRR(E10:W10,0) -> #NUM! | X12: =IRR(E10:X10,0) -> #NUM! | Y12: =IRR(E10:Y10,0) -> #NUM! | Z12: =IRR(E10:Z10,0) -> #NUM! | AA12: =IRR(E10:AA10,0) -> #NUM! | AB12: =IRR(E10:AB10,0) -> #NUM! | AC12: =IRR(E10:AC10,0) -> #NUM! | AD12: =IRR(E10:AD10,0) -> #NUM! | AE12: =IRR(E10:AE10,0) -> #NUM! | AF12: =IRR(E10:AF10,0) -> #NUM! | AG12: =IRR(E10:AG10,0) -> #NUM! | AH12: =IRR(E10:AH10,0) -> #NUM! | AI12: =IRR(E10:AI10,1000) -> #NUM! | AJ12: =IRR(E10:AJ10,0) -> #NUM! | AK12: =IRR(E10:AK10,0) -> #NUM! | AL12: =IRR(E10:AL10,0) -> #NUM! | AM12: =IRR(E10:AM10,0) -> #NUM! | AN12: =IRR(E10:AN10,0) -> #NUM! | AO12: =IRR(E10:AO10,0) -> #NUM! | AP12: =IRR(E10:AP10,0) -> #NUM! | AQ12: =IRR(E10:AQ10,0) -> #NUM! | AR12: =IRR(E10:AR10,0) -> #NUM! | AS12: =IRR(E10:AS10,0) -> #NUM! | AT12: =IRR(E10:AT10,0) -> #NUM! | AU12: =IRR(E10:AU10,0) -> #NUM! | AV12: =IRR(E10:AV10,0) -> #NUM! | AW12: =IRR(E10:AW10,0) -> #NUM! | AX12: =IRR(E10:AX10,0) -> #NUM! | AY12: =IRR(E10:AY10,0) -> #NUM! | AZ12: =IRR(E10:AZ10,0) -> #NUM! | BA12: =IRR(E10:BA10,0) -> #NUM! | BB12: =IRR(E10:BB10,0) -> #NUM! | BC12: =IRR(E10:BC10,0) -> #NUM! | BD12: =IRR(E10:BD10,0) -> #NUM! | BE12: =IRR(E10:BE10,0) -> #NUM! | BF12: =IRR(E10:BF10,0) -> #NUM! | BG12: =IRR(E10:BG10,0) -> #NUM! | BH12: =IRR(E10:BH10,0) -> #NUM! | BI12: =IRR(E10:BI10,0) -> #NUM! | BJ12: =IRR(E10:BJ10,0) -> #NUM! | BK12: =IRR(E10:BK10,0) -> #NUM! | BL12: =IRR(E10:BL10,0) -> #NUM! | BM12: =IRR(E10:BM10,0) -> #NUM!
B13: NPV (20 years) | C13: =SUM(E13:BM13) -> 0 | F13: =NPV('New Site'!$H$34, $E$10:F10) -> 0 | G13: =NPV('New Site'!$H$34, $E$10:G10) -> 0 | H13: =NPV('New Site'!$H$34, $E$10:H10) -> 0 | I13: =NPV('New Site'!$H$34, $E$10:I10) -> 0 | J13: =NPV('New Site'!$H$34, $E$10:J10) -> 0 | K13: =NPV('New Site'!$H$34, $E$10:K10) -> 0 | L13: =NPV('New Site'!$H$34, $E$10:L10) -> 0 | M13: =NPV('New Site'!$H$34, $E$10:M10) -> 0 | ... BM13: =NPV('New Site'!$H$34, $E$10:BM10) -> 0
B14: Average ROI (20 years) | C14: =AVERAGE(F14:Y14) -> #DIV/0! | F14: =F10/$E58 -> #DIV/0! | G14: =G10/$E58 -> #DIV/0! | H14: =H10/$E58 -> #DIV/0! | I14: =I10/$E58 -> #DIV/0! | J14: =J10/$E58 -> #DIV/0! | K14: =K10/$E58 -> #DIV/0! | L14: =L10/$E58 -> #DIV/0! | M14: =M10/$E58 -> #DIV/0! | ... Y14: =Y10/$E58 -> #DIV/0!
B16: Graph flows (just for visuals) | E16: =-'Investor table'!E11 -> -1500 | F16: ='Investor table'!$G$11 -> #DIV/0! | G16: ='Investor table'!$G$11 -> #DIV/0! | H16: ='Investor table'!$G$11 -> #DIV/0! | I16: ='Investor table'!$G$11 -> #DIV/0! | J16: ='Investor table'!$G$11 -> #DIV/0! | K16: ='Investor table'!$G$11 -> #DIV/0! | L16: ='Investor table'!$G$11 -> #DIV/0! | M16: ='Investor table'!$G$11 -> #DIV/0! | ... BM16: ='Investor table'!$G$11 -> #DIV/0!
B17: Investor payback | E17: =-'Investor table'!E11 -> -1500 | F17: =IFERROR(F16+E17, 0) -> 0 | G17: =IFERROR(G16+F17, 0) -> 0 | H17: =IFERROR(H16+G17, 0) -> 0 | I17: =IFERROR(I16+H17, 0) -> 0 | J17: =IFERROR(J16+I17, 0) -> 0 | K17: =IFERROR(K16+J17, 0) -> 0 | L17: =IFERROR(L16+K17, 0) -> 0 | M17: =IFERROR(M16+L17, 0) -> 0 | ... BM17: =IFERROR(BM16+BL17, 0) -> 0
B20: Energy flows
B21: Annual electricity consumption (MWh) | C21: =SUM(E21:BM21) -> 0 | E21: =IF(ISBLANK('New Site'!$D$12),HLOOKUP($C$5, Scenarios!$D$7:$AD$27, MATCH($B$21, Scenarios!$C$7:$C$28, FALSE), FALSE),'New Site'!$D$12) -> 0 | F21: =IF(ISBLANK('New Site'!$D$12),HLOOKUP($C$5, Scenarios!$D$7:$AD$27, MATCH($B$21, Scenarios!$C$7:$C$28, FALSE), FALSE),'New Site'!$D$12) -> 0 | G21: =IF(ISBLANK('New Site'!$D$12),HLOOKUP($C$5, Scenarios!$D$7:$AD$27, MATCH($B$21, Scenarios!$C$7:$C$28, FALSE), FALSE),'New Site'!$D$12) -> 0 | H21: =IF(ISBLANK('New Site'!$D$12),HLOOKUP($C$5, Scenarios!$D$7:$AD$27, MATCH($B$21, Scenarios!$C$7:$C$28, FALSE), FALSE),'New Site'!$D$12) -> 0 | I21: =IF(ISBLANK('New Site'!$D$12),HLOOKUP($C$5, Scenarios!$D$7:$AD$27, MATCH($B$21, Scenarios!$C$7:$C$28, FALSE), FALSE),'New Site'!$D$12) -> 0 | J21: =IF(ISBLANK('New Site'!$D$12),HLOOKUP($C$5, Scenarios!$D$7:$AD$27, MATCH($B$21, Scenarios!$C$7:$C$28, FALSE), FALSE),'New Site'!$D$12) -> 0 | K21: =IF(ISBLANK('New Site'!$D$12),HLOOKUP($C$5, Scenarios!$D$7:$AD$27, MATCH($B$21, Scenarios!$C$7:$C$28, FALSE), FALSE),'New Site'!$D$12) -> 0 | L21: =IF(ISBLANK('New Site'!$D$12),HLOOKUP($C$5, Scenarios!$D$7:$AD$27, MATCH($B$21, Scenarios!$C$7:$C$28, FALSE), FALSE),'New Site'!$D$12) -> 0 | ... BM21: =IF(ISBLANK('New Site'!$D$12),HLOOKUP($C$5, Scenarios!$D$7:$AD$27, MATCH($B$21, Scenarios!$C$7:$C$28, FALSE), FALSE),'New Site'!$D$12) -> 0
B22: Annual electricity production (MWh) | C22: =SUM(E22:BM22) -> 0 | E22: =IF(ISBLANK('New Site'!$D$13),HLOOKUP($C$5, Scenarios!$D$7:$AD$27, MATCH($B$22, Scenarios!$C$7:$C$28, FALSE), FALSE),('New Site'!$D$13*'New Site'!$I$12)/1000) -> 0 | F22: =E22*(1-$B$71) -> 0 | G22: =F22*(1-$B$71) -> 0 | H22: =G22*(1-$B$71) -> 0 | I22: =H22*(1-$B$71) -> 0 | J22: =I22*(1-$B$71) -> 0 | K22: =J22*(1-$B$71) -> 0 | L22: =K22*(1-$B$71) -> 0 | M22: =L22*(1-$B$71) -> 0 | ... BM22: =BL22*(1-$B$71) -> 0
B24: Electricity prices
B25: Price currently being payed (£/MWh) | E25: ='New Site'!H30 -> 135 | F25: =E25 -> 135 | G25: =F25*(1+$B$75) -> 137.7 | H25: =G25*(1+$B$75) -> 140.454 | I25: =H25*(1+$B$75) -> 143.26308 | J25: =I25*(1+$B$75) -> 146.12834 | K25: =J25*(1+$B$75) -> 149.05091 | L25: =K25*(1+$B$75) -> 152.03193 | M25: =L25*(1+$B$75) -> 155.07257 | N25: =M25*(1+$B$75) -> 158.17402 | ... BM25: =BL25*(1+$B$75) -> 434.25407
B26: Exporting to the grid (£/MWh) | E26: ='New Site'!$D$31 -> 35 | F26: ='New Site'!$D$31 -> 35 | G26: =F26*(1+$B$75) -> 35.7 | H26: =G26*(1+$B$75) -> 36.414 | I26: =H26*(1+$B$75) -> 37.14228 | J26: =I26*(1+$B$75) -> 37.885126 | K26: =J26*(1+$B$75) -> 38.642828 | L26: =K26*(1+$B$75) -> 39.415685 | M26: =L26*(1+$B$75) -> 40.203998 | N26: =M26*(1+$B$75) -> 41.008078 | ... BM26: =BL26*(1+$B$75) -> 112.58439
B27: Exporting to the PPA (£/MWh) | E27: ='New Site'!#REF! -> #REF! | F27: ='New Site'!#REF! -> #REF! | G27: =F27*(1+$B$75) -> #REF! | H27: =G27*(1+$B$75) -> #REF! | I27: =H27*(1+$B$75) -> #REF! | J27: =I27*(1+$B$75) -> #REF! | K27: =J27*(1+$B$75) -> #REF! | L27: =K27*(1+$B$75) -> #REF! | M27: =L27*(1+$B$75) -> #REF! | N27: =M27*(1+$B$75) -> #REF! | ... BM27: =BL27*(1+$B$75) -> #REF!
B28: Exporting on site (£/MWh) | E28: ='New Site'!$D$30 -> 120 | F28: ='New Site'!$D$30 -> 120 | G28: =F28*(1+$B$75) -> 122.4 | H28: =G28*(1+$B$75) -> 124.848 | I28: =H28*(1+$B$75) -> 127.34496 | J28: =I28*(1+$B$75) -> 129.89186 | K28: =J28*(1+$B$75) -> 132.4897 | L28: =K28*(1+$B$75) -> 135.13949 | M28: =L28*(1+$B$75) -> 137.84228 | N28: =M28*(1+$B$75) -> 140.59913 | ... BM28: =BL28*(1+$B$75) -> 386.00362
B30: Revenues
B31: Electricity costs saved due to solar (site users) | C31: =SUM(E31:Y31)/20 -> 0 | E31: =IF(E22>E21,E21*(E25-E28),E22*(E25-E28)) -> 0 | F31: =IF(F22>F21,F21*(F25-F28),F22*(F25-F28)) -> 0 | G31: =IF(G22>G21,G21*(G25-G28),G22*(G25-G28)) -> 0 | H31: =IF(H22>H21,H21*(H25-H28),H22*(H25-H28)) -> 0 | I31: =IF(I22>I21,I21*(I25-I28),I22*(I25-I28)) -> 0 | J31: =IF(J22>J21,J21*(J25-J28),J22*(J25-J28)) -> 0 | K31: =IF(K22>K21,K21*(K25-K28),K22*(K25-K28)) -> 0 | L31: =IF(L22>L21,L21*(L25-L28),L22*(L25-L28)) -> 0 | ... BM31: =IF(BM22>BM21,BM21*(BM25-BM28),BM22*(BM25-BM28)) -> 0
B32: Electricity sold to the site users | C32: =SUM(E32:BM32) -> 0 | E32: =IF($C$5="Twiggs stores",0.79*E28*E22,IF($C$5="Highfields upper",0.66*E28*E22,IF(AND('New Site'!$D$11="7 days per week",$C$5="New site"),IF(E22<E21,E28*E22,E28*E21),IF(E22<E21,E28*E22*0.71,E28*E21*0.71)))) -> 0 | F32: =IF($C$5="Twiggs stores",0.79*F28*F22,IF($C$5="Highfields upper",0.66*F28*F22,IF(AND('New Site'!$D$11="7 days per week",$C$5="New site"),IF(F22<F21,F28*F22,F28*F21),IF(F22<F21,F28*F22*0.71,F28*F21*0.71)))) -> 0 | G32: =IF($C$5="Twiggs stores",0.79*G28*G22,IF($C$5="Highfields upper",0.66*G28*G22,IF(AND('New Site'!$D$11="7 days per week",$C$5="New site"),IF(G22<G21,G28*G22,G28*G21),IF(G22<G21,G28*G22*0.71,G28*G21*0.71)))) -> 0 | H32: =IF($C$5="Twiggs stores",0.79*H28*H22,IF($C$5="Highfields upper",0.66*H28*H22,IF(AND('New Site'!$D$11="7 days per week",$C$5="New site"),IF(H22<H21,H28*H22,H28*H21),IF(H22<H21,H28*H22*0.71,H28*H21*0.71)))) -> 0 | I32: =IF($C$5="Twiggs stores",0.79*I28*I22,IF($C$5="Highfields upper",0.66*I28*I22,IF(AND('New Site'!$D$11="7 days per week",$C$5="New site"),IF(I22<I21,I28*I22,I28*I21),IF(I22<I21,I28*I22*0.71,I28*I21*0.71)))) -> 0 | J32: =IF($C$5="Twiggs stores",0.79*J28*J22,IF($C$5="Highfields upper",0.66*J28*J22,IF(AND('New Site'!$D$11="7 days per week",$C$5="New site"),IF(J22<J21,J28*J22,J28*J21),IF(J22<J21,J28*J22*0.71,J28*J21*0.71)))) -> 0 | K32: =IF($C$5="Twiggs stores",0.79*K28*K22,IF($C$5="Highfields upper",0.66*K28*K22,IF(AND('New Site'!$D$11="7 days per week",$C$5="New site"),IF(K22<K21,K28*K22,K28*K21),IF(K22<K21,K28*K22*0.71,K28*K21*0.71)))) -> 0 | L32: =IF($C$5="Twiggs stores",0.79*L28*L22,IF($C$5="Highfields upper",0.66*L28*L22,IF(AND('New Site'!$D$11="7 days per week",$C$5="New site"),IF(L22<L21,L28*L22,L28*L21),IF(L22<L21,L28*L22*0.71,L28*L21*0.71)))) -> 0 | ... BM32: =IF($C$5="Twiggs stores",0.79*BM28*BM22,IF($C$5="Highfields upper",0.66*BM28*BM22,IF(AND('New Site'!$D$11="7 days per week",$C$5="New site"),IF(BM22<BM21,BM28*BM22,BM28*BM21),IF(BM22<BM21,BM28*BM22*0.71,BM28*BM21*0.71)))) -> 0
B33: Excess electricity sold to the community energy group | C33: =SUM(E33:BM33) -> 0
B34: Excess electricity sold to the grid | E34: =IF('New Site'!$D$11="Weekdays only",IF('Site - NS'!E22<'Site - NS'!E21,0.29*'Site - NS'!E22*'Site - NS'!E26,0.29*'Site - NS'!E21*'Site - NS'!E26+'Site - NS'!E26*('Site - NS'!E22-'Site - NS'!E21)),IF('Site - NS'!E22<'Site - NS'!E21,0,'Site - NS'!E26*('Site - NS'!E22-'Site - NS'!E21))) -> 0 | F34: =IF('New Site'!$D$11="Weekdays only",IF('Site - NS'!F22<'Site - NS'!F21,0.29*'Site - NS'!F22*'Site - NS'!F26,0.29*'Site - NS'!F21*'Site - NS'!F26+'Site - NS'!F26*('Site - NS'!F22-'Site - NS'!F21)),IF('Site - NS'!F22<'Site - NS'!F21,0,'Site - NS'!F26*('Site - NS'!F22-'Site - NS'!F21))) -> 0 | G34: =IF('New Site'!$D$11="Weekdays only",IF('Site - NS'!G22<'Site - NS'!G21,0.29*'Site - NS'!G22*'Site - NS'!G26,0.29*'Site - NS'!G21*'Site - NS'!G26+'Site - NS'!G26*('Site - NS'!G22-'Site - NS'!G21)),IF('Site - NS'!G22<'Site - NS'!G21,0,'Site - NS'!G26*('Site - NS'!G22-'Site - NS'!G21))) -> 0 | H34: =IF('New Site'!$D$11="Weekdays only",IF('Site - NS'!H22<'Site - NS'!H21,0.29*'Site - NS'!H22*'Site - NS'!H26,0.29*'Site - NS'!H21*'Site - NS'!H26+'Site - NS'!H26*('Site - NS'!H22-'Site - NS'!H21)),IF('Site - NS'!H22<'Site - NS'!H21,0,'Site - NS'!H26*('Site - NS'!H22-'Site - NS'!H21))) -> 0 | I34: =IF('New Site'!$D$11="Weekdays only",IF('Site - NS'!I22<'Site - NS'!I21,0.29*'Site - NS'!I22*'Site - NS'!I26,0.29*'Site - NS'!I21*'Site - NS'!I26+'Site - NS'!I26*('Site - NS'!I22-'Site - NS'!I21)),IF('Site - NS'!I22<'Site - NS'!I21,0,'Site - NS'!I26*('Site - NS'!I22-'Site - NS'!I21))) -> 0 | J34: =IF('New Site'!$D$11="Weekdays only",IF('Site - NS'!J22<'Site - NS'!J21,0.29*'Site - NS'!J22*'Site - NS'!J26,0.29*'Site - NS'!J21*'Site - NS'!J26+'Site - NS'!J26*('Site - NS'!J22-'Site - NS'!J21)),IF('Site - NS'!J22<'Site - NS'!J21,0,'Site - NS'!J26*('Site - NS'!J22-'Site - NS'!J21))) -> 0 | K34: =IF('New Site'!$D$11="Weekdays only",IF('Site - NS'!K22<'Site - NS'!K21,0.29*'Site - NS'!K22*'Site - NS'!K26,0.29*'Site - NS'!K21*'Site - NS'!K26+'Site - NS'!K26*('Site - NS'!K22-'Site - NS'!K21)),IF('Site - NS'!K22<'Site - NS'!K21,0,'Site - NS'!K26*('Site - NS'!K22-'Site - NS'!K21))) -> 0 | L34: =IF('New Site'!$D$11="Weekdays only",IF('Site - NS'!L22<'Site - NS'!L21,0.29*'Site - NS'!L22*'Site - NS'!L26,0.29*'Site - NS'!L21*'Site - NS'!L26+'Site - NS'!L26*('Site - NS'!L22-'Site - NS'!L21)),IF('Site - NS'!L22<'Site - NS'!L21,0,'Site - NS'!L26*('Site - NS'!L22-'Site - NS'!L21))) -> 0 | ... BM34: =IF('New Site'!$D$11="Weekdays only",IF('Site - NS'!BM22<'Site - NS'!BM21,0.29*'Site - NS'!BM22*'Site - NS'!BM26,0.29*'Site - NS'!BM21*'Site - NS'!BM26+'Site - NS'!BM26*('Site - NS'!BM22-'Site - NS'!BM21)),IF('Site - NS'!BM22<'Site - NS'!BM21,0,'Site - NS'!BM26*('Site - NS'!BM22-'Site - NS'!BM21))) -> 0
B36: Other revenues
B37: Annual carbon savings (tCO2e) | C37: =SUM(E37:Y37)/20 -> 0 | F37: =F22*0.23112 -> 0 | G37: =G22*0.23112 -> 0 | H37: =H22*0.23112 -> 0 | I37: =I22*0.23112 -> 0 | J37: =J22*0.23112 -> 0 | K37: =K22*0.23112 -> 0 | L37: =L22*0.23112 -> 0 | M37: =M22*0.23112 -> 0 | ... BM37: =BM22*0.23112 -> 0
B38: Total carbon savings (tCO2e) | E38: {=(#REF!*E36(#REF!*1000)+(#REF!*1000)*#REF!)/1000} -> #REF! | F38: =(#REF!*(#REF!*1000)+(#REF!*1000)*#REF!)/1000 -> #REF! | G38: =(#REF!*(#REF!*1000)+(#REF!*1000)*#REF!)/1000 -> #REF! | H38: =(#REF!*(#REF!*1000)+(#REF!*1000)*#REF!)/1000 -> #REF! | I38: =(#REF!*(#REF!*1000)+(#REF!*1000)*#REF!)/1000 -> #REF! | J38: =(#REF!*(#REF!*1000)+(#REF!*1000)*#REF!)/1000 -> #REF! | K38: =(#REF!*(#REF!*1000)+(#REF!*1000)*#REF!)/1000 -> #REF! | L38: =(#REF!*(#REF!*1000)+(#REF!*1000)*#REF!)/1000 -> #REF! | M38: =(#REF!*(#REF!*1000)+(#REF!*1000)*#REF!)/1000 -> #REF! | ... BM38: =(#REF!*(#REF!*1000)+(#REF!*1000)*#REF!)/1000 -> #REF!
B39: Cumulative cash position | F39: =+#REF!+#REF! -> #REF! | G39: =IF(G7>0,#REF!+ F39, 0) -> #REF! | H39: =IF(H7>0,#REF!+ G39, 0) -> #REF! | I39: =IF(I7>0,#REF!+ H39, 0) -> #REF! | J39: =IF(J7>0,#REF!+ I39, 0) -> #REF! | K39: =IF(K7>0,#REF!+ J39, 0) -> #REF! | L39: =IF(L7>0,#REF!+ K39, 0) -> #REF! | M39: =IF(M7>0,#REF!+ L39, 0) -> #REF! | N39: =IF(N7>0,#REF!+ M39, 0) -> #REF! | ... BM39: =IF(BM7>0,#REF!+ BL39, 0) -> #REF!
B41: Total income | C41: =SUM(E41:BM41) -> 0 | F41: =F32+F33+F34+F68 -> 0 | G41: =G32+G33+G34+G68 -> 0 | H41: =H32+H33+H34+H68 -> 0 | I41: =I32+I33+I34+I68 -> 0 | J41: =J32+J33+J34+J68 -> 0 | K41: =K32+K33+K34+K68 -> 0 | L41: =L32+L33+L34+L68 -> 0 | M41: =M32+M33+M34+M68 -> 0 | ... BM41: =BM32+BM33+BM34+BM68 -> 0
B42: Cumulative income | E42: =E41 -> 0 | F42: =F41+E42 -> 0 | G42: =G41+F42 -> 0 | H42: =H41+G42 -> 0 | I42: =I41+H42 -> 0 | J42: =J41+I42 -> 0 | K42: =K41+J42 -> 0 | L42: =L41+K42 -> 0 | M42: =M41+L42 -> 0 | ... BM42: =BM41+BL42 -> 0
Y43: =Y42 -> 0
B44: Operational costs
B45: Combined annual O&M (fixed and variable) (£) | C45: =SUM(E45:BM45) -> 0 | E45: =HLOOKUP($C$5,Scenarios!$D$7:AD29, MATCH($B$45, Scenarios!$C$7:$C$28, FALSE), FALSE) -> 0 | F45: =E45 -> 0 | G45: =F45*(1+$B$75) -> 0 | H45: =G45*(1+$B$75) -> 0 | I45: =H45*(1+$B$75) -> 0 | J45: =I45*(1+$B$75) -> 0 | K45: =J45*(1+$B$75) -> 0 | L45: =K45*(1+$B$75) -> 0 | M45: =L45*(1+$B$75) -> 0 | N45: =M45*(1+$B$75) -> 0 | ... BM45: =BL45*(1+$B$75) -> 0
B46: Business rate charge | C46: =SUM(E46:BM46) -> 0 | E46: =Scenarios!$D$22 -> 0 | F46: =Scenarios!$D$22 -> 0 | G46: =Scenarios!$D$22 -> 0 | H46: =Scenarios!$D$22 -> 0 | I46: =Scenarios!$D$22 -> 0 | J46: =Scenarios!$D$22 -> 0 | K46: =Scenarios!$D$22 -> 0 | L46: =Scenarios!$D$22 -> 0 | ... BM46: =Scenarios!$D$22 -> 0
B48: Total costs | C48: =SUM(E48:BM48) -> 0 | F48: =-(F45+F46+F99) -> 0 | G48: =-(G45+G46+G99) -> 0 | H48: =-(H45+H46+H99) -> 0 | I48: =-(I45+I46+I99) -> 0 | J48: =-(J45+J46+J99) -> 0 | K48: =-(K45+K46+K99) -> 0 | L48: =-(L45+L46+L99) -> 0 | M48: =-(M45+M46+M99) -> 0 | ... BM48: =-(BM45+BM46+BM99) -> 0
B50: CEG cash flows
B51: CEG portion | C51: =SUM(E51:BM51) -> #REF! | E51: =E41*'New Site'!#REF! -> #REF! | F51: =F41*'New Site'!$H$31 -> 0 | G51: =G41*'New Site'!$H$31 -> 0 | H51: =H41*'New Site'!$H$31 -> 0 | I51: =I41*'New Site'!$H$31 -> 0 | J51: =J41*'New Site'!$H$31 -> 0 | K51: =K41*'New Site'!$H$31 -> 0 | L51: =L41*'New Site'!$H$31 -> 0 | M51: =M41*'New Site'!$H$31 -> 0 | ... BM51: =BM41*'New Site'!$H$31 -> 0
B52: Cumulative CEG | E52: 0 | F52: =E52+F51 -> 0 | G52: =F52+G51 -> 0 | H52: =G52+H51 -> 0 | I52: =H52+I51 -> 0 | J52: =I52+J51 -> 0 | K52: =J52+K51 -> 0 | L52: =K52+L51 -> 0 | M52: =L52+M51 -> 0 | ... BM52: =BL52+BM51 -> 0
B53: Investors | C53: =SUM(E53:BM53) -> #REF! | E53: =E41*(1-'New Site'!#REF!) -> #REF! | F53: =F41*(1-'New Site'!$H$31) -> 0 | G53: =G41*(1-'New Site'!$H$31) -> 0 | H53: =H41*(1-'New Site'!$H$31) -> 0 | I53: =I41*(1-'New Site'!$H$31) -> 0 | J53: =J41*(1-'New Site'!$H$31) -> 0 | K53: =K41*(1-'New Site'!$H$31) -> 0 | L53: =L41*(1-'New Site'!$H$31) -> 0 | M53: =M41*(1-'New Site'!$H$31) -> 0 | ... BM53: =BM41*(1-'New Site'!$H$31) -> 0
B54: Cumulative Investors | F54: =E54+F53 -> 0 | G54: =F54+G53 -> 0 | H54: =G54+H53 -> 0 | I54: =H54+I53 -> 0 | J54: =I54+J53 -> 0 | K54: =J54+K53 -> 0 | L54: =K54+L53 -> 0 | M54: =L54+M53 -> 0 | ... BM54: =BL54+BM53 -> 0
B56: Capital | E56: CEG income w.opex | F56: =F51+F48 -> 0
B57: DNO cost | C57: =SUM(E57:BM57) -> 0 | E57: =HLOOKUP($C$5, Scenarios!$C$7:$AD$42, MATCH(B57, Scenarios!$C$7:C44, FALSE), FALSE) -> 0
B58: Setup | C58: =SUM(E58:BM58) -> 0 | E58: =HLOOKUP($C$5, Scenarios!$C$7:$AD$42, MATCH(B58, Scenarios!$C$7:C45, FALSE), FALSE) -> 0
B60: Repex | C60: =SUM(E60:BM60) -> 0 | E60: =IFERROR((HLOOKUP($C$5, Scenarios!$C$7:$AD$42, (MATCH(E7, Scenarios!$C$7:$C$42, FALSE)), FALSE)), 0) -> 0 | F60: =IFERROR((HLOOKUP($C$5, Scenarios!$C$7:$AD$42, (MATCH(F7, Scenarios!$C$7:$C$42, FALSE)), FALSE)), 0) -> 0 | G60: =IFERROR((HLOOKUP($C$5, Scenarios!$C$7:$AD$42, (MATCH(G7, Scenarios!$C$7:$C$42, FALSE)), FALSE)), 0) -> 0 | H60: =IFERROR((HLOOKUP($C$5, Scenarios!$C$7:$AD$42, (MATCH(H7, Scenarios!$C$7:$C$42, FALSE)), FALSE)), 0) -> 0 | I60: =IFERROR((HLOOKUP($C$5, Scenarios!$C$7:$AD$42, (MATCH(I7, Scenarios!$C$7:$C$42, FALSE)), FALSE)), 0) -> 0 | J60: =IFERROR((HLOOKUP($C$5, Scenarios!$C$7:$AD$42, (MATCH(J7, Scenarios!$C$7:$C$42, FALSE)), FALSE)), 0) -> 0 | K60: =IFERROR((HLOOKUP($C$5, Scenarios!$C$7:$AD$42, (MATCH(K7, Scenarios!$C$7:$C$42, FALSE)), FALSE)), 0) -> 0 | L60: =IFERROR((HLOOKUP($C$5, Scenarios!$C$7:$AD$42, (MATCH(L7, Scenarios!$C$7:$C$42, FALSE)), FALSE)), 0) -> 0 | ... BM60: =IFERROR((HLOOKUP($C$5, Scenarios!$C$7:$AD$42, (MATCH(BM7, Scenarios!$C$7:$C$42, FALSE)), FALSE)), 0) -> 0
B62: Total capex | C62: =SUM(E62:BM62) -> 0 | E62: =-SUM(E57:E61) -> 0 | F62: =-SUM(F57:F61) -> 0 | G62: =-SUM(G57:G61) -> 0 | H62: =-SUM(H57:H61) -> 0 | I62: =-SUM(I57:I61) -> 0 | J62: =-SUM(J57:J61) -> 0 | K62: =-SUM(K57:K61) -> 0 | L62: =-SUM(L57:L61) -> 0 | ... BM62: =-SUM(BM57:BM61) -> 0
B64: Grants
B65: Fully financed | C65: =SUM(E65:BM65) -> 0 | E65: 0
B66: Value (p/kWh) | E66: =IFERROR(HLOOKUP(B66, 'Lookups references'!$M$7:P13, MATCH('Site - NS'!#REF!, 'Lookups references'!$M$7:M13, FALSE), FALSE),0) -> 0 | F66: =E66*(1+Scenarios!$Q$32) -> 0 | G66: =F66*(1+Scenarios!$Q$32) -> 0 | H66: =G66*(1+Scenarios!$Q$32) -> 0 | I66: =H66*(1+Scenarios!$Q$32) -> 0 | J66: =I66*(1+Scenarios!$Q$32) -> 0 | K66: =J66*(1+Scenarios!$Q$32) -> 0 | L66: =K66*(1+Scenarios!$Q$32) -> 0 | M66: =L66*(1+Scenarios!$Q$32) -> 0 | ... BM66: =BL66*(1+Scenarios!$Q$32) -> 0
B67: Eligibility | E67: =IFERROR(HLOOKUP($B$67, 'Lookups references'!$M$7:P14, MATCH('Site - NS'!#REF!, 'Lookups references'!$M$7:$M$14, FALSE), FALSE),0) -> 0 | F67: =IFERROR(HLOOKUP($B$67, 'Lookups references'!$M$7:Q14, MATCH('Site - NS'!#REF!, 'Lookups references'!$M$7:$M$14, FALSE), FALSE),0) -> 0 | G67: =IFERROR(HLOOKUP($B$67, 'Lookups references'!$M$7:R14, MATCH('Site - NS'!#REF!, 'Lookups references'!$M$7:$M$14, FALSE), FALSE),0) -> 0 | H67: =IFERROR(HLOOKUP($B$67, 'Lookups references'!$M$7:S14, MATCH('Site - NS'!#REF!, 'Lookups references'!$M$7:$M$14, FALSE), FALSE),0) -> 0 | I67: =IFERROR(HLOOKUP($B$67, 'Lookups references'!$M$7:T14, MATCH('Site - NS'!#REF!, 'Lookups references'!$M$7:$M$14, FALSE), FALSE),0) -> 0 | J67: =IFERROR(HLOOKUP($B$67, 'Lookups references'!$M$7:U14, MATCH('Site - NS'!#REF!, 'Lookups references'!$M$7:$M$14, FALSE), FALSE),0) -> 0 | K67: =IFERROR(HLOOKUP($B$67, 'Lookups references'!$M$7:V14, MATCH('Site - NS'!#REF!, 'Lookups references'!$M$7:$M$14, FALSE), FALSE),0) -> 0 | L67: =IFERROR(HLOOKUP($B$67, 'Lookups references'!$M$7:W14, MATCH('Site - NS'!#REF!, 'Lookups references'!$M$7:$M$14, FALSE), FALSE),0) -> 0 | ... BM67: =IFERROR(HLOOKUP($B$67, 'Lookups references'!$M$7:BX14, MATCH('Site - NS'!#REF!, 'Lookups references'!$M$7:$M$14, FALSE), FALSE),0) -> 0
B68: Total revenue grant | C68: =SUM(E68:BM68) -> 0 | E68: =IF(E7<E67, E66*E22*1000/100, 0) -> 0 | F68: =IF(F7<F67, F66*F22*1000/100, 0) -> 0 | G68: =IF(G7<G67, G66*G22*1000/100, 0) -> 0 | H68: =IF(H7<H67, H66*H22*1000/100, 0) -> 0 | I68: =IF(I7<I67, I66*I22*1000/100, 0) -> 0 | J68: =IF(J7<J67, J66*J22*1000/100, 0) -> 0 | K68: =IF(K7<K67, K66*K22*1000/100, 0) -> 0 | L68: =IF(L7<L67, L66*L22*1000/100, 0) -> 0 | ... BM68: =IF(BM7<BM67, BM66*BM22*1000/100, 0) -> 0
B70: Degredation
B71: ='New Site'!H33 -> 0.01
B72: Shading
B73: ='New Site'!#REF! -> #REF!
B74: Inflation
B75: ='New Site'!H32 -> 0.02
B76: CEG benefit fund cashflow | F76: ='New Site'!$AA27 -> 0 | G76: ='New Site'!$AA28 -> 0 | H76: ='New Site'!$AA29 -> 0 | I76: ='New Site'!$AA30 -> 0 | J76: ='New Site'!$AA31 -> 0 | K76: ='New Site'!$AA32 -> 0 | L76: ='New Site'!$AA33 -> 0 | M76: ='New Site'!$AA34 -> 0 | N76: ='New Site'!$AA35 -> 0 | O76: ='New Site'!$AA36 -> 0 | P76: ='New Site'!$AA37 -> 0 | Q76: ='New Site'!$AA38 -> 0 | R76: ='New Site'!$AA39 -> 0 | S76: ='New Site'!$AA40 -> 0 | T76: ='New Site'!$AA41 -> 0 | U76: ='New Site'!$AA42 -> 0 | V76: ='New Site'!$AA43 -> 0 | W76: ='New Site'!$AA44 -> 0 | X76: ='New Site'!$AA45 -> 0 | Y76: ='New Site'!$AA46 -> 0
B78: CEG cashflow | E78: ='New Site'!$AB26 -> 0 | F78: ='New Site'!$AB27 -> 0 | G78: ='New Site'!$AB28 -> 0 | H78: ='New Site'!$AB29 -> 0 | I78: ='New Site'!$AB30 -> 0 | J78: ='New Site'!$AB31 -> 0 | K78: ='New Site'!$AB32 -> 0 | L78: ='New Site'!$AB33 -> 0 | M78: ='New Site'!$AB34 -> 0 | N78: ='New Site'!$AB35 -> 0 | O78: ='New Site'!$AB36 -> 0 | P78: ='New Site'!$AB37 -> 0 | Q78: ='New Site'!$AB38 -> 0 | R78: ='New Site'!$AB39 -> 0 | S78: ='New Site'!$AB40 -> 0 | T78: ='New Site'!$AB41 -> 0 | U78: ='New Site'!$AB42 -> 0 | V78: ='New Site'!$AB43 -> 0 | W78: ='New Site'!$AB44 -> 0 | X78: ='New Site'!$AB45 -> 0 | Y78: ='New Site'!$AB46 -> 0
B80: Expected opex | F80: ='Site - NS'!F$45 -> 0 | G80: ='Site - NS'!G$45 -> 0 | H80: ='Site - NS'!H$45 -> 0 | I80: ='Site - NS'!I$45 -> 0 | J80: ='Site - NS'!J$45 -> 0 | K80: ='Site - NS'!K$45 -> 0 | L80: ='Site - NS'!L$45 -> 0 | M80: ='Site - NS'!M$45 -> 0 | ... Y80: ='Site - NS'!Y$45 -> 0
B82: Expected income | F82: ='New Site'!$T27 -> 0 | G82: ='New Site'!$T28 -> 0 | H82: ='New Site'!$T29 -> 0 | I82: ='New Site'!$T30 -> 0 | J82: ='New Site'!$T31 -> 0 | K82: ='New Site'!$T32 -> 0 | L82: ='New Site'!$T33 -> 0 | M82: ='New Site'!$T34 -> 0 | N82: ='New Site'!$T35 -> 0 | O82: ='New Site'!$T36 -> 0 | P82: ='New Site'!$T37 -> 0 | Q82: ='New Site'!$T38 -> 0 | R82: ='New Site'!$T39 -> 0 | S82: ='New Site'!$T40 -> 0 | T82: ='New Site'!$T41 -> 0 | U82: ='New Site'!$T42 -> 0 | V82: ='New Site'!$T43 -> 0 | W82: ='New Site'!$T44 -> 0 | X82: ='New Site'!$T45 -> 0 | Y82: ='New Site'!$T46 -> 0
B84: System cashflow | E84: ='New Site'!Y26 -> 0 | F84: ='New Site'!$Y27 -> 0 | G84: ='New Site'!$Y28 -> 0 | H84: ='New Site'!$Y29 -> 0 | I84: ='New Site'!$Y30 -> 0 | J84: ='New Site'!$Y31 -> 0 | K84: ='New Site'!$Y32 -> 0 | L84: ='New Site'!$Y33 -> 0 | M84: ='New Site'!$Y34 -> 0 | N84: ='New Site'!$Y35 -> 0 | O84: ='New Site'!$Y36 -> 0 | P84: ='New Site'!$Y37 -> 0 | Q84: ='New Site'!$Y38 -> 0 | R84: ='New Site'!$Y39 -> 0 | S84: ='New Site'!$Y40 -> 0 | T84: ='New Site'!$Y41 -> 0 | U84: ='New Site'!$Y42 -> 0 | V84: ='New Site'!$Y43 -> 0 | W84: ='New Site'!$Y44 -> 0 | X84: ='New Site'!$Y45 -> 0 | Y84: ='New Site'!$Y46 -> 0
B88: System ROI | F88: =(F42-(-$E$62))/-$E$62 -> #DIV/0! | G88: =(G42-(-$E$62))/-$E$62 -> #DIV/0! | H88: =(H42-(-$E$62))/-$E$62 -> #DIV/0! | I88: =(I42-(-$E$62))/-$E$62 -> #DIV/0! | J88: =(J42-(-$E$62))/-$E$62 -> #DIV/0! | K88: =(K42-(-$E$62))/-$E$62 -> #DIV/0! | L88: =(L42-(-$E$62))/-$E$62 -> #DIV/0! | M88: =(M42-(-$E$62))/-$E$62 -> #DIV/0! | ... X88: =(X42-(-$E$62))/-$E$62 -> #DIV/0! | Y88: =(Y42-('New Site'!D21))/'New Site'!D21 -> #DIV/0!
B90: System SPY | F90: =NPV(Scenarios!$Q$33, $E$10:F10) -> 0
E93: ='New Site'!U26 -> 0 | F93: ='New Site'!U27 -> 0 | G93: ='New Site'!U28 -> 0 | H93: ='New Site'!U29 -> 0 | I93: ='New Site'!U30 -> 0 | J93: ='New Site'!U31 -> 0 | K93: ='New Site'!U32 -> 0 | L93: ='New Site'!U33 -> 0 | M93: ='New Site'!U34 -> 0 | N93: ='New Site'!U35 -> 0 | O93: ='New Site'!U36 -> 0 | P93: ='New Site'!U37 -> 0 | Q93: ='New Site'!U38 -> 0 | R93: ='New Site'!U39 -> 0 | S93: ='New Site'!U40 -> 0 | T93: ='New Site'!U41 -> 0 | U93: ='New Site'!U42 -> 0 | V93: ='New Site'!U43 -> 0 | W93: ='New Site'!U44 -> 0 | X93: ='New Site'!U45 -> 0 | Y93: ='New Site'!U46 -> 0
B95: System IRR | F95: =IRR(E93:F93,0) -> #NUM! | G95: =IRR($E$93:G93,0) -> #NUM! | H95: =IRR($E$93:H93,0) -> #NUM! | I95: =IRR($E$93:I93,0) -> #NUM! | J95: =IRR($E$93:J93,0) -> #NUM! | K95: =IRR($E$93:K93,0) -> #NUM! | L95: =IRR($E$93:L93,0) -> #NUM! | M95: =IRR($E$93:M93,0) -> #NUM! | N95: =IRR($E$93:N93,0) -> #NUM! | ... Y95: =IRR($E$93:Y93,0) -> #NUM!
B96: System NPV | F96: =NPV(Summary!C128,'Site - NS'!$E$93:F93) -> 0 | G96: =NPV(Summary!C128,'Site - NS'!$E$93:G93) -> 0 | H96: =NPV(Summary!D128,'Site - NS'!$E$93:H93) -> 0 | I96: =NPV(Summary!E129,'Site - NS'!$E$93:I93) -> #VALUE! | J96: =NPV(Summary!F129,'Site - NS'!$E$93:J93) -> 0 | K96: =NPV(Summary!G129,'Site - NS'!$E$93:K93) -> 0 | L96: =NPV(Summary!H129,'Site - NS'!$E$93:L93) -> #VALUE! | M96: =NPV(Summary!I129,'Site - NS'!$E$93:M93) -> 0 | N96: =NPV(Summary!J129,'Site - NS'!$E$93:N93) -> 0 | O96: =NPV(Summary!K129,'Site - NS'!$E$93:O93) -> #VALUE! | P96: =NPV(Summary!L128,'Site - NS'!$E$93:P93) -> 0 | Q96: =NPV(Summary!M128,'Site - NS'!$E$93:Q93) -> 0 | R96: =NPV(Summary!N128,'Site - NS'!$E$93:R93) -> 0 | S96: =NPV(Summary!O128,'Site - NS'!$E$93:S93) -> 0 | T96: =NPV(Summary!P128,'Site - NS'!$E$93:T93) -> 0 | U96: =NPV(Summary!Q128,'Site - NS'!$E$93:U93) -> 0 | V96: =NPV(Summary!R128,'Site - NS'!$E$93:V93) -> 0 | W96: =NPV(Summary!S128,'Site - NS'!$E$93:W93) -> 0 | ... Y96: =NPV(Summary!U128,'Site - NS'!$E$93:Y93) -> 0
F99: ='New Site'!$Z27 -> 0 | G99: ='New Site'!$Z28 -> 0 | H99: ='New Site'!$Z29 -> 0 | I99: ='New Site'!$Z30 -> 0 | J99: ='New Site'!$Z31 -> 0 | K99: ='New Site'!$Z32 -> 0 | L99: ='New Site'!$Z33 -> 0 | M99: ='New Site'!$Z34 -> 0 | N99: ='New Site'!$Z35 -> 0 | O99: ='New Site'!$Z36 -> 0 | P99: ='New Site'!$Z37 -> 0 | Q99: ='New Site'!$Z38 -> 0 | R99: ='New Site'!$Z39 -> 0 | S99: ='New Site'!$Z40 -> 0 | T99: ='New Site'!$Z41 -> 0 | U99: ='New Site'!$Z42 -> 0 | V99: ='New Site'!$Z43 -> 0 | W99: ='New Site'!$Z44 -> 0 | X99: ='New Site'!$Z45 -> 0 | Y99: ='New Site'!$Z46 -> 0

Sheet Scenarios
G4: Project start year: | H4: 2023
C5: Input assumptions
G6: Twiggs steelyard options | K6: Twiggs office options | O6: Highfields upper options | S6: Highfields lower options
C7: Tab name | D7: Arc leisure - option 1 | E7: Arc leisure - option 2 | F7: Arc leisure - option 3 | G7: Twiggs steelyard - option 1 | H7: Twiggs steelyard - option 2 | I7: Twiggs steelyard - option 3 | J7: Twiggs steelyard | K7: Twiggs office - option 1 | L7: Twiggs office - option 2 | M7: Twiggs office - option 3 | N7: Twiggs stores | O7: Highfields upper - option 1 | P7: Highfields upper - option 2 | Q7: Highfields upper - option 3 | R7: Highfields upper | S7: Highfields lower - option 1 | T7: Highfields lower - option 2 | U7: Highfields lower - option 3 | V7: Highfields lower | W7: New site
C8: Electricity data
C9: System size (kW) | D9: 122 | E9: 80 | F9: 40 | G9: 125 | H9: 110 | I9: 42 | J9: =G9 -> 125 | K9: 84 | L9: 55 | M9: 80 | N9: =L9 -> 55 | O9: 367 | P9: 180 | Q9: 250 | R9: 180 | S9: 155 | T9: 115 | U9: 45 | V9: =S9 -> 155 | W9: =IF('New Site'!$D$10=W7,'New Site'!H12,0) -> 0
C10: Annual electricity consumption (MWh) | D10: 535.5 | E10: 535.5 | F10: 535.5 | G10: 145.2 | H10: 145.2 | I10: 145.2 | J10: =I10 -> 145.2 | K10: 74.6 | L10: 74.6 | M10: 74.6 | N10: =L10 -> 74.6 | O10: 384 | P10: 384 | Q10: 384 | R10: =Q10 -> 384 | S10: 171 | T10: 171 | U10: 171 | V10: =U10 -> 171 | W10: ='New Site'!H11 -> 0
C11: Annual electricity production (MWh) | D11: 88 | E11: 57.92 | F11: 28.96 | G11: 108.5 | H11: 95.48 | I11: 36.46 | J11: =G11 -> 108.5 | K11: 71.568 | L11: 46.86 | M11: 68.16 | N11: =L11 -> 46.86 | O11: 335.81 | P11: 164.7 | Q11: 40.26 | R11: =P11 -> 164.7 | S11: 138.57 | T11: 102.81 | U11: 40.23 | V11: =S11 -> 138.57 | W11: =W9*'New Site'!H13/1000 -> 0
C12: Annual carbon savings (tCO2e) | D12: =D11*0.23112 -> 20.33856 | E12: =E11*0.23112 -> 13.38647 | F12: =F11*0.23112 -> 6.6932352 | G12: =G11*0.23112 -> 25.07652 | H12: =H11*0.23112 -> 22.067338 | I12: =I11*0.23112 -> 8.4266352 | J12: =J11*0.23112 -> 25.07652 | K12: =K11*0.23112 -> 16.540796 | ... V12: =V11*0.23112 -> 32.026298 | W12: ='Site - NS'!E37 -> 0
C13: Electricity (buying & selling, £/MWh)
C14: Price currently being payed (£/MWh) | D14: 129 | E14: 129 | F14: 129 | G14: 158 | H14: 158 | I14: 158 | J14: =I14 -> 158 | K14: 152 | L14: 152 | M14: 152 | N14: =M14 -> 152 | O14: 127 | P14: 127 | Q14: 127 | R14: =Q14 -> 127 | S14: 134 | T14: 134 | U14: 134 | V14: =U14 -> 134 | W14: ='New Site'!H30 -> 135
C15: Exporting to the grid (£/MWh) | D15: 50 | E15: 50 | F15: 50 | G15: 50 | H15: 50 | I15: 50 | J15: =IF('New Site'!$D$10=$J$7,'New Site'!$D$31,0) -> 0 | K15: 50 | L15: 50 | M15: 50 | N15: =IF('New Site'!$D$10=$N$7,'New Site'!$D$31,0) -> 0 | O15: 50 | P15: 50 | Q15: 50 | R15: =IF('New Site'!$D$10=$R$7,'New Site'!$D$31,0) -> 0 | S15: 50 | T15: 50 | U15: 50 | V15: =IF('New Site'!$D$10=$V$7,'New Site'!$D$31,0) -> 0 | W15: ='New Site'!D31 -> 35
C16: Exporting to the PPA (£/MWh) | D16: 80 | E16: 80 | F16: 80 | G16: 80 | H16: 80 | I16: 80 | J16: =IF('New Site'!$D$10=$J$7,'New Site'!#REF!,0) -> 0 | K16: 80 | L16: 80 | M16: 80 | N16: =IF('New Site'!$D$10=$N$7,'New Site'!#REF!,0) -> 0 | O16: 80 | P16: 80 | Q16: 80 | R16: =IF('New Site'!$D$10=$R$7,'New Site'!#REF!,0) -> 0 | S16: 80 | T16: 80 | U16: 80 | V16: =IF('New Site'!$D$10=$V$7,'New Site'!#REF!,0) -> 0 | W16: ='New Site'!#REF! -> #REF!
C17: Exporting on site (£/MWh) | D17: 100 | E17: 100 | F17: 100 | G17: 100 | H17: 100 | I17: 100 | J17: =IF('New Site'!$D$10=$J$7,'New Site'!$D$30,0) -> 0 | K17: 100 | L17: 100 | M17: 100 | N17: =IF('New Site'!$D$10=$N$7,'New Site'!$D$30,0) -> 0 | O17: 100 | P17: 100 | Q17: 100 | R17: =IF('New Site'!$D$10=$R$7,'New Site'!$D$30,0) -> 0 | S17: 100 | T17: 100 | U17: 100 | V17: =IF('New Site'!$D$10=$V$7,'New Site'!$D$30,0) -> 0 | W17: ='New Site'!D30 -> 120
C18: Capex:
C19: DNO cost | D19: 0 | E19: 0 | F19: 0 | G19: 0 | H19: 0 | I19: 0 | J19: 30000 | K19: 0 | L19: 0 | M19: 0 | N19: 0 | O19: 0 | P19: 0 | Q19: 0 | R19: 0 | S19: 0 | T19: 0 | U19: 0 | V19: 27000 | W19: =IF('New Site'!$D$10=W7,'New Site'!$D$19,0) -> 0 | X19: `
C20: Setup | D20: =D9*1250 -> 152500 | E20: =E9*1250 -> 100000 | F20: =F9*1250 -> 50000 | G20: =G9*'New Site'!$A$87 -> 137500 | H20: =H9*'New Site'!$A$87 -> 121000 | I20: =I9*'New Site'!$A$87 -> 46200 | J20: =J9*'New Site'!$A$87 -> 137500 | K20: =K9*'New Site'!$A$87 -> 92400 | L20: =L9*'New Site'!$A$87 -> 60500 | M20: =M9*'New Site'!$A$87 -> 88000 | N20: ='Twiggs Stores'!D21 -> 68750 | O20: =O9*'New Site'!$A$87 -> 403700 | P20: =P9*'New Site'!$A$87 -> 198000 | Q20: =Q9*'New Site'!$A$87 -> 275000 | R20: ='Highfields Upper'!D21 -> 225000 | S20: =S9*'New Site'!$A$87 -> 170500 | T20: =T9*'New Site'!$A$87 -> 126500 | U20: =U9*'New Site'!$A$87 -> 49500 | V20: =V9*'New Site'!$A$87 -> 170500 | W20: ='New Site'!D21 -> 0
C21: Opex
C22: Business rate charge (0?) | D22: 0 | E22: 0 | F22: 0 | G22: 0 | H22: 0 | I22: 0 | J22: 0 | K22: 0 | L22: 0 | M22: 0 | N22: 0 | O22: 0 | P22: 0 | Q22: 0 | R22: 0 | S22: 0 | T22: 0 | U22: 0 | V22: 0 | W22: 0
C23: Combined annual O&M (fixed and variable) (£) | D23: =IF(D9>500,D9*1.48,IF(D9>4,D9*6.1,51)) -> 744.2 | E23: =IF(E9>500,E9*1.48,IF(E9>4,E9*6.1,51)) -> 488 | F23: =IF(F9>500,F9*1.48,IF(F9>4,F9*6.1,51)) -> 244 | G23: =IF(G9>500,G9*1.48,IF(G9>4,G9*6.1,51)) -> 762.5 | H23: =IF(H9>500,H9*1.48,IF(H9>4,H9*6.1,51)) -> 671 | I23: =IF(I9>500,I9*1.48,IF(I9>4,I9*6.1,51)) -> 256.2 | J23: =IF(J9>500,J9*1.48,IF(J9>4,J9*6.1,0)) -> 762.5 | K23: =IF(K9>500,K9*1.48,IF(K9>4,K9*6.1,51)) -> 512.4 | L23: =IF(L9>500,L9*1.48,IF(L9>4,L9*6.1,51)) -> 335.5 | M23: =IF(M9>500,M9*1.48,IF(M9>4,M9*6.1,51)) -> 488 | N23: =IF(N9>500,N9*1.48,IF(N9>4,N9*6.1,0)) -> 335.5 | O23: =IF(O9>500,O9*1.48,IF(O9>4,O9*6.1,51)) -> 2238.7 | P23: =IF(P9>500,P9*1.48,IF(P9>4,P9*6.1,51)) -> 1098 | Q23: =IF(Q9>500,Q9*1.48,IF(Q9>4,Q9*6.1,51)) -> 1525 | R23: =IF(R9>500,R9*1.48,IF(R9>4,R9*6.1,0)) -> 1098 | S23: =IF(S9>500,S9*1.48,IF(S9>4,S9*6.1,51)) -> 945.5 | T23: =IF(T9>500,T9*1.48,IF(T9>4,T9*6.1,51)) -> 701.5 | U23: =IF(U9>500,U9*1.48,IF(U9>4,U9*6.1,51)) -> 274.5 | V23: =IF(V9>500,V9*1.48,IF(V9>4,V9*6.1,0)) -> 945.5 | W23: ='New Site'!H17 -> 0
C24: Repex
C25: ='New Site'!D26 -> 11 | D25: 0 | E25: 0 | F25: 0 | G25: 0 | H25: 0 | I25: 0 | K25: 0 | L25: 0 | M25: 0 | O25: 0 | P25: 0 | Q25: 0 | S25: 0 | T25: 0 | U25: 0 | W25: ='New Site'!D25 -> 0
C26: ='Twiggs Stores'!D26 -> 11 | D26: =D20 -> 152500 | E26: =E20 -> 100000 | F26: =F20 -> 50000 | G26: =G20 -> 137500 | H26: =H20 -> 121000 | I26: =I20 -> 46200 | J26: 20000 | K26: =K20 -> 92400 | L26: =L20 -> 60500 | M26: =M20 -> 88000 | N26: ='Twiggs Stores'!D25 -> 7500 | O26: =O20 -> 403700 | P26: =P20 -> 198000 | Q26: =Q20 -> 275000 | S26: =S20 -> 170500 | T26: =T20 -> 126500 | U26: =U20 -> 49500 | V26: 17000
C27: ='Highfields Upper'!D26 -> 11 | D27: 0 | E27: 0 | F27: 0 | G27: 0 | H27: 0 | I27: 0 | J27: 0 | K27: 0 | L27: 0 | M27: 0 | O27: 0 | P27: 0 | Q27: 0 | R27: ='Highfields Upper'!D25 -> 13000 | S27: 0 | T27: 0 | U27: 0 | V27: 0
C28: Operational assumptions
C29: Annual change in electricity demand | D29: 0 | E29: 0 | F29: 0 | G29: 0 | H29: 0 | I29: 0 | J29: 0 | K29: 0 | L29: 0 | M29: 0 | N29: 0 | O29: 0 | P29: 0 | Q29: 0 | R29: 0 | S29: 0 | T29: 0 | U29: 0 | V29: 0 | W29: 0
C30: Price forecast | D30: Industrial | E30: Industrial | F30: Industrial | G30: Industrial | H30: Industrial | I30: Industrial | J30: Industrial | K30: Industrial | L30: Industrial | M30: Industrial | N30: Industrial | O30: Industrial | P30: Industrial | Q30: Industrial | R30: Industrial | S30: Industrial | T30: Industrial | U30: Industrial | V30: Industrial | W30: Industrial
C31: Inflation | D31: 0.01 | E31: 0.01 | F31: 0.01 | G31: 0.01 | H31: 0.01 | I31: 0.01 | J31: =IF('New Site'!D10=Scenarios!J$7,'New Site'!H32,0) -> 0 | K31: 0.01 | L31: 0.01 | M31: 0.01 | N31: =IF('New Site'!D10=Scenarios!N$7,'New Site'!H32,0) -> 0 | O31: 0.01 | P31: 0.01 | Q31: 0.01 | R31: =IF('New Site'!D10=Scenarios!R$7,'New Site'!H32,0) -> 0 | S31: 0.01 | T31: 0.01 | U31: 0.01 | V31: =IF('New Site'!D10=Scenarios!V$7,'New Site'!H32,0) -> 0 | W31: 0
C32: Carbon price (for SPV)

Sheet Summary
C5: Matlock - RCEF feasibility study - financial modelling outputs
C83: Scenario | D83: ='New Site'!D10 -> New site | E83: Twiggs steelyard - option 1 | F83: Twiggs steelyard - option 2 | G83: Twiggs steelyard - option 3 | H83: Twiggs office - option 1 | I83: Twiggs office - option 2 | J83: Twiggs office - option 3 | K83: Highfields upper - option 1 | L83: Highfields upper - option 2 | M83: Highfields upper - option 3 | N83: Highfields lower - option 1 | O83: Highfields lower - option 2 | P83: Highfields lower - option 3
C85: Heat price
C86: Price currently being payed (£/MWh) | D86: =IFERROR(VLOOKUP($C86, Scenarios!$C$7:$AD$39, MATCH(Summary!D$83, Scenarios!$C$7:$T$7, FALSE), FALSE), 0) -> 0 | E86: =IFERROR(VLOOKUP($C86, Scenarios!$C$7:$AD$39, MATCH(Summary!E$83, Scenarios!$C$7:$AD$7, FALSE), FALSE), 0) -> 158 | F86: =IFERROR(VLOOKUP($C86, Scenarios!$C$7:$I$39, MATCH(Summary!F$83, Scenarios!$C$7:$T$7, FALSE), FALSE), 0) -> 158 | G86: =IFERROR(VLOOKUP($C86, Scenarios!$C$7:$I$39, MATCH(Summary!G$83, Scenarios!$C$7:$T$7, FALSE), FALSE), 0) -> 158 | H86: =IFERROR(VLOOKUP($C86, Scenarios!$C$7:$AD$39, MATCH(Summary!H$83, Scenarios!$C$7:$AD$7, FALSE), FALSE), 0) -> 152 | I86: =IFERROR(VLOOKUP($C86, Scenarios!$C$7:$AD$39, MATCH(Summary!I$83, Scenarios!$C$7:$AD$7, FALSE), FALSE), 0) -> 152 | J86: =IFERROR(VLOOKUP($C86, Scenarios!$C$7:$AD$39, MATCH(Summary!J$83, Scenarios!$C$7:$AD$7, FALSE), FALSE), 0) -> 152 | K86: =IFERROR(VLOOKUP($C86, Scenarios!$C$7:$AD$39, MATCH(Summary!K$83, Scenarios!$C$7:$AD$7, FALSE), FALSE), 0) -> 127 | L86: =IFERROR(VLOOKUP($C86, Scenarios!$C$7:$AD$39, MATCH(Summary!L$83, Scenarios!$C$7:$AD$7, FALSE), FALSE), 0) -> 127 | M86: =IFERROR(VLOOKUP($C86, Scenarios!$C$7:$AD$39, MATCH(Summary!M$83, Scenarios!$C$7:$AD$7, FALSE), FALSE), 0) -> 127 | N86: =IFERROR(VLOOKUP($C86, Scenarios!$C$7:$I$39, MATCH(Summary!N$83, Scenarios!$C$7:$T$7, FALSE), FALSE), 0) -> 0 | O86: =IFERROR(VLOOKUP($C86, Scenarios!$C$7:$I$39, MATCH(Summary!O$83, Scenarios!$C$7:$U$7, FALSE), FALSE), 0) -> 0 | P86: =IFERROR(VLOOKUP($C86, Scenarios!$C$7:$AD$39, MATCH(Summary!P$83, Scenarios!$C$7:$AD$7, FALSE), FALSE), 0) -> 134
C87: Exporting on site (£/MWh) | D87: =IFERROR(VLOOKUP($C87, Scenarios!$C$7:$AD$39, MATCH(Summary!D$83, Scenarios!$C$7:$AD$7, FALSE), FALSE), 0) -> 120 | E87: =IFERROR(VLOOKUP($C87, Scenarios!$C$7:$AD$39, MATCH(Summary!E$83, Scenarios!$C$7:$AD$7, FALSE), FALSE), 0) -> 100 | F87: =IFERROR(VLOOKUP($C87, Scenarios!$C$7:$AD$39, MATCH(Summary!F$83, Scenarios!$C$7:$AD$7, FALSE), FALSE), 0) -> 100 | G87: =IFERROR(VLOOKUP($C87, Scenarios!$C$7:$AD$39, MATCH(Summary!G$83, Scenarios!$C$7:$AD$7, FALSE), FALSE), 0) -> 100 | H87: =IFERROR(VLOOKUP($C87, Scenarios!$C$7:$AD$39, MATCH(Summary!H$83, Scenarios!$C$7:$AD$7, FALSE), FALSE), 0) -> 100 | I87: =IFERROR(VLOOKUP($C87, Scenarios!$C$7:$AD$39, MATCH(Summary!I$83, Scenarios!$C$7:$AD$7, FALSE), FALSE), 0) -> 100 | J87: =IFERROR(VLOOKUP($C87, Scenarios!$C$7:$AD$39, MATCH(Summary!J$83, Scenarios!$C$7:$AD$7, FALSE), FALSE), 0) -> 100 | K87: =IFERROR(VLOOKUP($C87, Scenarios!$C$7:$AD$39, MATCH(Summary!K$83, Scenarios!$C$7:$AD$7, FALSE), FALSE), 0) -> 100 | ... P87: =IFERROR(VLOOKUP($C87, Scenarios!$C$7:$AD$39, MATCH(Summary!P$83, Scenarios!$C$7:$AD$7, FALSE), FALSE), 0) -> 100
C88: Total capex | D88: =-'Site - NS'!$E$62 -> 0 | E88: =-'Projections - Twiggs steel 1'!$E$52 -> 137500 | F88: =-'Projections - Twiggs steel 2'!$E$51 -> 121000 | G88: =-'Projections - Twiggs steel 3'!$E$51 -> 46200 | H88: =-'Projections - Twiggs office 1'!$E$51 -> 92400 | I88: =-'Projections - Twiggs office 2'!$E$51 -> 60500 | J88: =-'Projections - Twiggs office 3'!$E$51 -> 88000 | K88: =-'Projections - HU 1'!$E$51 -> 403700 | L88: =-'Projections - HU 1'!$E$51 -> 403700 | M88: =-'Projections - HU 3'!$E$51 -> 275000 | N88: =-'Projections - HL 1'!$E$51 -> 170500 | O88: =-'Projections - HL 2'!$E$51 -> 126500 | P88: =-'Projections - HL 3'!$E$51 -> 49500
C89: Cumulative carbon savings | D89: ='Site - NS'!C37 -> 0 | E89: ='Projections - Twiggs steel 1'!C33 -> 1529.6677 | F89: ='Projections - Twiggs steel 2'!C32 -> 1346.1076 | G89: ='Projections - Twiggs steel 3'!C32 -> 514.02475 | H89: ='Projections - Twiggs office 1'!$C$32 -> 1008.9886 | I89: ='Projections - Twiggs office 2'!$C$32 -> 660.64728 | J89: ='Projections - Twiggs office 3'!$C$32 -> 960.94149 | K89: ='Projections - HU 1'!C32 -> 4734.3568 | L89: ='Projections - HU 2'!C32 -> 2321.9933 | M89: ='Projections - HU 3'!C32 -> 567.59836 | N89: ='Projections - HL 1'!C32 -> 1953.6042 | O89: ='Projections - HL 2'!C32 -> 1449.4483 | P89: ='Projections - HL 3'!C32 -> 567.17541
C90: Cumulative income
C91: 20 | D91: ='Site - NS'!Y42 -> 0 | E91: =VLOOKUP($C$90,'Projections - Twiggs steel 1'!$B$7:AV66, MATCH(Summary!$C$91, 'Projections - Twiggs steel 1'!$B$7:$AX$7, FALSE), FALSE) -> 227850 | F91: =VLOOKUP($C$90,'Projections - Twiggs steel 2'!$B$7:AW65, MATCH(Summary!$C$91, 'Projections - Twiggs steel 2'!$B$7:$AX$7, FALSE), FALSE) -> 200508 | G91: =VLOOKUP($C$90,'Projections - Twiggs steel 3'!$B$7:AX65, MATCH(Summary!$C$91, 'Projections - Twiggs steel 3'!$B$7:$AX$7, FALSE), FALSE) -> 76566 | H91: =VLOOKUP($C$90,'Projections - Twiggs office 1'!$B$7:BE65, MATCH(Summary!$C$91, 'Projections - Twiggs office 1'!$B$7:$AX$7, FALSE), FALSE) -> 150292.8 | I91: =VLOOKUP($C$90,'Projections - Twiggs office 2'!$B$7:BF65, MATCH(Summary!$C$91, 'Projections - Twiggs office 2'!$B$7:$AX$7, FALSE), FALSE) -> 98406 | J91: =VLOOKUP($C$90,'Projections - Twiggs office 3'!$B$7:BG65, MATCH(Summary!$C$91, 'Projections - Twiggs office 3'!$B$7:$AX$7, FALSE), FALSE) -> 143136 | K91: =VLOOKUP($C$90,'Projections - HU 1'!$B$7:BB65, MATCH(Summary!$C$91, 'Projections - HU 1'!$B$7:$AX$7, FALSE), FALSE) -> 705201 | L91: =VLOOKUP($C$90,'Projections - HU 2'!$B$7:BC65, MATCH(Summary!$C$91, 'Projections - HU 2'!$B$7:$AX$7, FALSE), FALSE) -> 345870 | M91: =VLOOKUP($C$90,'Projections - HU 3'!$B$7:BD65, MATCH(Summary!$C$91, 'Projections - HU 3'!$B$7:$AX$7, FALSE), FALSE) -> 84546 | N91: =VLOOKUP($C$90,'Projections - HL 1'!$B$7:AY65, MATCH(Summary!$C$91, 'Projections - HL 1'!$B$7:$AX$7, FALSE), FALSE) -> 290997 | O91: =VLOOKUP($C$90,'Projections - HL 2'!$B$7:AZ65, MATCH(Summary!$C$91, 'Projections - HL 2'!$B$7:$AX$7, FALSE), FALSE) -> 215901 | P91: =VLOOKUP($C$90,'Projections - HL 3'!$B$7:BA65, MATCH(Summary!$C$91, 'Projections - HL 3'!$B$7:$AX$7, FALSE), FALSE) -> 84483
C92: Year 30 | D92: ='Site - NS'!AH42 -> 0
C93: 40 | D93: ='Site - NS'!AS42 -> 0 | E93: =VLOOKUP($C$90, 'Projections - Twiggs steel 1'!$B$7:AV67, MATCH(Summary!$C$93,'Projections - Twiggs steel 1'!$B$7:$AX$7, FALSE), FALSE) -> 444850 | F93: =VLOOKUP($C$90, 'Projections - Twiggs steel 2'!$B$7:AW66, MATCH(Summary!$C$93,'Projections - Twiggs steel 2'!$B$7:$AX$7, FALSE), FALSE) -> 391468 | G93: =VLOOKUP($C$90, 'Projections - Twiggs steel 3'!$B$7:AX66, MATCH(Summary!$C$93,'Projections - Twiggs steel 3'!$B$7:$AX$7, FALSE), FALSE) -> 149486 | H93: =VLOOKUP($C$90,'Projections - Twiggs office 1'!$B$7:BE66, MATCH(Summary!$C$93,'Projections - Twiggs office 1'!$B$7:$AX$7, FALSE), FALSE) -> 293428.8 | I93: =VLOOKUP($C$90,'Projections - Twiggs office 2'!$B$7:BF66, MATCH(Summary!$C$93,'Projections - Twiggs office 2'!$B$7:$AX$7, FALSE), FALSE) -> 192126 | J93: =VLOOKUP($C$90,'Projections - Twiggs office 3'!$B$7:BG66, MATCH(Summary!$C$93,'Projections - Twiggs office 3'!$B$7:$AX$7, FALSE), FALSE) -> 279456 | K93: =VLOOKUP($C$90, 'Projections - HU 1'!$B$7:BB66, MATCH(Summary!$C$93,'Projections - HU 1'!$B$7:$AX$7, FALSE), FALSE) -> 1376821 | L93: =VLOOKUP($C$90, 'Projections - HU 2'!$B$7:BC66, MATCH(Summary!$C$93,'Projections - HU 2'!$B$7:$AX$7, FALSE), FALSE) -> 675270 | M93: =VLOOKUP($C$90, 'Projections - HU 3'!$B$7:BD66, MATCH(Summary!$C$93,'Projections - HU 3'!$B$7:$AX$7, FALSE), FALSE) -> 165066 | N93: =VLOOKUP($C$90, 'Projections - HL 1'!$B$7:AY66, MATCH(Summary!$C$93,'Projections - HL 1'!$B$7:$AX$7, FALSE), FALSE) -> 568137 | O93: =VLOOKUP($C$90, 'Projections - HL 2'!$B$7:AZ66, MATCH(Summary!$C$93,'Projections - HL 2'!$B$7:$AX$7, FALSE), FALSE) -> 421521 | P93: =VLOOKUP($C$90, 'Projections - HL 3'!$B$7:BA66, MATCH(Summary!$C$93,'Projections - HL 3'!$B$7:$AX$7, FALSE), FALSE) -> 164943
C94: 60 | D94: ='Site - NS'!BM42 -> 0 | E94: =VLOOKUP($C$90, 'Projections - Twiggs steel 1'!$B$7:BV68, MATCH(Summary!$C$94, 'Projections - Twiggs steel 1'!$B$7:$BX$7, FALSE), FALSE) -> 661850 | F94: =VLOOKUP($C$90, 'Projections - Twiggs steel 2'!$B$7:BW67, MATCH(Summary!$C$94, 'Projections - Twiggs steel 2'!$B$7:$BX$7, FALSE), FALSE) -> 582428 | G94: =VLOOKUP($C$90, 'Projections - Twiggs steel 3'!$B$7:BX67, MATCH(Summary!$C$94, 'Projections - Twiggs steel 3'!$B$7:$BX$7, FALSE), FALSE) -> 222406 | H94: =VLOOKUP($C$90, 'Projections - Twiggs office 1'!$B$7:CE67, MATCH(Summary!$C$94, 'Projections - Twiggs office 1'!$B$7:$BX$7, FALSE), FALSE) -> 436564.8 | I94: =VLOOKUP($C$90, 'Projections - Twiggs office 2'!$B$7:CF67, MATCH(Summary!$C$94, 'Projections - Twiggs office 2'!$B$7:$BX$7, FALSE), FALSE) -> 285846 | J94: =VLOOKUP($C$90, 'Projections - Twiggs office 3'!$B$7:CG67, MATCH(Summary!$C$94, 'Projections - Twiggs office 3'!$B$7:$BX$7, FALSE), FALSE) -> 415776 | K94: =VLOOKUP($C$90, 'Projections - HU 1'!$B$7:CB67, MATCH(Summary!$C$94, 'Projections - HU 1'!$B$7:$BX$7, FALSE), FALSE) -> 2048441 | L94: =VLOOKUP($C$90, 'Projections - HU 2'!$B$7:CC67, MATCH(Summary!$C$94, 'Projections - HU 2'!$B$7:$BX$7, FALSE), FALSE) -> 1004670 | M94: =VLOOKUP($C$90, 'Projections - HU 3'!$B$7:CD67, MATCH(Summary!$C$94, 'Projections - HU 3'!$B$7:$BX$7, FALSE), FALSE) -> 245586 | N94: =VLOOKUP($C$90, 'Projections - HL 1'!$B$7:BY67, MATCH(Summary!$C$94, 'Projections - HL 1'!$B$7:$BX$7, FALSE), FALSE) -> 845277 | O94: =VLOOKUP($C$90, 'Projections - HL 2'!$B$7:BZ67, MATCH(Summary!$C$94, 'Projections - HL 2'!$B$7:$BX$7, FALSE), FALSE) -> 627141 | P94: =VLOOKUP($C$90, 'Projections - HL 3'!$B$7:CA67, MATCH(Summary!$C$94, 'Projections - HL 3'!$B$7:$BX$7, FALSE), FALSE) -> 245403
C95: IRR
C96: 20 | D96: ='Site - NS'!Y12 -> #NUM! | E96: =VLOOKUP($C$95, 'Projections - Twiggs steel 1'!$B$7:AW84, MATCH(Summary!$C$96, 'Projections - Twiggs steel 1'!$B$7:$AX$7, FALSE), FALSE) -> 0.048421289 | F96: =VLOOKUP($C$95, 'Projections - Twiggs steel 2'!$B$7:AW83, MATCH(Summary!$C$96, 'Projections - Twiggs steel 2'!$B$7:$AX$7, FALSE), FALSE) -> 0.048421289 | G96: =VLOOKUP($C$95, 'Projections - Twiggs steel 3'!$B$7:AX83, MATCH(Summary!$C$96, 'Projections - Twiggs steel 3'!$B$7:$AX$7, FALSE), FALSE) -> 0.048436207 | H96: =VLOOKUP($C$95, 'Projections - Twiggs office 1'!$B$7:BE83, MATCH(Summary!$C$96, 'Projections - Twiggs office 1'!$B$7:$AX$7, FALSE), FALSE) -> 0.045905709 | I96: =VLOOKUP($C$95, 'Projections - Twiggs office 2'!$B$7:BF83, MATCH(Summary!$C$96, 'Projections - Twiggs office 2'!$B$7:$AX$7, FALSE), FALSE) -> 0.045905709 | J96: =VLOOKUP($C$95, 'Projections - Twiggs office 3'!$B$7:BG83, MATCH(Summary!$C$96, 'Projections - Twiggs office 3'!$B$7:$AX$7, FALSE), FALSE) -> 0.045905709 | K96: =VLOOKUP($C$95, 'Projections - HU 1'!$B$7:BB83, MATCH(Summary!$C$96, 'Projections - HU 1'!$B$7:$AX$7, FALSE), FALSE) -> 0.055709446 | L96: =VLOOKUP($C$95, 'Projections - HU 2'!$B$7:BC83, MATCH(Summary!$C$96, 'Projections - HU 2'!$B$7:$AX$7, FALSE), FALSE) -> 0.055707355 | M96: =VLOOKUP($C$95, 'Projections - HU 3'!$B$7:BD83, MATCH(Summary!$C$96, 'Projections - HU 3'!$B$7:$AX$7, FALSE), FALSE) -> -0.12575985 | N96: =VLOOKUP($C$95, 'Projections - HL 1'!$B$7:AY83, MATCH(Summary!$C$96, 'Projections - HL 1'!$B$7:$AX$7, FALSE), FALSE) -> 0.052470111 | O96: =VLOOKUP($C$95, 'Projections - HL 2'!$B$7:AZ83, MATCH(Summary!$C$96, 'Projections - HL 2'!$B$7:$AX$7, FALSE), FALSE) -> 0.052470111 | P96: =VLOOKUP($C$95, 'Projections - HL 3'!$B$7:BA83, MATCH(Summary!$C$96, 'Projections - HL 3'!$B$7:$AX$7, FALSE), FALSE) -> 0.052470111
C97: Year 30 | D97: ='Site - NS'!AI12 -> #NUM!
C98: 40 | D98: ='Site - NS'!AS12 -> #NUM! | E98: =VLOOKUP($C$95, 'Projections - Twiggs steel 1'!$B$7:AV85, MATCH(Summary!$C$98, 'Projections - Twiggs steel 1'!$B$7:$AX$7, FALSE), FALSE) -> 0.07474199 | F98: =VLOOKUP($C$95, 'Projections - Twiggs steel 2'!$B$7:AW84, MATCH(Summary!$C$98, 'Projections - Twiggs steel 2'!$B$7:$AX$7, FALSE), FALSE) -> 0.07474199 | G98: =VLOOKUP($C$95, 'Projections - Twiggs steel 3'!$B$7:AX84, MATCH(Summary!$C$98, 'Projections - Twiggs steel 3'!$B$7:$AX$7, FALSE), FALSE) -> 0.074753388 | H98: =VLOOKUP($C$95,'Projections - Twiggs office 1'!$B$7:BE84, MATCH(Summary!$C$98, 'Projections - Twiggs office 1'!$B$7:$AX$7, FALSE), FALSE) -> 0.072824259 | I98: =VLOOKUP($C$95,'Projections - Twiggs office 2'!$B$7:BF84, MATCH(Summary!$C$98, 'Projections - Twiggs office 2'!$B$7:$AX$7, FALSE), FALSE) -> 0.072824259 | J98: =VLOOKUP($C$95,'Projections - Twiggs office 3'!$B$7:BG84, MATCH(Summary!$C$98, 'Projections - Twiggs office 3'!$B$7:$AX$7, FALSE), FALSE) -> 0.072824259 | K98: =VLOOKUP($C$95, 'Projections - HU 1'!$B$7:BB84, MATCH(Summary!$C$98, 'Projections - HU 1'!$B$7:$AX$7, FALSE), FALSE) -> 0.080347565 | L98: =VLOOKUP($C$95, 'Projections - HU 2'!$B$7:BC84, MATCH(Summary!$C$98, 'Projections - HU 2'!$B$7:$AX$7, FALSE), FALSE) -> 0.080345946 | M98: =VLOOKUP($C$95, 'Projections - HU 3'!$B$7:BD84, MATCH(Summary!$C$98, 'Projections - HU 3'!$B$7:$AX$7, FALSE), FALSE) -> -0.042098899 | N98: =VLOOKUP($C$95, 'Projections - HL 1'!$B$7:AY84, MATCH(Summary!$C$98, 'Projections - HL 1'!$B$7:$AX$7, FALSE), FALSE) -> 0.077846966 | O98: =VLOOKUP($C$95, 'Projections - HL 2'!$B$7:AZ84, MATCH(Summary!$C$98, 'Projections - HL 2'!$B$7:$AX$7, FALSE), FALSE) -> 0.077846966 | P98: =VLOOKUP($C$95, 'Projections - HL 3'!$B$7:BA84, MATCH(Summary!$C$98, 'Projections - HL 3'!$B$7:$AX$7, FALSE), FALSE) -> 0.077846966
C99: 60 | D99: ='Site - NS'!BM12 -> #NUM! | E99: =VLOOKUP($C$95, 'Projections - Twiggs steel 1'!$B$7:BV86, MATCH(Summary!$C$99, 'Projections - Twiggs steel 1'!$B$7:$BX$7, FALSE), FALSE) -> 0.078313213 | F99: =VLOOKUP($C$95, 'Projections - Twiggs steel 2'!$B$7:BW85, MATCH(Summary!$C$99, 'Projections - Twiggs steel 2'!$B$7:$BX$7, FALSE), FALSE) -> 0.078313213 | G99: =VLOOKUP($C$95, 'Projections - Twiggs steel 3'!$B$7:BX85, MATCH(Summary!$C$99, 'Projections - Twiggs steel 3'!$B$7:$BX$7, FALSE), FALSE) -> 0.078323687 | H99: =VLOOKUP($C$95,'Projections - Twiggs office 1'!$B$7:CE85, MATCH(Summary!$C$99,'Projections - Twiggs office 1'!$B$7:$BX$7, FALSE), FALSE) -> 0.076553716 | I99: =VLOOKUP($C$95,'Projections - Twiggs office 2'!$B$7:CF85, MATCH(Summary!$C$99,'Projections - Twiggs office 2'!$B$7:$BX$7, FALSE), FALSE) -> 0.076553716 | J99: =VLOOKUP($C$95,'Projections - Twiggs office 3'!$B$7:CG85, MATCH(Summary!$C$99,'Projections - Twiggs office 3'!$B$7:$BX$7, FALSE), FALSE) -> 0.076553716 | K99: =VLOOKUP($C$95,'Projections - HU 1'!$B$7:CB85, MATCH(Summary!$C$99,'Projections - HU 1'!$B$7:$BX$7, FALSE), FALSE) -> 0.083487485 | L99: =VLOOKUP($C$95,'Projections - HU 2'!$B$7:CC85, MATCH(Summary!$C$99,'Projections - HU 2'!$B$7:$BX$7, FALSE), FALSE) -> 0.083485984 | M99: =VLOOKUP($C$95,'Projections - HU 3'!$B$7:CD85, MATCH(Summary!$C$99,'Projections - HU 3'!$B$7:$BX$7, FALSE), FALSE) -> -0.017824619 | N99: =VLOOKUP($C$95, 'Projections - HL 1'!$B$7:BY85, MATCH(Summary!$C$99, 'Projections - HL 1'!$B$7:$BX$7, FALSE), FALSE) -> 0.081173642 | O99: =VLOOKUP($C$95, 'Projections - HL 2'!$B$7:BZ85, MATCH(Summary!$C$99, 'Projections - HL 2'!$B$7:$BX$7, FALSE), FALSE) -> 0.081173642 | P99: =VLOOKUP($C$95, 'Projections - HL 3'!$B$7:CA85, MATCH(Summary!$C$99, 'Projections - HL 3'!$B$7:$BX$7, FALSE), FALSE) -> 0.081173642
C100: NPV
C101: 40 | D101: ='Site - NS'!Y13 -> 0 | E101: =VLOOKUP($C$100,'Projections - Twiggs steel 1'!$B$7:AV87, MATCH(Summary!$C$101, 'Projections - Twiggs steel 1'!$B$7:$AX$7, FALSE), FALSE) -> 276087.5 | F101: =VLOOKUP($C$100,'Projections - Twiggs steel 2'!$B$7:AW86, MATCH(Summary!$C$101, 'Projections - Twiggs steel 2'!$B$7:$AX$7, FALSE), FALSE) -> 242957 | G101: =VLOOKUP($C$100,'Projections - Twiggs steel 3'!$B$7:AX86, MATCH(Summary!$C$101, 'Projections - Twiggs steel 3'!$B$7:$AX$7, FALSE), FALSE) -> 92781.8 | H101: =VLOOKUP($C$100,'Projections - Twiggs office 1'!$B$7:BE86, MATCH(Summary!$C$101, 'Projections - Twiggs office 1'!$B$7:$AX$7, FALSE), FALSE) -> 180020.4 | I101: =VLOOKUP($C$100,'Projections - Twiggs office 2'!$B$7:BF86, MATCH(Summary!$C$101, 'Projections - Twiggs office 2'!$B$7:$AX$7, FALSE), FALSE) -> 117870.5 | J101: =VLOOKUP($C$100,'Projections - Twiggs office 3'!$B$7:BG86, MATCH(Summary!$C$101, 'Projections - Twiggs office 3'!$B$7:$AX$7, FALSE), FALSE) -> 171448 | K101: =VLOOKUP($C$100,'Projections - HU 1'!$B$7:BB86, MATCH(Summary!$C$101, 'Projections - HU 1'!$B$7:$AX$7, FALSE), FALSE) -> 881334.3 | L101: =VLOOKUP($C$100,'Projections - HU 2'!$B$7:BC86, MATCH(Summary!$C$101, 'Projections - HU 2'!$B$7:$AX$7, FALSE), FALSE) -> 432252 | M101: =VLOOKUP($C$100,'Projections - HU 3'!$B$7:BD86, MATCH(Summary!$C$101, 'Projections - HU 3'!$B$7:$AX$7, FALSE), FALSE) -> -172459 | N101: =VLOOKUP($C$100,'Projections - HL 1'!$B$7:AY86, MATCH(Summary!$C$101, 'Projections - HL 1'!$B$7:$AX$7, FALSE), FALSE) -> 358871.5 | O101: =VLOOKUP($C$100,'Projections - HL 2'!$B$7:AZ86, MATCH(Summary!$C$101, 'Projections - HL 2'!$B$7:$AX$7, FALSE), FALSE) -> 266259.5 | P101: =VLOOKUP($C$100,'Projections - HL 3'!$B$7:BA86, MATCH(Summary!$C$101, 'Projections - HL 3'!$B$7:$AX$7, FALSE), FALSE) -> 104188.5
C102: Year 30 | D102: ='Site - NS'!AI13 -> 0
C103: 40 | D103: ='Site - NS'!AS13 -> 0 | E103: =VLOOKUP($C$100,'Projections - Twiggs steel 1'!$B$7:AV88, MATCH(Summary!$C$103,'Projections - Twiggs steel 1'!$B$7:$AX$7, FALSE), FALSE) -> 276087.5 | F103: =VLOOKUP($C$100,'Projections - Twiggs steel 2'!$B$7:AW87, MATCH(Summary!$C$103,'Projections - Twiggs steel 2'!$B$7:$AX$7, FALSE), FALSE) -> 242957 | G103: =VLOOKUP($C$100,'Projections - Twiggs steel 3'!$B$7:AX87, MATCH(Summary!$C$103,'Projections - Twiggs steel 3'!$B$7:$AX$7, FALSE), FALSE) -> 92781.8 | H103: =VLOOKUP($C$100,'Projections - Twiggs office 1'!$B$7:BE87, MATCH(Summary!$C$103,'Projections - Twiggs office 1'!$B$7:$AX$7, FALSE), FALSE) -> 180020.4 | I103: =VLOOKUP($C$100,'Projections - Twiggs office 2'!$B$7:BF87, MATCH(Summary!$C$103,'Projections - Twiggs office 2'!$B$7:$AX$7, FALSE), FALSE) -> 117870.5 | J103: =VLOOKUP($C$100,'Projections - Twiggs office 3'!$B$7:BG87, MATCH(Summary!$C$103,'Projections - Twiggs office 3'!$B$7:$AX$7, FALSE), FALSE) -> 171448 | K103: =VLOOKUP($C$100,'Projections - HU 1'!$B$7:BB87, MATCH(Summary!$C$103,'Projections - HU 1'!$B$7:$AX$7, FALSE), FALSE) -> 881334.3 | L103: =VLOOKUP($C$100,'Projections - HU 2'!$B$7:BC87, MATCH(Summary!$C$103,'Projections - HU 2'!$B$7:$AX$7, FALSE), FALSE) -> 432252 | M103: =VLOOKUP($C$100,'Projections - HU 3'!$B$7:BD87, MATCH(Summary!$C$103,'Projections - HU 3'!$B$7:$AX$7, FALSE), FALSE) -> -172459 | N103: =VLOOKUP($C$100,'Projections - HL 1'!$B$7:AY87, MATCH(Summary!$C$103,'Projections - HL 1'!$B$7:$AX$7, FALSE), FALSE) -> 358871.5 | O103: =VLOOKUP($C$100,'Projections - HL 2'!$B$7:AZ87, MATCH(Summary!$C$103,'Projections - HL 2'!$B$7:$AX$7, FALSE), FALSE) -> 266259.5 | P103: =VLOOKUP($C$100,'Projections - HL 3'!$B$7:BA87, MATCH(Summary!$C$103,'Projections - HL 3'!$B$7:$AX$7, FALSE), FALSE) -> 104188.5
C104: 60 | D104: ='Site - NS'!BM13 -> 0 | E104: =VLOOKUP($C$100, 'Projections - Twiggs steel 1'!$B$7:BV90, MATCH(Summary!$C$104, 'Projections - Twiggs steel 1'!$B$7:$BX$7, FALSE), FALSE) -> 477837.5 | F104: =VLOOKUP($C$100, 'Projections - Twiggs steel 2'!$B$7:BW89, MATCH(Summary!$C$104, 'Projections - Twiggs steel 2'!$B$7:$BX$7, FALSE), FALSE) -> 420497 | G104: =VLOOKUP($C$100, 'Projections - Twiggs steel 3'!$B$7:BX89, MATCH(Summary!$C$104, 'Projections - Twiggs steel 3'!$B$7:$BX$7, FALSE), FALSE) -> 160577.8 | H104: =VLOOKUP($C$100,'Projections - Twiggs office 1'!$B$7:CE89, MATCH(Summary!$C$104, 'Projections - Twiggs office 1'!$B$7:$BX$7, FALSE), FALSE) -> 312908.4 | I104: =VLOOKUP($C$100,'Projections - Twiggs office 2'!$B$7:CF89, MATCH(Summary!$C$104, 'Projections - Twiggs office 2'!$B$7:$BX$7, FALSE), FALSE) -> 204880.5 | J104: =VLOOKUP($C$100,'Projections - Twiggs office 3'!$B$7:CG89, MATCH(Summary!$C$104, 'Projections - Twiggs office 3'!$B$7:$BX$7, FALSE), FALSE) -> 298008 | K104: =VLOOKUP($C$100,'Projections - HU 1'!$B$7:CB89, MATCH(Summary!$C$104, 'Projections - HU 1'!$B$7:$BX$7, FALSE), FALSE) -> 1508180.3 | L104: =VLOOKUP($C$100,'Projections - HU 2'!$B$7:CC89, MATCH(Summary!$C$104, 'Projections - HU 2'!$B$7:$BX$7, FALSE), FALSE) -> 739692 | M104: =VLOOKUP($C$100,'Projections - HU 3'!$B$7:CD89, MATCH(Summary!$C$104, 'Projections - HU 3'!$B$7:$BX$7, FALSE), FALSE) -> -122439 | N104: =VLOOKUP($C$100, 'Projections - HL 1'!$B$7:BY89, MATCH(Summary!$C$104, 'Projections - HL 1'!$B$7:$BX$7, FALSE), FALSE) -> 617101.5 | O104: =VLOOKUP($C$100, 'Projections - HL 2'!$B$7:BZ89, MATCH(Summary!$C$104, 'Projections - HL 2'!$B$7:$BX$7, FALSE), FALSE) -> 457849.5 | P104: =VLOOKUP($C$100, 'Projections - HL 3'!$B$7:CA89, MATCH(Summary!$C$104, 'Projections - HL 3'!$B$7:$BX$7, FALSE), FALSE) -> 179158.5
C105: SPV
C106: 20 | D106: =VLOOKUP($C$105, 'Projections - Twiggs steel 3'!$B$7:BP90, MATCH(Summary!$C106, 'Projections - Twiggs steel 3'!$B$7:$BM$7, FALSE), FALSE) -> #N/A | E106: =VLOOKUP($C$105, 'Projections - Twiggs steel 1'!$B$7:BM91, MATCH(Summary!$C106, 'Projections - Twiggs steel 1'!$B$7:$BM$7, FALSE), FALSE) -> #N/A | F106: =VLOOKUP($C$105, 'Projections - Twiggs steel 2'!$B$7:BN90, MATCH(Summary!$C106, 'Projections - Twiggs steel 2'!$B$7:$BM$7, FALSE), FALSE) -> #N/A | G106: =VLOOKUP($C$105, 'Projections - Twiggs steel 3'!$B$7:BO90, MATCH(Summary!$C106, 'Projections - Twiggs steel 3'!$B$7:$BM$7, FALSE), FALSE) -> #N/A | H106: =VLOOKUP($C$105, 'Projections - Twiggs office 1'!$B$7:BV90, MATCH(Summary!$C106, 'Projections - Twiggs office 1'!$B$7:$BM$7, FALSE), FALSE) -> #N/A | I106: =VLOOKUP($C$105, 'Projections - Twiggs office 2'!$B$7:BW90, MATCH(Summary!$C106, 'Projections - Twiggs office 2'!$B$7:$BM$7, FALSE), FALSE) -> #N/A | J106: =VLOOKUP($C$105, 'Projections - Twiggs office 3'!$B$7:BX90, MATCH(Summary!$C106, 'Projections - Twiggs office 3'!$B$7:$BM$7, FALSE), FALSE) -> #N/A | K106: =VLOOKUP($C$105, 'Projections - HU 1'!$B$7:BS90, MATCH(Summary!$C106, 'Projections - HU 1'!$B$7:$BM$7, FALSE), FALSE) -> #N/A | L106: =VLOOKUP($C$105, 'Projections - HU 2'!$B$7:BT90, MATCH(Summary!$C106, 'Projections - HU 2'!$B$7:$BM$7, FALSE), FALSE) -> #N/A | M106: =VLOOKUP($C$105, 'Projections - HU 3'!$B$7:BU90, MATCH(Summary!$C106, 'Projections - HU 3'!$B$7:$BM$7, FALSE), FALSE) -> #N/A | N106: =VLOOKUP($C$105, 'Projections - HL 1'!$B$7:BP90, MATCH(Summary!$C106, 'Projections - HL 1'!$B$7:$BM$7, FALSE), FALSE) -> #N/A | O106: =VLOOKUP($C$105, 'Projections - HL 1'!$B$7:BQ90, MATCH(Summary!$C106, 'Projections - HL 1'!$B$7:$BM$7, FALSE), FALSE) -> #N/A | P106: =VLOOKUP($C$105, 'Projections - HL 3'!$B$7:BR90, MATCH(Summary!$C106, 'Projections - HL 3'!$B$7:$BM$7, FALSE), FALSE) -> #N/A
C107: 40 | D107: =VLOOKUP($C$105, 'Projections - Twiggs steel 3'!$B$7:BP91, MATCH(Summary!$C107, 'Projections - Twiggs steel 3'!$B$7:$BM$7, FALSE), FALSE) -> #N/A | E107: =VLOOKUP($C$105, 'Projections - Twiggs steel 1'!$B$7:BM92, MATCH(Summary!$C107, 'Projections - Twiggs steel 1'!$B$7:$BM$7, FALSE), FALSE) -> #N/A | F107: =VLOOKUP($C$105, 'Projections - Twiggs steel 2'!$B$7:BN91, MATCH(Summary!$C107, 'Projections - Twiggs steel 2'!$B$7:$BM$7, FALSE), FALSE) -> #N/A | G107: =VLOOKUP($C$105, 'Projections - Twiggs steel 3'!$B$7:BO91, MATCH(Summary!$C107, 'Projections - Twiggs steel 3'!$B$7:$BM$7, FALSE), FALSE) -> #N/A | H107: =VLOOKUP($C$105, 'Projections - Twiggs office 1'!$B$7:BV91, MATCH(Summary!$C107,'Projections - Twiggs office 1'!$B$7:$BM$7, FALSE), FALSE) -> #N/A | I107: =VLOOKUP($C$105, 'Projections - Twiggs office 2'!$B$7:BW91, MATCH(Summary!$C107,'Projections - Twiggs office 2'!$B$7:$BM$7, FALSE), FALSE) -> #N/A | J107: =VLOOKUP($C$105, 'Projections - Twiggs office 3'!$B$7:BX91, MATCH(Summary!$C107,'Projections - Twiggs office 3'!$B$7:$BM$7, FALSE), FALSE) -> #N/A | K107: =VLOOKUP($C$105, 'Projections - HU 1'!$B$7:BS91, MATCH(Summary!$C107,'Projections - HU 1'!$B$7:$BM$7, FALSE), FALSE) -> #N/A | L107: =VLOOKUP($C$105, 'Projections - HU 2'!$B$7:BT91, MATCH(Summary!$C107,'Projections - HU 2'!$B$7:$BM$7, FALSE), FALSE) -> #N/A | M107: =VLOOKUP($C$105, 'Projections - HU 3'!$B$7:BU91, MATCH(Summary!$C107,'Projections - HU 3'!$B$7:$BM$7, FALSE), FALSE) -> #N/A | N107: =VLOOKUP($C$105, 'Projections - HL 1'!$B$7:BP91, MATCH(Summary!$C107, 'Projections - HL 1'!$B$7:$BM$7, FALSE), FALSE) -> #N/A | O107: =VLOOKUP($C$105, 'Projections - HL 1'!$B$7:BQ91, MATCH(Summary!$C107, 'Projections - HL 1'!$B$7:$BM$7, FALSE), FALSE) -> #N/A | P107: =VLOOKUP($C$105, 'Projections - HL 3'!$B$7:BR91, MATCH(Summary!$C107, 'Projections - HL 3'!$B$7:$BM$7, FALSE), FALSE) -> #N/A
C108: 60 | D108: =VLOOKUP($C$105, 'Projections - Twiggs steel 3'!$B$7:BP92, MATCH(Summary!$C108, 'Projections - Twiggs steel 3'!$B$7:$BM$7, FALSE), FALSE) -> #N/A | E108: =VLOOKUP($C$105, 'Projections - Twiggs steel 1'!$B$7:BM93, MATCH(Summary!$C108, 'Projections - Twiggs steel 1'!$B$7:$BM$7, FALSE), FALSE) -> #N/A | F108: =VLOOKUP($C$105, 'Projections - Twiggs steel 2'!$B$7:BN92, MATCH(Summary!$C108, 'Projections - Twiggs steel 2'!$B$7:$BM$7, FALSE), FALSE) -> #N/A | G108: =VLOOKUP($C$105, 'Projections - Twiggs steel 3'!$B$7:BO92, MATCH(Summary!$C108, 'Projections - Twiggs steel 3'!$B$7:$BM$7, FALSE), FALSE) -> #N/A | H108: =VLOOKUP($C$105, 'Projections - Twiggs office 1'!$B$7:BV92, MATCH(Summary!$C108, 'Projections - Twiggs office 1'!$B$7:$BM$7, FALSE), FALSE) -> #N/A | I108: =VLOOKUP($C$105, 'Projections - Twiggs office 2'!$B$7:BW92, MATCH(Summary!$C108, 'Projections - Twiggs office 2'!$B$7:$BM$7, FALSE), FALSE) -> #N/A | J108: =VLOOKUP($C$105, 'Projections - Twiggs office 3'!$B$7:BX92, MATCH(Summary!$C108, 'Projections - Twiggs office 3'!$B$7:$BM$7, FALSE), FALSE) -> #N/A | K108: =VLOOKUP($C$105, 'Projections - HU 1'!$B$7:BS92, MATCH(Summary!$C108, 'Projections - HU 1'!$B$7:$BM$7, FALSE), FALSE) -> #N/A | L108: =VLOOKUP($C$105, 'Projections - HU 2'!$B$7:BT92, MATCH(Summary!$C108, 'Projections - HU 2'!$B$7:$BM$7, FALSE), FALSE) -> #N/A | M108: =VLOOKUP($C$105, 'Projections - HU 3'!$B$7:BU92, MATCH(Summary!$C108, 'Projections - HU 3'!$B$7:$BM$7, FALSE), FALSE) -> #N/A | N108: =VLOOKUP($C$105, 'Projections - HL 1'!$B$7:BP92, MATCH(Summary!$C108, 'Projections - HL 1'!$B$7:$BM$7, FALSE), FALSE) -> #N/A | O108: =VLOOKUP($C$105, 'Projections - HL 1'!$B$7:BQ92, MATCH(Summary!$C108, 'Projections - HL 1'!$B$7:$BM$7, FALSE), FALSE) -> #N/A | P108: =VLOOKUP($C$105, 'Projections - HL 3'!$B$7:BR92, MATCH(Summary!$C108, 'Projections - HL 3'!$B$7:$BM$7, FALSE), FALSE) -> #N/A
C109: Site savings
C110: /year | D110: ='Site - NS'!C31/60 -> 0 | E110: ='Projections - Twiggs steel 1'!$C$27/60 -> 6397.8833 | F110: ='Projections - Twiggs steel 2'!$C$26/60 -> 5630.1373 | G110: ='Projections - Twiggs steel 3'!$C$26/60 -> 2149.9247 | H110: ='Projections - Twiggs office 1'!$C$26/60 -> 3783.5616 | I110: ='Projections - Twiggs office 2'!$C$26/60 -> 2477.332 | J110: ='Projections - Twiggs office 3'!$C$26/60 -> 3603.392 | K110: ='Projections - HU 1'!$C$26/60 -> 9217.9845 | L110: ='Projections - HU 2'!$C$26/60 -> 4521.015 | M110: ='Projections - HU 3'!$C$26/60 -> 1105.137 | N110: ='Projections - HL 1'!$C$26/60 -> 4789.903 | O110: ='Projections - HL 2'!$C$26/60 -> 3553.799 | P110: ='Projections - HL 3'!$C$26/60 -> 1390.617
C111: /decade | D111: ='Site - NS'!C31/6 -> 0 | E111: ='Projections - Twiggs steel 1'!$C$27/6 -> 63978.833 | F111: ='Projections - Twiggs steel 2'!$C$26/6 -> 56301.373 | G111: ='Projections - Twiggs steel 3'!$C$26/6 -> 21499.247 | H111: ='Projections - Twiggs office 1'!$C$26/6 -> 37835.616 | I111: ='Projections - Twiggs office 2'!$C$26/6 -> 24773.32 | J111: ='Projections - Twiggs office 3'!$C$26/6 -> 36033.92 | K111: ='Projections - HU 1'!$C$26/6 -> 92179.845 | L111: ='Projections - HU 2'!$C$26/6 -> 45210.15 | M111: ='Projections - HU 3'!$C$26/6 -> 11051.37 | N111: ='Projections - HL 1'!$C$26/6 -> 47899.03 | O111: ='Projections - HL 2'!$C$26/6 -> 35537.99 | P111: ='Projections - HL 3'!$C$26/6 -> 13906.17
C112: Opex | D112: ='Site - NS'!E45 -> 0
C114: SPB | D114: =D88/'Site - NS'!F10 -> #DIV/0!
B115: CI | C115: ='New Site'!N10 -> 20 | D115: =VLOOKUP($C$90,'Site - NS'!$B$7:AX108, MATCH(Summary!$C$115, 'Site - NS'!$B$7:$AX$7, FALSE), FALSE) -> 0
B116: IRR | C116: ='New Site'!N10 -> 20 | D116: =VLOOKUP($C$95,'Site - NS'!$B$7:AX108, MATCH(Summary!$C$115, 'Site - NS'!$B$7:$AX$7, FALSE), FALSE) -> #N/A
B117: NPV | C117: ='New Site'!N10 -> 20 | D117: =VLOOKUP($C$100,'Site - NS'!$B$7:AX108, MATCH(Summary!$C$115, 'Site - NS'!$B$7:$AX$7, FALSE), FALSE) -> #N/A
C118: Cash flow | E118: CEG cashflow
C119: ='New Site'!N10 -> 20 | D119: =VLOOKUP($C$118,'Site - NS'!$B$7:AX108, MATCH(Summary!$C$119, 'Site - NS'!$B$7:$AX$7, FALSE), FALSE) -> 0 | G119: =VLOOKUP($C$118,'Site - TS'!$B$7:BA108, MATCH(Summary!$C$120, 'Site - TS'!$B$7:$AX$7, FALSE), FALSE) -> 6199.2011 | J119: =VLOOKUP($C$118,'Site - HU'!$B$7:BD108, MATCH(Summary!$C$121, 'Site - HU'!$B$7:$AX$7, FALSE), FALSE) -> 16835.768
C120: ='Twiggs Stores'!N10 -> 20 | D120: =VLOOKUP(E118,'Site - NS'!$B$7:AX108, MATCH(Summary!$C$119, 'Site - NS'!$B$7:$AX$7, FALSE), FALSE) -> 0 | G120: =VLOOKUP(E118,'Site - TS'!$B$7:BA108, MATCH(Summary!$C$120, 'Site - TS'!$B$7:$AX$7, FALSE), FALSE) -> 34952.551 | J120: =VLOOKUP(E118,'Site - HU'!$B$7:BD108, MATCH(Summary!$C$121, 'Site - HU'!$B$7:$AX$7, FALSE), FALSE) -> 62935.194
C121: ='Highfields Upper'!N10 -> 20 | D121: =VLOOKUP(E121,'Site - NS'!$B$7:AX108, MATCH(Summary!$C$119, 'Site - NS'!$B$7:$AX$7, FALSE), FALSE) -> 0 | E121: Expected opex | G121: =VLOOKUP(H121,'Site - TS'!$B$7:BA108, MATCH(Summary!$C$120, 'Site - TS'!$B$7:$AX$7, FALSE), FALSE) -> 488.76015 | H121: Expected opex | J121: =VLOOKUP(K121,'Site - HU'!$B$7:BD108, MATCH(Summary!$C$121, 'Site - HU'!$B$7:$AX$7, FALSE), FALSE) -> 1599.5787 | K121: Expected opex
D122: =VLOOKUP(E122,'Site - NS'!$B$7:AX108, MATCH(Summary!$C$119, 'Site - NS'!$B$7:$AX$7, FALSE), FALSE) -> 0 | E122: Expected income | G122: =VLOOKUP(H122,'Site - TS'!$B$7:BA108, MATCH(Summary!$C$120, 'Site - TS'!$B$7:$AX$7, FALSE), FALSE) -> 6687.9613 | H122: Expected income | J122: =VLOOKUP(K122,'Site - HU'!$B$7:BD108, MATCH(Summary!$C$121, 'Site - HU'!$B$7:$AX$7, FALSE), FALSE) -> 18435.347 | K122: Expected income
D123: =VLOOKUP(E123,'Site - NS'!$B$7:AX108, MATCH(Summary!$C$119, 'Site - NS'!$B$7:$AX$7, FALSE), FALSE) -> 0 | E123: Cumulative income | G123: =VLOOKUP(H123,'Site - TS'!$B$7:BA108, MATCH(Summary!$C$120, 'Site - TS'!$B$7:$AX$7, FALSE), FALSE) -> 122116.47 | H123: Cumulative income | J123: =VLOOKUP(K123,'Site - HU'!$B$7:BD108, MATCH(Summary!$C$121, 'Site - HU'!$B$7:$AX$7, FALSE), FALSE) -> 336613.71 | K123: Cumulative income
C124: 20 | D124: =VLOOKUP(E124,'Site - NS'!$B$7:AX108, MATCH(Summary!$C$119, 'Site - NS'!$B$7:$AX$7, FALSE), FALSE) -> 0 | E124: System cashflow | G124: =VLOOKUP(H124,'Site - TS'!$B$7:BA108, MATCH(Summary!$C$120, 'Site - TS'!$B$7:$AX$7, FALSE), FALSE) -> 37702.551 | H124: System cashflow | J124: =VLOOKUP(K124,'Site - HU'!$B$7:BD108, MATCH(Summary!$C$121, 'Site - HU'!$B$7:$AX$7, FALSE), FALSE) -> 71935.194 | K124: System cashflow
D125: ='Site - NS'!Y88 -> #DIV/0! | E125: System ROI | G125: ='Site - TS'!AB88 -> 0 | H125: System ROI | J125: ='Site - HU'!AE88 -> 0 | K125: System ROI
D126: =VLOOKUP(E126,'Site - NS'!$B$7:AX108, MATCH(Summary!$C$124, 'Site - NS'!$B$7:$AX$7, FALSE), FALSE) -> #NUM! | E126: System IRR | G126: =VLOOKUP(H126,'Site - TS'!$B$7:BA108, MATCH(Summary!$C$124, 'Site - TS'!$B$7:$AX$7, FALSE), FALSE) -> #NUM! | H126: System IRR | J126: =VLOOKUP(K126,'Site - HU'!$B$7:BD108, MATCH(Summary!$C$124, 'Site - HU'!$B$7:$AX$7, FALSE), FALSE) -> #NUM! | K126: System IRR
C127: discount rate | D127: =VLOOKUP(E127,'Site - NS'!$B$7:AX108, MATCH(Summary!$C$124, 'Site - NS'!$B$7:$AX$7, FALSE), FALSE) -> 0 | E127: System NPV | G127: =VLOOKUP(H127,'Site - TS'!$B$7:BA108, MATCH(Summary!$C$124, 'Site - TS'!$B$7:$AX$7, FALSE), FALSE) -> 0 | H127: System NPV | J127: =VLOOKUP(K127,'Site - HU'!$B$7:BD108, MATCH(Summary!$C$124, 'Site - HU'!$B$7:$AX$7, FALSE), FALSE) -> 0 | K127: System NPV
C128: 0.1 | D128: =VLOOKUP(E128,'Site - NS'!$B$7:AX108, MATCH(Summary!$C$124, 'Site - NS'!$B$7:$AX$7, FALSE), FALSE) -> 0 | E128: CEG benefit fund cashflow | G128: =VLOOKUP(E128,'Site - TS'!$B$7:AX108, MATCH(Summary!$C$120, 'Site - TS'!$B$7:$AX$7, FALSE), FALSE) -> 0 | J128: =VLOOKUP(E128,'Site - HU'!$B$7:AX108, MATCH(Summary!$C$121, 'Site - HU'!$B$7:$AX$7, FALSE), FALSE) -> 0
E129: NS | H129: TS | K129: HU
C220: With grant
C221: Scenario | D221: =#REF! -> #REF! | E221: =#REF! -> #REF! | F221: =#REF! -> #REF! | H221: =#REF! -> #REF! | I221: =#REF! -> #REF!
C223: Total capex | D223: =-#REF!+#REF! -> #REF! | E223: =-#REF!+#REF! -> #REF! | F223: =-#REF!+#REF! -> #REF! | H223: =-#REF!+#REF! -> #REF! | I223: =-#REF!+#REF! -> #REF!
C224: Cumulative income
C225: 20 | D225: =VLOOKUP($C$90,#REF!, MATCH( Summary!$C$91,#REF!, FALSE), FALSE) -> #REF! | E225: =VLOOKUP($C$90,#REF!, MATCH( Summary!$C$91,#REF!, FALSE), FALSE) -> #REF! | F225: =VLOOKUP($C$90,#REF!, MATCH( Summary!$C$91,#REF!, FALSE), FALSE) -> #REF! | H225: =VLOOKUP($C$90,#REF!, MATCH( Summary!$C$91,#REF!, FALSE), FALSE) -> #REF! | I225: =VLOOKUP($C$90,#REF!, MATCH( Summary!$C$91,#REF!, FALSE), FALSE) -> #REF!
C226: 40 | D226: =VLOOKUP($C$90,#REF!, MATCH( Summary!$C$93,#REF!, FALSE), FALSE) -> #REF! | E226: =VLOOKUP($C$90,#REF!, MATCH( Summary!$C$93,#REF!, FALSE), FALSE) -> #REF! | F226: =VLOOKUP($C$90,#REF!, MATCH( Summary!$C$93,#REF!, FALSE), FALSE) -> #REF! | H226: =VLOOKUP($C$90,#REF!, MATCH( Summary!$C$93,#REF!, FALSE), FALSE) -> #REF! | I226: =VLOOKUP($C$90,#REF!, MATCH( Summary!$C$93,#REF!, FALSE), FALSE) -> #REF!
C227: 60 | D227: =VLOOKUP($C$90,#REF!, MATCH( Summary!$C$94,#REF!, FALSE), FALSE) -> #REF! | E227: =VLOOKUP($C$90,#REF!, MATCH( Summary!$C$94,#REF!, FALSE), FALSE) -> #REF! | F227: =VLOOKUP($C$90,#REF!, MATCH( Summary!$C$94,#REF!, FALSE), FALSE) -> #REF! | H227: =VLOOKUP($C$90,#REF!, MATCH( Summary!$C$94,#REF!, FALSE), FALSE) -> #REF! | I227: =VLOOKUP($C$90,#REF!, MATCH( Summary!$C$94,#REF!, FALSE), FALSE) -> #REF!
C228: IRR
C229: 20 | D229: =VLOOKUP($C$95,#REF!, MATCH( Summary!$C$96,#REF!, FALSE), FALSE) -> #REF! | E229: =VLOOKUP($C$95,#REF!, MATCH( Summary!$C$96,#REF!, FALSE), FALSE) -> #REF! | F229: =VLOOKUP($C$95,#REF!, MATCH( Summary!$C$96,#REF!, FALSE), FALSE) -> #REF! | H229: =VLOOKUP($C$95,#REF!, MATCH( Summary!$C$96,#REF!, FALSE), FALSE) -> #REF! | I229: =VLOOKUP($C$95,#REF!, MATCH( Summary!$C$96,#REF!, FALSE), FALSE) -> #REF!
C230: 40 | D230: =VLOOKUP($C$95,#REF!, MATCH( Summary!$C$98,#REF!, FALSE), FALSE) -> #REF! | E230: =VLOOKUP($C$95,#REF!, MATCH( Summary!$C$98,#REF!, FALSE), FALSE) -> #REF! | F230: =VLOOKUP($C$95,#REF!, MATCH( Summary!$C$98,#REF!, FALSE), FALSE) -> #REF! | H230: =VLOOKUP($C$95,#REF!, MATCH( Summary!$C$98,#REF!, FALSE), FALSE) -> #REF! | I230: =VLOOKUP($C$95,#REF!, MATCH( Summary!$C$98,#REF!, FALSE), FALSE) -> #REF!
C231: 60 | D231: =VLOOKUP($C$95,#REF!, MATCH( Summary!$C$99,#REF!, FALSE), FALSE) -> #REF! | E231: =VLOOKUP($C$95,#REF!, MATCH( Summary!$C$99,#REF!, FALSE), FALSE) -> #REF! | F231: =VLOOKUP($C$95,#REF!, MATCH( Summary!$C$99,#REF!, FALSE), FALSE) -> #REF! | H231: =VLOOKUP($C$95,#REF!, MATCH( Summary!$C$99,#REF!, FALSE), FALSE) -> #REF! | I231: =VLOOKUP($C$95,#REF!, MATCH( Summary!$C$99,#REF!, FALSE), FALSE) -> #REF!
C232: NPV
C233: 20 | D233: =VLOOKUP($C$100,#REF!, MATCH( Summary!$C$101,#REF!, FALSE), FALSE) -> #REF! | E233: =VLOOKUP($C$100,#REF!, MATCH( Summary!$C$101,#REF!, FALSE), FALSE) -> #REF! | F233: =VLOOKUP($C$100,#REF!, MATCH( Summary!$C$101,#REF!, FALSE), FALSE) -> #REF! | H233: =VLOOKUP($C$100,#REF!, MATCH( Summary!$C$101,#REF!, FALSE), FALSE) -> #REF! | I233: =VLOOKUP($C$100,#REF!, MATCH( Summary!$C$101,#REF!, FALSE), FALSE) -> #REF!
C234: 40 | D234: =VLOOKUP($C$100,#REF!, MATCH( Summary!$C$103,#REF!, FALSE), FALSE) -> #REF! | E234: =VLOOKUP($C$100,#REF!, MATCH( Summary!$C$103,#REF!, FALSE), FALSE) -> #REF! | F234: =VLOOKUP($C$100,#REF!, MATCH( Summary!$C$103,#REF!, FALSE), FALSE) -> #REF! | H234: =VLOOKUP($C$100,#REF!, MATCH( Summary!$C$103,#REF!, FALSE), FALSE) -> #REF! | I234: =VLOOKUP($C$100,#REF!, MATCH( Summary!$C$103,#REF!, FALSE), FALSE) -> #REF!
C235: 60 | D235: =VLOOKUP($C$100,#REF!, MATCH( Summary!$C$104,#REF!, FALSE), FALSE) -> #REF! | E235: =VLOOKUP($C$100,#REF!, MATCH( Summary!$C$104,#REF!, FALSE), FALSE) -> #REF! | F235: =VLOOKUP($C$100,#REF!, MATCH( Summary!$C$104,#REF!, FALSE), FALSE) -> #REF! | H235: =VLOOKUP($C$100,#REF!, MATCH( Summary!$C$104,#REF!, FALSE), FALSE) -> #REF! | I235: =VLOOKUP($C$100,#REF!, MATCH( Summary!$C$104,#REF!, FALSE), FALSE) -> #REF!

Sheet Data val (Inputs & Outputs) 
F5: Location | J5: kWp
F7: Twiggs stores | J7: 852
F8: Highfields upper | J8: 915
F9: New site
F12: Weekdays only | G12: 0.29
F13: 7 days per week | G13: 0
F14: Twiggs stores
F15: Highfields upper

Sheet Projections - Arc leisure 1
L4: Max PPA capacity: | M4: 25
E5: Scheme option | F5: Arc leisure - option 1
B6: Period count
B7: Year | E7: 0 | F7: =E7+1 -> 1 | G7: =F7+1 -> 2 | H7: =G7+1 -> 3 | I7: =H7+1 -> 4 | J7: =I7+1 -> 5 | K7: =J7+1 -> 6 | L7: =K7+1 -> 7 | M7: =L7+1 -> 8 | ... BM7: =BL7+1 -> 60
E8: =Scenarios!H4 -> 2023 | F8: =E8+1 -> 2024 | G8: =F8+1 -> 2025 | H8: =G8+1 -> 2026 | I8: =H8+1 -> 2027 | J8: =I8+1 -> 2028 | K8: =J8+1 -> 2029 | L8: =K8+1 -> 2030 | M8: =L8+1 -> 2031 | ... BM8: =BL8+1 -> 2083
C9: Totals
B10: Cash flow | C10: =SUM(E10:BM10) -> 338903.8 | E10: =IFERROR(E36+E43+E51+E54, 0) -> -144444.2 | F10: =IFERROR(F36+F43+F51, 0) -> 8055.8 | G10: =IFERROR(G36+G43+G51, 0) -> 8055.8 | H10: =IFERROR(H36+H43+H51, 0) -> 8055.8 | I10: =IFERROR(I36+I43+I51, 0) -> 8055.8 | J10: =IFERROR(J36+J43+J51, 0) -> 8055.8 | K10: =IFERROR(K36+K43+K51, 0) -> 8055.8 | L10: =IFERROR(L36+L43+L51, 0) -> 8055.8 | M10: =IFERROR(M36+M43+M51, 0) -> 8055.8 | ... BM10: =IFERROR(BM36+BM43+BM51, 0) -> 8055.8
B11: Cumulative cash position | E11: =IFERROR(E10+C11, 0) -> -144444.2 | F11: =IFERROR(F10+E11, 0) -> -136388.4 | G11: =IFERROR(G10+F11, 0) -> -128332.6 | H11: =IFERROR(H10+G11, 0) -> -120276.8 | I11: =IFERROR(I10+H11, 0) -> -112221 | J11: =IFERROR(J10+I11, 0) -> -104165.2 | K11: =IFERROR(K10+J11, 0) -> -96109.4 | L11: =IFERROR(L10+K11, 0) -> -88053.6 | M11: =IFERROR(M10+L11, 0) -> -79997.8 | ... BM11: =IFERROR(BM10+BL11, 0) -> 338903.8
B12: IRR | C12: =SUM(E12:BM12) -> -2.2586693 | F12: =IRR(E10:F10,0) -> -0.94422898 | G12: =IRR(E10:G10,0) -> -0.73431496 | H12: =IRR(E10:H10,0) -> -0.54794406 | I12: =IRR(E10:I10,0) -> -0.41255922 | J12: =IRR(E10:J10,0) -> -0.31557476 | K12: =IRR(E10:K10,0) -> -0.24475533 | L12: =IRR(E10:L10,0) -> -0.19176171 | M12: =IRR(E10:M10,0) -> -0.15117189 | N12: =IRR(E10:N10,0) -> -0.11943154 | O12: =IRR(E10:O10,0) -> -0.094158874 | P12: =IRR(E10:P10,0) -> -0.073717911 | Q12: =IRR(E10:Q10,0) -> -0.056957747 | R12: =IRR(E10:R10,0) -> -0.043050639 | S12: =IRR(E10:S10,0) -> -0.031389229 | T12: =IRR(E10:T10,0) -> -0.021519763 | U12: =IRR(E10:U10,0) -> -0.013097707 | V12: =IRR(E10:V10,0) -> -0.0058576071 | W12: =IRR(E10:W10,0) -> 0.00040777258 | X12: =IRR(E10:X10,0) -> 0.0058621606 | Y12: =IRR(E10:Y10,0) -> 0.010636323 | Z12: =IRR(E10:Z10,0) -> 0.014835738 | AA12: =IRR(E10:AA10,0) -> 0.018546258 | AB12: =IRR(E10:AB10,0) -> 0.021838345 | AC12: =IRR(E10:AC10,0) -> 0.024770274 | AD12: =IRR(E10:AD10,0) -> 0.027390581 | AE12: =IRR(E10:AE10,0) -> 0.029739954 | AF12: =IRR(E10:AF10,0) -> 0.031852713 | AG12: =IRR(E10:AG10,0) -> 0.033757968 | AH12: =IRR(E10:AH10,0) -> 0.03548054 | AI12: =IRR(E10:AI10,1000) -> 0.037041698 | AJ12: =IRR(E10:AJ10,0) -> 0.038459751 | AK12: =IRR(E10:AK10,0) -> 0.039750528 | AL12: =IRR(E10:AL10,0) -> 0.040927769 | AM12: =IRR(E10:AM10,0) -> 0.042003449 | AN12: =IRR(E10:AN10,0) -> 0.042988037 | AO12: =IRR(E10:AO10,0) -> 0.043890723 | AP12: =IRR(E10:AP10,0) -> 0.044719596 | AQ12: =IRR(E10:AQ10,0) -> 0.045481796 | AR12: =IRR(E10:AR10,0) -> 0.046183651 | AS12: =IRR(E10:AS10,0) -> 0.046830775 | AT12: =IRR(E10:AT10,0) -> 0.047428169 | AU12: =IRR(E10:AU10,0) -> 0.047980297 | AV12: =IRR(E10:AV10,0) -> 0.048491149 | AW12: =IRR(E10:AW10,0) -> 0.048964307 | AX12: =IRR(E10:AX10,0) -> 0.049402985 | AY12: =IRR(E10:AY10,0) -> 0.049810079 | AZ12: =IRR(E10:AZ10,0) -> 0.050188203 | BA12: =IRR(E10:BA10,0) -> 0.050539716 | BB12: =IRR(E10:BB10,0) -> 0.050866757 | BC12: =IRR(E10:BC10,0) -> 0.051171264 | BD12: =IRR(E10:BD10,0) -> 0.051454998 | BE12: =IRR(E10:BE10,0) -> 0.051719562 | BF12: =IRR(E10:BF10,0) -> 0.051966416 | BG12: =IRR(E10:BG10,0) -> 0.052196892 | BH12: =IRR(E10:BH10,0) -> 0.052412208 | BI12: =IRR(E10:BI10,0) -> 0.052613479 | BJ12: =IRR(E10:BJ10,0) -> 0.052801724 | BK12: =IRR(E10:BK10,0) -> 0.052977881 | BL12: =IRR(E10:BL10,0) -> 0.053142809 | BM12: =IRR(E10:BM10,0) -> 0.053297299
B13: NPV | C13: =SUM(E13:BM13) -> 6075462 | F13: =NPV(Scenarios!$Q$33, $E$10:F10) -> -136388.4 | G13: =NPV(Scenarios!$Q$33, $E$10:G10) -> -128332.6 | H13: =NPV(Scenarios!$Q$33, $E$10:H10) -> -120276.8 | I13: =NPV(Scenarios!$Q$33, $E$10:I10) -> -112221 | J13: =NPV(Scenarios!$Q$33, $E$10:J10) -> -104165.2 | K13: =NPV(Scenarios!$Q$33, $E$10:K10) -> -96109.4 | L13: =NPV(Scenarios!$Q$33, $E$10:L10) -> -88053.6 | M13: =NPV(Scenarios!$Q$33, $E$10:M10) -> -79997.8 | ... BM13: =NPV(Scenarios!$Q$33, $E$10:BM10) -> 338903.8
B15: Energy flows
B16: Annual electricity consumption (MWh) | C16: =SUM(E16:BM16) -> 32665.5 | E16: =HLOOKUP($F$5, Scenarios!$D$7:$AD$27, MATCH($B$16, Scenarios!$C$7:$C$28, FALSE), FALSE) -> 535.5 | F16: =HLOOKUP($F$5, Scenarios!$D$7:$AD$27, MATCH($B$16, Scenarios!$C$7:$C$28, FALSE), FALSE) -> 535.5 | G16: =HLOOKUP($F$5, Scenarios!$D$7:$AD$27, MATCH($B$16, Scenarios!$C$7:$C$28, FALSE), FALSE) -> 535.5 | H16: =HLOOKUP($F$5, Scenarios!$D$7:$AD$27, MATCH($B$16, Scenarios!$C$7:$C$28, FALSE), FALSE) -> 535.5 | I16: =HLOOKUP($F$5, Scenarios!$D$7:$AD$27, MATCH($B$16, Scenarios!$C$7:$C$28, FALSE), FALSE) -> 535.5 | J16: =HLOOKUP($F$5, Scenarios!$D$7:$AD$27, MATCH($B$16, Scenarios!$C$7:$C$28, FALSE), FALSE) -> 535.5 | K16: =HLOOKUP($F$5, Scenarios!$D$7:$AD$27, MATCH($B$16, Scenarios!$C$7:$C$28, FALSE), FALSE) -> 535.5 | L16: =HLOOKUP($F$5, Scenarios!$D$7:$AD$27, MATCH($B$16, Scenarios!$C$7:$C$28, FALSE), FALSE) -> 535.5 | ... BM16: =HLOOKUP($F$5, Scenarios!$D$7:$AD$27, MATCH($B$16, Scenarios!$C$7:$C$28, FALSE), FALSE) -> 535.5
B17: Annual electricity production (MWh) | C17: =SUM(E17:BM17) -> 5368 | E17: =HLOOKUP($F$5, Scenarios!$D$7:$AD$27, MATCH($B$17, Scenarios!$C$7:$C$28, FALSE), FALSE) -> 88 | F17: =HLOOKUP($F$5, Scenarios!$D$7:$AD$27, MATCH($B$17, Scenarios!$C$7:$C$28, FALSE), FALSE) -> 88 | G17: =HLOOKUP($F$5, Scenarios!$D$7:$AD$27, MATCH($B$17, Scenarios!$C$7:$C$28, FALSE), FALSE) -> 88 | H17: =HLOOKUP($F$5, Scenarios!$D$7:$AD$27, MATCH($B$17, Scenarios!$C$7:$C$28, FALSE), FALSE) -> 88 | I17: =HLOOKUP($F$5, Scenarios!$D$7:$AD$27, MATCH($B$17, Scenarios!$C$7:$C$28, FALSE), FALSE) -> 88 | J17: =HLOOKUP($F$5, Scenarios!$D$7:$AD$27, MATCH($B$17, Scenarios!$C$7:$C$28, FALSE), FALSE) -> 88 | K17: =HLOOKUP($F$5, Scenarios!$D$7:$AD$27, MATCH($B$17, Scenarios!$C$7:$C$28, FALSE), FALSE) -> 88 | L17: =HLOOKUP($F$5, Scenarios!$D$7:$AD$27, MATCH($B$17, Scenarios!$C$7:$C$28, FALSE), FALSE) -> 88 | ... BM17: =HLOOKUP($F$5, Scenarios!$D$7:$AD$27, MATCH($B$17, Scenarios!$C$7:$C$28, FALSE), FALSE) -> 88
B19: Electricity prices
B20: Price currently being payed (£/MWh) | E20: =HLOOKUP($F$5, Scenarios!$D$7:AD29, MATCH($B$20, Scenarios!$C$7:$C$28, FALSE), FALSE) -> 129 | F20: =E20*(1+Scenarios!$Q$32) -> 129 | G20: =F20*(1+Scenarios!$Q$32) -> 129 | H20: =G20*(1+Scenarios!$Q$32) -> 129 | I20: =H20*(1+Scenarios!$Q$32) -> 129 | J20: =I20*(1+Scenarios!$Q$32) -> 129 | K20: =J20*(1+Scenarios!$Q$32) -> 129 | L20: =K20*(1+Scenarios!$Q$32) -> 129 | M20: =L20*(1+Scenarios!$Q$32) -> 129 | ... BM20: =BL20*(1+Scenarios!$Q$32) -> 129
B21: Exporting to the grid (£/MWh) | E21: =HLOOKUP($F$5, Scenarios!$D$7:AD29, MATCH($B$21, Scenarios!$C$7:$C$28, FALSE), FALSE) -> 50 | F21: =E21*(1+Scenarios!$Q$32) -> 50 | G21: =F21*(1+Scenarios!$Q$32) -> 50 | H21: =G21*(1+Scenarios!$Q$32) -> 50 | I21: =H21*(1+Scenarios!$Q$32) -> 50 | J21: =I21*(1+Scenarios!$Q$32) -> 50 | K21: =J21*(1+Scenarios!$Q$32) -> 50 | L21: =K21*(1+Scenarios!$Q$32) -> 50 | M21: =L21*(1+Scenarios!$Q$32) -> 50 | ... BM21: =BL21*(1+Scenarios!$Q$32) -> 50
B22: Exporting to the PPA (£/MWh) | E22: =HLOOKUP($F$5, Scenarios!$D$7:AD29, MATCH($B$22, Scenarios!$C$7:$C$28, FALSE), FALSE) -> 80 | F22: =HLOOKUP($F$5, Scenarios!$D$7:AE29, MATCH($B$22, Scenarios!$C$7:$C$28, FALSE), FALSE) -> 80 | G22: =HLOOKUP($F$5, Scenarios!$D$7:AF29, MATCH($B$22, Scenarios!$C$7:$C$28, FALSE), FALSE) -> 80 | H22: =HLOOKUP($F$5, Scenarios!$D$7:AG29, MATCH($B$22, Scenarios!$C$7:$C$28, FALSE), FALSE) -> 80 | I22: =HLOOKUP($F$5, Scenarios!$D$7:AH29, MATCH($B$22, Scenarios!$C$7:$C$28, FALSE), FALSE) -> 80 | J22: =HLOOKUP($F$5, Scenarios!$D$7:AI29, MATCH($B$22, Scenarios!$C$7:$C$28, FALSE), FALSE) -> 80 | K22: =HLOOKUP($F$5, Scenarios!$D$7:AJ29, MATCH($B$22, Scenarios!$C$7:$C$28, FALSE), FALSE) -> 80 | L22: =HLOOKUP($F$5, Scenarios!$D$7:AK29, MATCH($B$22, Scenarios!$C$7:$C$28, FALSE), FALSE) -> 80 | ... BM22: =HLOOKUP($F$5, Scenarios!$D$7:CL29, MATCH($B$22, Scenarios!$C$7:$C$28, FALSE), FALSE) -> 80
B23: Exporting on site (£/MWh) | E23: =HLOOKUP($F$5, Scenarios!$D$7:AD30, MATCH($B$23, Scenarios!$C$7:$C$28, FALSE), FALSE) -> 100 | F23: =HLOOKUP($F$5, Scenarios!$D$7:AE30, MATCH($B$23, Scenarios!$C$7:$C$28, FALSE), FALSE) -> 100 | G23: =HLOOKUP($F$5, Scenarios!$D$7:AF30, MATCH($B$23, Scenarios!$C$7:$C$28, FALSE), FALSE) -> 100 | H23: =HLOOKUP($F$5, Scenarios!$D$7:AG30, MATCH($B$23, Scenarios!$C$7:$C$28, FALSE), FALSE) -> 100 | I23: =HLOOKUP($F$5, Scenarios!$D$7:AH30, MATCH($B$23, Scenarios!$C$7:$C$28, FALSE), FALSE) -> 100 | J23: =HLOOKUP($F$5, Scenarios!$D$7:AI30, MATCH($B$23, Scenarios!$C$7:$C$28, FALSE), FALSE) -> 100 | K23: =HLOOKUP($F$5, Scenarios!$D$7:AJ30, MATCH($B$23, Scenarios!$C$7:$C$28, FALSE), FALSE) -> 100 | L23: =HLOOKUP($F$5, Scenarios!$D$7:AK30, MATCH($B$23, Scenarios!$C$7:$C$28, FALSE), FALSE) -> 100 | ... BM23: =HLOOKUP($F$5, Scenarios!$D$7:CL30, MATCH($B$23, Scenarios!$C$7:$C$28, FALSE), FALSE) -> 100
B25: Revenues
B26: Electricity costs saved due to solar (site users) | C26: =SUM(E26:BM26) -> 155672 | E26: =IF(E17<E16,(E20-E23)*E17,IF(AND(E17>E16,(E17-E16)<M4),E16*(E20-E23)+(E17-E16)*(E20-E22),E16*(E20-E23)+M4*(E20-E22)+(E17-E16-M4)*(E20-E21))) -> 2552 | F26: =IF(F17<F16,(F20-F23)*F17,IF(AND(F17>F16,(F17-F16)<N4),F16*(F20-F23)+(F17-F16)*(F20-F22),F16*(F20-F23)+N4*(F20-F22)+(F17-F16-N4)*(F20-F21))) -> 2552 | G26: =IF(G17<G16,(G20-G23)*G17,IF(AND(G17>G16,(G17-G16)<O4),G16*(G20-G23)+(G17-G16)*(G20-G22),G16*(G20-G23)+O4*(G20-G22)+(G17-G16-O4)*(G20-G21))) -> 2552 | H26: =IF(H17<H16,(H20-H23)*H17,IF(AND(H17>H16,(H17-H16)<P4),H16*(H20-H23)+(H17-H16)*(H20-H22),H16*(H20-H23)+P4*(H20-H22)+(H17-H16-P4)*(H20-H21))) -> 2552 | I26: =IF(I17<I16,(I20-I23)*I17,IF(AND(I17>I16,(I17-I16)<Q4),I16*(I20-I23)+(I17-I16)*(I20-I22),I16*(I20-I23)+Q4*(I20-I22)+(I17-I16-Q4)*(I20-I21))) -> 2552 | J26: =IF(J17<J16,(J20-J23)*J17,IF(AND(J17>J16,(J17-J16)<R4),J16*(J20-J23)+(J17-J16)*(J20-J22),J16*(J20-J23)+R4*(J20-J22)+(J17-J16-R4)*(J20-J21))) -> 2552 | K26: =IF(K17<K16,(K20-K23)*K17,IF(AND(K17>K16,(K17-K16)<S4),K16*(K20-K23)+(K17-K16)*(K20-K22),K16*(K20-K23)+S4*(K20-K22)+(K17-K16-S4)*(K20-K21))) -> 2552 | L26: =IF(L17<L16,(L20-L23)*L17,IF(AND(L17>L16,(L17-L16)<T4),L16*(L20-L23)+(L17-L16)*(L20-L22),L16*(L20-L23)+T4*(L20-L22)+(L17-L16-T4)*(L20-L21))) -> 2552 | ... BM26: =IF(BM17<BM16,(BM20-BM23)*BM17,IF(AND(BM17>BM16,(BM17-BM16)<BU4),BM16*(BM20-BM23)+(BM17-BM16)*(BM20-BM22),BM16*(BM20-BM23)+BU4*(BM20-BM22)+(BM17-BM16-BU4)*(BM20-BM21))) -> 2552
B27: Electricity sold to the site users | C27: =SUM(E27:BM27) -> 536800 | E27: =IF(E17<E16,E23*E17,E23*E16) -> 8800 | F27: =IF(F17<F16,F23*F17,F23*F16) -> 8800 | G27: =IF(G17<G16,G23*G17,G23*G16) -> 8800 | H27: =IF(H17<H16,H23*H17,H23*H16) -> 8800 | I27: =IF(I17<I16,I23*I17,I23*I16) -> 8800 | J27: =IF(J17<J16,J23*J17,J23*J16) -> 8800 | K27: =IF(K17<K16,K23*K17,K23*K16) -> 8800 | L27: =IF(L17<L16,L23*L17,L23*L16) -> 8800 | ... BM27: =IF(BM17<BM16,BM23*BM17,BM23*BM16) -> 8800
B28: Excess electricity sold to the community energy group | C28: =SUM(E28:BM28) -> 0 | E28: =IF(E17>=E16,E22*(E17-E16),0) -> 0 | F28: =IF(F17>=F16,F22*(F17-F16),0) -> 0 | G28: =IF(G17>=G16,G22*(G17-G16),0) -> 0 | H28: =IF(H17>=H16,H22*(H17-H16),0) -> 0 | I28: =IF(I17>=I16,I22*(I17-I16),0) -> 0 | J28: =IF(J17>=J16,J22*(J17-J16),0) -> 0 | K28: =IF(K17>=K16,K22*(K17-K16),0) -> 0 | L28: =IF(L17>=L16,L22*(L17-L16),0) -> 0 | ... BM28: =IF(BM17>=BM16,BM22*(BM17-BM16),0) -> 0
B29: Excess electricity sold to the grid | C29: =SUM(E29:BM29) -> 0 | E29: =IF((E17-E16)>$M$4,(E17-E16-$M$4)*E21,0) -> 0 | F29: =IF((F17-F16)>$M$4,(F17-F16-$M$4)*F21,0) -> 0 | G29: =IF((G17-G16)>$M$4,(G17-G16-$M$4)*G21,0) -> 0 | H29: =IF((H17-H16)>$M$4,(H17-H16-$M$4)*H21,0) -> 0 | I29: =IF((I17-I16)>$M$4,(I17-I16-$M$4)*I21,0) -> 0 | J29: =IF((J17-J16)>$M$4,(J17-J16-$M$4)*J21,0) -> 0 | K29: =IF((K17-K16)>$M$4,(K17-K16-$M$4)*K21,0) -> 0 | L29: =IF((L17-L16)>$M$4,(L17-L16-$M$4)*L21,0) -> 0 | ... BM29: =IF((BM17-BM16)>$M$4,(BM17-BM16-$M$4)*BM21,0) -> 0
B31: Other revenues
B32: Annual carbon savings (tCO2e) | C32: =SUM(E32:BM32) -> 1240.6522 | E32: =E17*0.23112 -> 20.33856 | F32: =F17*0.23112 -> 20.33856 | G32: =G17*0.23112 -> 20.33856 | H32: =H17*0.23112 -> 20.33856 | I32: =I17*0.23112 -> 20.33856 | J32: =J17*0.23112 -> 20.33856 | K32: =K17*0.23112 -> 20.33856 | L32: =L17*0.23112 -> 20.33856 | ... BM32: =BM17*0.23112 -> 20.33856
B33: Total carbon savings (tCO2e) | E33: {=(#REF!*E31(#REF!*1000)+(#REF!*1000)*#REF!)/1000} -> #REF! | F33: =(#REF!*(#REF!*1000)+(#REF!*1000)*#REF!)/1000 -> #REF! | G33: =(#REF!*(#REF!*1000)+(#REF!*1000)*#REF!)/1000 -> #REF! | H33: =(#REF!*(#REF!*1000)+(#REF!*1000)*#REF!)/1000 -> #REF! | I33: =(#REF!*(#REF!*1000)+(#REF!*1000)*#REF!)/1000 -> #REF! | J33: =(#REF!*(#REF!*1000)+(#REF!*1000)*#REF!)/1000 -> #REF! | K33: =(#REF!*(#REF!*1000)+(#REF!*1000)*#REF!)/1000 -> #REF! | L33: =(#REF!*(#REF!*1000)+(#REF!*1000)*#REF!)/1000 -> #REF! | M33: =(#REF!*(#REF!*1000)+(#REF!*1000)*#REF!)/1000 -> #REF! | ... BM33: =(#REF!*(#REF!*1000)+(#REF!*1000)*#REF!)/1000 -> #REF!
B34: Cumulative cash position | F34: =+#REF!+#REF! -> #REF! | G34: =IF(G7>0,#REF!+ F34, 0) -> #REF! | H34: =IF(H7>0,#REF!+ G34, 0) -> #REF! | I34: =IF(I7>0,#REF!+ H34, 0) -> #REF! | J34: =IF(J7>0,#REF!+ I34, 0) -> #REF! | K34: =IF(K7>0,#REF!+ J34, 0) -> #REF! | L34: =IF(L7>0,#REF!+ K34, 0) -> #REF! | M34: =IF(M7>0,#REF!+ L34, 0) -> #REF! | N34: =IF(N7>0,#REF!+ M34, 0) -> #REF! | ... BM34: =IF(BM7>0,#REF!+ BL34, 0) -> #REF!
B36: Total income | C36: =SUM(E36:BM36) -> 536800 | E36: =E27+E28+E29+E57 -> 8800 | F36: =F27+F28+F29+F57 -> 8800 | G36: =G27+G28+G29+G57 -> 8800 | H36: =H27+H28+H29+H57 -> 8800 | I36: =I27+I28+I29+I57 -> 8800 | J36: =J27+J28+J29+J57 -> 8800 | K36: =K27+K28+K29+K57 -> 8800 | L36: =L27+L28+L29+L57 -> 8800 | ... BM36: =BM27+BM28+BM29+BM57 -> 8800
B37: Cumulative income | E37: =E36 -> 8800 | F37: =F36+E37 -> 17600 | G37: =G36+F37 -> 26400 | H37: =H36+G37 -> 35200 | I37: =I36+H37 -> 44000 | J37: =J36+I37 -> 52800 | K37: =K36+J37 -> 61600 | L37: =L36+K37 -> 70400 | M37: =M36+L37 -> 79200 | ... BM37: =BM36+BL37 -> 536800
B39: Operational costs
B40: Combined annual O&M (fixed and variable) (£) | C40: =SUM(E40:BM40) -> 45396.2 | E40: =HLOOKUP($F$5,Scenarios!$D$7:AD29, MATCH($B$40, Scenarios!$C$7:$C$28, FALSE), FALSE) -> 744.2 | F40: =E40*(1+Scenarios!$Q$32) -> 744.2 | G40: =F40*(1+Scenarios!$Q$32) -> 744.2 | H40: =G40*(1+Scenarios!$Q$32) -> 744.2 | I40: =H40*(1+Scenarios!$Q$32) -> 744.2 | J40: =I40*(1+Scenarios!$Q$32) -> 744.2 | K40: =J40*(1+Scenarios!$Q$32) -> 744.2 | L40: =K40*(1+Scenarios!$Q$32) -> 744.2 | M40: =L40*(1+Scenarios!$Q$32) -> 744.2 | ... BM40: =BL40*(1+Scenarios!$Q$32) -> 744.2
